Workbook
Name Segment_Années: #N/A
Name Segment_Années1: #N/A
Name Segment_Années2: #N/A
Name Segment_Choc: #N/A
Name Segment_Clusters: #N/A

Sheet Recap
A1: methodologie : Sont retenus les départements dont le poids de vulnérabilité est supérieur à 50 %, représentés en vert. | C1: Analyse des données des Cluster 2027 | W1: Analyse des donnéés secondaire de 2023 à 2026
W2: Choc conflit | AA2: Choc Epidemie | AE2: Choc catastrophe naturel
Q3: xx départements, représentés en vert(poids de vulnerabilité >50%), sont inclus dans le périmètre de l’analyse des données secondaire
C4: Departements | D4: Nombre des Chocs | E4: Moyenne de l'intensité | F4: Nombre des Clusters | G4: Inducateur Nombre de choc | H4: Inducateur Intensité | I4: Inducateur Nombre de clusters | J4: Poids de vulnerabilité global par departement | W4: Années | X4: (Plusieurs éléments) | AA4: Années | AB4: (Plusieurs éléments) | AE4: Années | AF4: (Plusieurs éléments)
C5: Abdi | D5: 2 | E5: 3 | F5: 2 | G5: =IF(D5>0,1,0) -> 1 | H5: =IF(E5>=1,1,0) -> 1 | I5: =IF(F5>3,1,0) -> 0 | J5: =(25%*G5)+(25%*H5)+(50%*I5) -> 0.5 | AI5: Indice sécheresse (données secondaires 2024–2026) — détail et paramètres dans la feuille « Indice sécheresse »
C6: Aboudeia | D6: 2 | E6: 3.6666667 | F6: 2 | G6: =IF(D6>0,1,0) -> 1 | H6: =IF(E6>=3,1,0) -> 1 | I6: =IF(F6>3,1,0) -> 0 | J6: =(25%*G6)+(25%*H6)+(50%*I6) -> 0.5 | Q6: Departements | R6: Poids de vulnerabilité Global par departement (%) | S6: Indicateur de vulnerabilité Choc Conflit (%) | T6: Indicateur de vulnerabilité Choc Epidemie (%) | U6: Indicateur de vulnerabilité Choc Catastrophe naturel (%) | W6: Departements | X6: Max. de Priorisationzone | AA6: Departements | AB6: Max. de Priorisationzone | AE6: Province | AF6: Max. de Priorisationzone | AI6: Indice sécheresse (0–1) | AJ6: Catégorie sécheresse | AK6: Indicateur_Sécheresse | AL6: Rang sécheresse
C7: Abtouyour | D7: 3 | E7: 2.125 | F7: 4 | G7: =IF(D7>0,1,0) -> 1 | H7: =IF(E7>=3,1,0) -> 0 | I7: =IF(F7>3,1,0) -> 1 | J7: =(25%*G7)+(25%*H7)+(50%*I7) -> 0.75 | Q7: Abdi | R7: =AVERAGE(Tableau9[[#This Row],[Indicateur de vulnerabilité Choc Conflit (%)]:[Indicateur de vulnerabilité Choc Catastrophe naturel (%)]]) -> 0.56666667 | S7: 0.4 | T7: 1 | U7: 0.3 | W7: Abdi | X7: 0.4 | AA7: Abdi | AB7: 1 | AE7: Abdi | AF7: 0.3 | AI7: =IFERROR(INDEX('Indice sécheresse'!$AC$6:$AC$75,MATCH($Q7,'Indice sécheresse'!$E$6:$E$75,0)),"") -> 0.54047492 | AJ7: =IFERROR(INDEX('Indice sécheresse'!$AE$6:$AE$75,MATCH($Q7,'Indice sécheresse'!$E$6:$E$75,0)),"") -> Élevé | AK7: =IFERROR(INDEX('Indice sécheresse'!$AF$6:$AF$75,MATCH($Q7,'Indice sécheresse'!$E$6:$E$75,0)),"") -> 1 | AL7: =IFERROR(INDEX('Indice sécheresse'!$AD$6:$AD$75,MATCH($Q7,'Indice sécheresse'!$E$6:$E$75,0)),"") -> 25
C8: Amdjarass | D8: 2 | E8: 2.6666667 | F8: 3 | G8: =IF(D8>0,1,0) -> 1 | H8: =IF(E8>=3,1,0) -> 0 | I8: =IF(F8>3,1,0) -> 0 | J8: =(25%*G8)+(25%*H8)+(50%*I8) -> 0.25 | Q8: Aboudeia | R8: =AVERAGE(Tableau9[[#This Row],[Indicateur de vulnerabilité Choc Conflit (%)]:[Indicateur de vulnerabilité Choc Catastrophe naturel (%)]]) -> 0.8 | S8: 0.4 | T8: 1 | U8: 1 | W8: Aboudeia | X8: 0.4 | AA8: Aboudeia | AB8: 1 | AE8: Aboudeia | AF8: 1 | AI8: =IFERROR(INDEX('Indice sécheresse'!$AC$6:$AC$75,MATCH($Q8,'Indice sécheresse'!$E$6:$E$75,0)),"") -> 0.44221947 | AJ8: =IFERROR(INDEX('Indice sécheresse'!$AE$6:$AE$75,MATCH($Q8,'Indice sécheresse'!$E$6:$E$75,0)),"") -> Élevé | AK8: =IFERROR(INDEX('Indice sécheresse'!$AF$6:$AF$75,MATCH($Q8,'Indice sécheresse'!$E$6:$E$75,0)),"") -> 0 | AL8: =IFERROR(INDEX('Indice sécheresse'!$AD$6:$AD$75,MATCH($Q8,'Indice sécheresse'!$E$6:$E$75,0)),"") -> 41
C9: Assoungha | D9: 3 | E9: 2.8888889 | F9: 7 | G9: =IF(D9>0,1,0) -> 1 | H9: =IF(E9>=3,1,0) -> 0 | I9: =IF(F9>3,1,0) -> 1 | J9: =(25%*G9)+(25%*H9)+(50%*I9) -> 0.75 | Q9: Abtouyour | R9: =AVERAGE(Tableau9[[#This Row],[Indicateur de vulnerabilité Choc Conflit (%)]:[Indicateur de vulnerabilité Choc Catastrophe naturel (%)]]) -> 0.33333333 | S9: 0 | T9: 0.5 | U9: 0.5 | W9: Abtouyour | X9: 0 | AA9: Abtouyour | AB9: 0.5 | AE9: Abtouyour | AF9: 0.5 | AI9: =IFERROR(INDEX('Indice sécheresse'!$AC$6:$AC$75,MATCH($Q9,'Indice sécheresse'!$E$6:$E$75,0)),"") -> 0.33662738 | AJ9: =IFERROR(INDEX('Indice sécheresse'!$AE$6:$AE$75,MATCH($Q9,'Indice sécheresse'!$E$6:$E$75,0)),"") -> Modéré | AK9: =IFERROR(INDEX('Indice sécheresse'!$AF$6:$AF$75,MATCH($Q9,'Indice sécheresse'!$E$6:$E$75,0)),"") -> 0 | AL9: =IFERROR(INDEX('Indice sécheresse'!$AD$6:$AD$75,MATCH($Q9,'Indice sécheresse'!$E$6:$E$75,0)),"") -> 54
C10: Baguirmi | D10: 3 | E10: 2.6666667 | F10: 3 | G10: =IF(D10>0,1,0) -> 1 | H10: =IF(E10>=3,1,0) -> 0 | I10: =IF(F10>3,1,0) -> 0 | J10: =(25%*G10)+(25%*H10)+(50%*I10) -> 0.25 | Q10: Amdjarass | R10: =AVERAGE(Tableau9[[#This Row],[Indicateur de vulnerabilité Choc Conflit (%)]:[Indicateur de vulnerabilité Choc Catastrophe naturel (%)]]) -> 0.58333333 | S10: 0.8 | T10: 0.5 | U10: 0.45 | W10: Amdjarass | X10: 0.8 | AA10: Amdjarass | AB10: 0.5 | AE10: Amdjarass | AF10: 0.45 | AI10: =IFERROR(INDEX('Indice sécheresse'!$AC$6:$AC$75,MATCH($Q10,'Indice sécheresse'!$E$6:$E$75,0)),"") -> 0.28000149 | AJ10: =IFERROR(INDEX('Indice sécheresse'!$AE$6:$AE$75,MATCH($Q10,'Indice sécheresse'!$E$6:$E$75,0)),"") -> Modéré | AK10: =IFERROR(INDEX('Indice sécheresse'!$AF$6:$AF$75,MATCH($Q10,'Indice sécheresse'!$E$6:$E$75,0)),"") -> 0 | AL10: =IFERROR(INDEX('Indice sécheresse'!$AD$6:$AD$75,MATCH($Q10,'Indice sécheresse'!$E$6:$E$75,0)),"") -> 57
C11: Bahar Signaka | D11: 1 | E11: 3 | F11: 2 | G11: =IF(D11>0,1,0) -> 1 | H11: =IF(E11>=3,1,0) -> 1 | I11: =IF(F11>3,1,0) -> 0 | J11: =(25%*G11)+(25%*H11)+(50%*I11) -> 0.5 | Q11: Assoungha | R11: =AVERAGE(Tableau9[[#This Row],[Indicateur de vulnerabilité Choc Conflit (%)]:[Indicateur de vulnerabilité Choc Catastrophe naturel (%)]]) -> 0.66666667 | S11: 0.8 | T11: 1 | U11: 0.2 | W11: Assoungha | X11: 0.8 | AA11: Assoungha | AB11: 1 | AE11: Assoungha | AF11: 0.2 | AI11: =IFERROR(INDEX('Indice sécheresse'!$AC$6:$AC$75,MATCH($Q11,'Indice sécheresse'!$E$6:$E$75,0)),"") -> 0.61910843 | AJ11: =IFERROR(INDEX('Indice sécheresse'!$AE$6:$AE$75,MATCH($Q11,'Indice sécheresse'!$E$6:$E$75,0)),"") -> Très élevé | AK11: =IFERROR(INDEX('Indice sécheresse'!$AF$6:$AF$75,MATCH($Q11,'Indice sécheresse'!$E$6:$E$75,0)),"") -> 1 | AL11: =IFERROR(INDEX('Indice sécheresse'!$AD$6:$AD$75,MATCH($Q11,'Indice sécheresse'!$E$6:$E$75,0)),"") -> 18
C12: Bahr Azoum | D12: 3 | E12: 2.4444444 | F12: 3 | G12: =IF(D12>0,1,0) -> 1 | H12: =IF(E12>=3,1,0) -> 0 | I12: =IF(F12>3,1,0) -> 0 | J12: =(25%*G12)+(25%*H12)+(50%*I12) -> 0.25 | Q12: Baguirmi | R12: =AVERAGE(Tableau9[[#This Row],[Indicateur de vulnerabilité Choc Conflit (%)]:[Indicateur de vulnerabilité Choc Catastrophe naturel (%)]]) -> 0.33333333 | S12: 0 | T12: 1 | U12: 0 | W12: Baguirmi | X12: 0 | AA12: Baguirmi | AB12: 1 | AE12: Baguirmi | AF12: 0 | AI12: =IFERROR(INDEX('Indice sécheresse'!$AC$6:$AC$75,MATCH($Q12,'Indice sécheresse'!$E$6:$E$75,0)),"") -> 0.30329807 | AJ12: =IFERROR(INDEX('Indice sécheresse'!$AE$6:$AE$75,MATCH($Q12,'Indice sécheresse'!$E$6:$E$75,0)),"") -> Modéré | AK12: =IFERROR(INDEX('Indice sécheresse'!$AF$6:$AF$75,MATCH($Q12,'Indice sécheresse'!$E$6:$E$75,0)),"") -> 0 | AL12: =IFERROR(INDEX('Indice sécheresse'!$AD$6:$AD$75,MATCH($Q12,'Indice sécheresse'!$E$6:$E$75,0)),"") -> 56
C13: Bahr-Koh | D13: 3 | E13: 2.4615385 | F13: 4 | G13: =IF(D13>0,1,0) -> 1 | H13: =IF(E13>=3,1,0) -> 0 | I13: =IF(F13>3,1,0) -> 1 | J13: =(25%*G13)+(25%*H13)+(50%*I13) -> 0.75 | Q13: Bahar Signaka | R13: =AVERAGE(Tableau9[[#This Row],[Indicateur de vulnerabilité Choc Conflit (%)]:[Indicateur de vulnerabilité Choc Catastrophe naturel (%)]]) -> 0.31666667 | S13: 0 | T13: 0.5 | U13: 0.45 | W13: Bahar Signaka | X13: 0 | AA13: Bahar Signaka | AB13: 0.5 | AE13: Bahar Signaka | AF13: 0.45 | AI13: =IFERROR(INDEX('Indice sécheresse'!$AC$6:$AC$75,MATCH($Q13,'Indice sécheresse'!$E$6:$E$75,0)),"") -> 0.31966362 | AJ13: =IFERROR(INDEX('Indice sécheresse'!$AE$6:$AE$75,MATCH($Q13,'Indice sécheresse'!$E$6:$E$75,0)),"") -> Modéré | AK13: =IFERROR(INDEX('Indice sécheresse'!$AF$6:$AF$75,MATCH($Q13,'Indice sécheresse'!$E$6:$E$75,0)),"") -> 0 | AL13: =IFERROR(INDEX('Indice sécheresse'!$AD$6:$AD$75,MATCH($Q13,'Indice sécheresse'!$E$6:$E$75,0)),"") -> 55
C14: Barh Sara | D14: 2 | E14: 2.4285714 | F14: 6 | G14: =IF(D14>0,1,0) -> 1 | H14: =IF(E14>=3,1,0) -> 0 | I14: =IF(F14>3,1,0) -> 1 | J14: =(25%*G14)+(25%*H14)+(50%*I14) -> 0.75 | Q14: Bahr Azoum | R14: =AVERAGE(Tableau9[[#This Row],[Indicateur de vulnerabilité Choc Conflit (%)]:[Indicateur de vulnerabilité Choc Catastrophe naturel (%)]]) -> 0.63333333 | S14: 0.4 | T14: 0.5 | U14: 1 | W14: Bahr Azoum | X14: 0.4 | AA14: Bahr Azoum | AB14: 0.5 | AE14: Bahr Azoum | AF14: 1 | AI14: =IFERROR(INDEX('Indice sécheresse'!$AC$6:$AC$75,MATCH($Q14,'Indice sécheresse'!$E$6:$E$75,0)),"") -> 0.3837323 | AJ14: =IFERROR(INDEX('Indice sécheresse'!$AE$6:$AE$75,MATCH($Q14,'Indice sécheresse'!$E$6:$E$75,0)),"") -> Modéré | AK14: =IFERROR(INDEX('Indice sécheresse'!$AF$6:$AF$75,MATCH($Q14,'Indice sécheresse'!$E$6:$E$75,0)),"") -> 0 | AL14: =IFERROR(INDEX('Indice sécheresse'!$AD$6:$AD$75,MATCH($Q14,'Indice sécheresse'!$E$6:$E$75,0)),"") -> 46
C15: Barh-El-Gazel Nord | D15: 2 | E15: 2.3333333 | F15: 3 | G15: =IF(D15>0,1,0) -> 1 | H15: =IF(E15>=3,1,0) -> 0 | I15: =IF(F15>3,1,0) -> 0 | J15: =(25%*G15)+(25%*H15)+(50%*I15) -> 0.25 | Q15: Bahr Koh | R15: =AVERAGE(Tableau9[[#This Row],[Indicateur de vulnerabilité Choc Conflit (%)]:[Indicateur de vulnerabilité Choc Catastrophe naturel (%)]]) -> 0.55 | S15: 0.4 | T15: 0.5 | U15: 0.75 | W15: Bahr Koh | X15: 0.4 | AA15: Bahr Koh | AB15: 0.5 | AE15: Bahr Koh | AF15: 0.75 | AI15: =IFERROR(INDEX('Indice sécheresse'!$AC$6:$AC$75,MATCH($Q15,'Indice sécheresse'!$E$6:$E$75,0)),"") -> 0.25312534 | AJ15: =IFERROR(INDEX('Indice sécheresse'!$AE$6:$AE$75,MATCH($Q15,'Indice sécheresse'!$E$6:$E$75,0)),"") -> Modéré | AK15: =IFERROR(INDEX('Indice sécheresse'!$AF$6:$AF$75,MATCH($Q15,'Indice sécheresse'!$E$6:$E$75,0)),"") -> 0 | AL15: =IFERROR(INDEX('Indice sécheresse'!$AD$6:$AD$75,MATCH($Q15,'Indice sécheresse'!$E$6:$E$75,0)),"") -> 61
C16: Barh-El-Gazel Ouest | D16: 2 | E16: 2.2 | F16: 3 | G16: =IF(D16>0,1,0) -> 1 | H16: =IF(E16>=3,1,0) -> 0 | I16: =IF(F16>3,1,0) -> 0 | J16: =(25%*G16)+(25%*H16)+(50%*I16) -> 0.25 | Q16: Barh El Gazel Nord | R16: =AVERAGE(Tableau9[[#This Row],[Indicateur de vulnerabilité Choc Conflit (%)]:[Indicateur de vulnerabilité Choc Catastrophe naturel (%)]]) -> 0.23333333 | S16: 0 | T16: 0.5 | U16: 0.2 | W16: Barh El Gazel Nord | X16: 0 | AA16: Barh El Gazel Nord | AB16: 0.5 | AE16: Barh El Gazel Nord | AF16: 0.2 | AI16: =IFERROR(INDEX('Indice sécheresse'!$AC$6:$AC$75,MATCH($Q16,'Indice sécheresse'!$E$6:$E$75,0)),"") -> 0.7289443 | AJ16: =IFERROR(INDEX('Indice sécheresse'!$AE$6:$AE$75,MATCH($Q16,'Indice sécheresse'!$E$6:$E$75,0)),"") -> Très élevé | AK16: =IFERROR(INDEX('Indice sécheresse'!$AF$6:$AF$75,MATCH($Q16,'Indice sécheresse'!$E$6:$E$75,0)),"") -> 1 | AL16: =IFERROR(INDEX('Indice sécheresse'!$AD$6:$AD$75,MATCH($Q16,'Indice sécheresse'!$E$6:$E$75,0)),"") -> 5
C17: Barh-El-Gazel Sud | D17: 2 | E17: 2.2222222 | F17: 3 | G17: =IF(D17>0,1,0) -> 1 | H17: =IF(E17>=3,1,0) -> 0 | I17: =IF(F17>3,1,0) -> 0 | J17: =(25%*G17)+(25%*H17)+(50%*I17) -> 0.25 | Q17: Barh El Gazel Ouest | R17: =AVERAGE(Tableau9[[#This Row],[Indicateur de vulnerabilité Choc Conflit (%)]:[Indicateur de vulnerabilité Choc Catastrophe naturel (%)]]) -> 0.33333333 | S17: 0 | T17: 0.5 | U17: 0.5 | W17: Barh El Gazel Ouest | X17: 0 | AA17: Barh El Gazel Ouest | AB17: 0.5 | AE17: Barh El Gazel Ouest | AF17: 0.5 | AI17: =IFERROR(INDEX('Indice sécheresse'!$AC$6:$AC$75,MATCH($Q17,'Indice sécheresse'!$E$6:$E$75,0)),"") -> 0.53141092 | AJ17: =IFERROR(INDEX('Indice sécheresse'!$AE$6:$AE$75,MATCH($Q17,'Indice sécheresse'!$E$6:$E$75,0)),"") -> Élevé | AK17: =IFERROR(INDEX('Indice sécheresse'!$AF$6:$AF$75,MATCH($Q17,'Indice sécheresse'!$E$6:$E$75,0)),"") -> 1 | AL17: =IFERROR(INDEX('Indice sécheresse'!$AD$6:$AD$75,MATCH($Q17,'Indice sécheresse'!$E$6:$E$75,0)),"") -> 26
C18: Batha Est | D18: 3 | E18: 2.5555556 | F18: 4 | G18: =IF(D18>0,1,0) -> 1 | H18: =IF(E18>=3,1,0) -> 0 | I18: =IF(F18>3,1,0) -> 1 | J18: =(25%*G18)+(25%*H18)+(50%*I18) -> 0.75 | Q18: Barh El Gazel Sud | R18: =AVERAGE(Tableau9[[#This Row],[Indicateur de vulnerabilité Choc Conflit (%)]:[Indicateur de vulnerabilité Choc Catastrophe naturel (%)]]) -> 0.33333333 | S18: 0 | T18: 0.5 | U18: 0.5 | W18: Barh El Gazel Sud | X18: 0 | AA18: Barh El Gazel Sud | AB18: 0.5 | AE18: Barh El Gazel Sud | AF18: 0.5 | AI18: =IFERROR(INDEX('Indice sécheresse'!$AC$6:$AC$75,MATCH($Q18,'Indice sécheresse'!$E$6:$E$75,0)),"") -> 0.67189387 | AJ18: =IFERROR(INDEX('Indice sécheresse'!$AE$6:$AE$75,MATCH($Q18,'Indice sécheresse'!$E$6:$E$75,0)),"") -> Très élevé | AK18: =IFERROR(INDEX('Indice sécheresse'!$AF$6:$AF$75,MATCH($Q18,'Indice sécheresse'!$E$6:$E$75,0)),"") -> 1 | AL18: =IFERROR(INDEX('Indice sécheresse'!$AD$6:$AD$75,MATCH($Q18,'Indice sécheresse'!$E$6:$E$75,0)),"") -> 12
... C73: Wayi | D73: 3 | E73: 2.8 | F73: 4 | G73: =IF(D73>0,1,0) -> 1 | H73: =IF(E73>=3,1,0) -> 0 | I73: =IF(F73>3,1,0) -> 1 | J73: =(25%*G73)+(25%*H73)+(50%*I73) -> 0.75 | Q73: Tibesti Ouest | R73: =AVERAGE(Tableau9[[#This Row],[Indicateur de vulnerabilité Choc Conflit (%)]:[Indicateur de vulnerabilité Choc Catastrophe naturel (%)]]) -> 0.3 | S73: 0.4 | T73: 0.5 | U73: 0 | W73: Tibesti Ouest | X73: 0.4 | AA73: Tibesti Ouest | AB73: 0.5 | AE73: Tibesti Ouest | AF73: 0 | AI73: =IFERROR(INDEX('Indice sécheresse'!$AC$6:$AC$75,MATCH($Q73,'Indice sécheresse'!$E$6:$E$75,0)),"") -> 0.18671056 | AJ73: =IFERROR(INDEX('Indice sécheresse'!$AE$6:$AE$75,MATCH($Q73,'Indice sécheresse'!$E$6:$E$75,0)),"") -> Faible | AK73: =IFERROR(INDEX('Indice sécheresse'!$AF$6:$AF$75,MATCH($Q73,'Indice sécheresse'!$E$6:$E$75,0)),"") -> 0 | AL73: =IFERROR(INDEX('Indice sécheresse'!$AD$6:$AD$75,MATCH($Q73,'Indice sécheresse'!$E$6:$E$75,0)),"") -> 68
C74: Total général | D74: 3 | E74: 2.523918 | F74: 7 | Q74: Wadi Bissam | R74: =AVERAGE(Tableau9[[#This Row],[Indicateur de vulnerabilité Choc Conflit (%)]:[Indicateur de vulnerabilité Choc Catastrophe naturel (%)]]) -> 0.41666667 | S74: 0 | T74: 0.5 | U74: 0.75 | W74: Wadi Bissam | X74: 0 | AA74: Wadi Bissam | AB74: 0.5 | AE74: Wadi Bissam | AF74: 0.75 | AI74: =IFERROR(INDEX('Indice sécheresse'!$AC$6:$AC$75,MATCH($Q74,'Indice sécheresse'!$E$6:$E$75,0)),"") -> 0.59031747 | AJ74: =IFERROR(INDEX('Indice sécheresse'!$AE$6:$AE$75,MATCH($Q74,'Indice sécheresse'!$E$6:$E$75,0)),"") -> Élevé | AK74: =IFERROR(INDEX('Indice sécheresse'!$AF$6:$AF$75,MATCH($Q74,'Indice sécheresse'!$E$6:$E$75,0)),"") -> 1 | AL74: =IFERROR(INDEX('Indice sécheresse'!$AD$6:$AD$75,MATCH($Q74,'Indice sécheresse'!$E$6:$E$75,0)),"") -> 20
Q75: Wadi Hawar | R75: =AVERAGE(Tableau9[[#This Row],[Indicateur de vulnerabilité Choc Conflit (%)]:[Indicateur de vulnerabilité Choc Catastrophe naturel (%)]]) -> 0.55 | S75: 0.4 | T75: 0.5 | U75: 0.75 | W75: Wadi Hawar | X75: 0.4 | AA75: Wadi Hawar | AB75: 0.5 | AE75: Wadi Hawar | AF75: 0.75 | AI75: =IFERROR(INDEX('Indice sécheresse'!$AC$6:$AC$75,MATCH($Q75,'Indice sécheresse'!$E$6:$E$75,0)),"") -> 0.26666667 | AJ75: =IFERROR(INDEX('Indice sécheresse'!$AE$6:$AE$75,MATCH($Q75,'Indice sécheresse'!$E$6:$E$75,0)),"") -> Modéré | AK75: =IFERROR(INDEX('Indice sécheresse'!$AF$6:$AF$75,MATCH($Q75,'Indice sécheresse'!$E$6:$E$75,0)),"") -> 0 | AL75: =IFERROR(INDEX('Indice sécheresse'!$AD$6:$AD$75,MATCH($Q75,'Indice sécheresse'!$E$6:$E$75,0)),"") -> 59
Q76: Wayi | R76: =AVERAGE(Tableau9[[#This Row],[Indicateur de vulnerabilité Choc Conflit (%)]:[Indicateur de vulnerabilité Choc Catastrophe naturel (%)]]) -> 0.33333333 | S76: 0 | T76: 0.5 | U76: 0.5 | W76: Wayi | X76: 0 | AA76: Wayi | AB76: 0.5 | AE76: Wayi | AF76: 0.5 | AI76: =IFERROR(INDEX('Indice sécheresse'!$AC$6:$AC$75,MATCH($Q76,'Indice sécheresse'!$E$6:$E$75,0)),"") -> 0.80787306 | AJ76: =IFERROR(INDEX('Indice sécheresse'!$AE$6:$AE$75,MATCH($Q76,'Indice sécheresse'!$E$6:$E$75,0)),"") -> Très élevé | AK76: =IFERROR(INDEX('Indice sécheresse'!$AF$6:$AF$75,MATCH($Q76,'Indice sécheresse'!$E$6:$E$75,0)),"") -> 1 | AL76: =IFERROR(INDEX('Indice sécheresse'!$AD$6:$AD$75,MATCH($Q76,'Indice sécheresse'!$E$6:$E$75,0)),"") -> 3
W77: Total général | X77: 0.8 | AA77: Total général | AB77: 1 | AE77: Total général | AF77: 1

Sheet Indice sécheresse
A1: Indice de risque sécheresse par département — données secondaires 2024–2026 (CH/IPC, FAO ASI et biomasse GeoSahel détendanciés)
A2: Paramètres (modifiables) : | C2: Poids CH | D2: Poids ASI | E2: Poids biomasse | G2: CH : score 0 si Ph3+ ≤ (%) | H2: CH : score 1 si Ph3+ ≥ (%) | I2: ASI détend. : score 1 si ≥ (%) | J2: Biomasse détend. : score 1 si ≤ (% tendance) | K2: Seuil Indicateur_Sécheresse
C3: 0.4 | D3: 0.3 | E3: 0.3 | G3: 10 | H3: 40 | I3: 40 | J3: 50 | K3: 0.5
A4: Méthode, sources et limites : https://ocha-dap.github.io/ds-aa-tcd-drought/hnrp_2027_secheresse/ — construit le 2026-09-04 (OCHA CHD Data Science). Scores : 0 = pas de signal, 1 = signal maximal ; indice = moyenne pondérée des scores disponibles. Zone saharienne : ASI/biomasse non applicables (scores aléa = 0). ASI et biomasse sont corrigés de leur tendance 1999–2024 ; les valeurs brutes figurent à côté. Vide = non disponible.
A5: Province | B5: Département | C5: P-code (COD) | D5: P-code (fichier HNRP) | E5: Nom (fichier HNRP / Recap) | F5: Zone AA sécheresse (cadre CERF 2025) | G5: Zone saharienne | H5: Population (CH 2026) | I5: CH Ph3+ (%) courant mars–mai 2026 | J5: CH Ph3+ (%) projeté juin–août 2026 | K5: CH Ph3+ (pers.) projeté juin–août 2026 | L5: CH Ph3+ (%) max 2024–2026 (8 analyses) | M5: CH phase zone max 2024–2026 | N5: Score CH (0–1) | O5: ASI détendancié 2024 (% cultures stressées) | P5: ASI détendancié 2025 (%) | Q5: ASI détendancié 2026 à date (%) | R5: ASI détendancié max 2024–2026 | S5: Score ASI (0–1) | T5: ASI brut max 2024–2026 (avant correction) | U5: Tendance ASI 1999–2024 (points/an) | V5: Biomasse détendanciée 2024 (% de la tendance) | W5: Biomasse détendanciée 2025 (%) | X5: Biomasse détendanciée 2026 à date (%) | Y5: Biomasse détendanciée min 2024–2026 | Z5: Score biomasse (0–1) | AA5: Biomasse brute min 2024–2026 (% moy. 1999–2024) | AB5: Tendance biomasse 1999–2024 (% de la moy./an) | AC5: INDICE SÉCHERESSE (0–1) | AD5: Rang (1 = priorité max.) | AE5: Catégorie | AF5: Indicateur_Sécheresse (1 si indice ≥ seuil) | AG5: Notes
A6: Barh-El-Gazel | B6: Barh-El-Gazel Nord | C6: TCD1902 | D6: TCD1902 | E6: Barh El Gazel Nord | F6: Oui | G6: Non | H6: 112300 | I6: 10 | J6: 22 | K6: 24706 | L6: 30.000573 | M6: 3 | N6: =IF(ISNUMBER(L6),MIN(1,MAX(0,(L6-$G$3)/($H$3-$G$3))),"") -> 0.66668577 | O6: 14.213792 | P6: 15.350896 | Q6: 21.635999 | R6: =IF(COUNT(O6:Q6)=0,"",MAX(O6:Q6)) -> 21.635999 | S6: =IF(ISNUMBER(R6),MIN(1,MAX(0,R6/$I$3)),IF($G6="Oui",0,"")) -> 0.54089998 | T6: 5.148 | U6: -1.1371034 | V6: 166.87506 | W6: 116.38127 | X6: 35.226601 | Y6: =IF(COUNT(V6:X6)=0,"",MIN(V6:X6)) -> 35.226601 | Z6: =IF(ISNUMBER(Y6),MIN(1,MAX(0,(100-Y6)/(100-$J$3))),IF($G6="Oui",0,"")) -> 1 | AA6: 51.550616 | AB6: 3.1958636 | AC6: =IF(COUNT(N6,S6,Z6)=0,"",(IF(ISNUMBER(N6),N6*$C$3,0)+IF(ISNUMBER(S6),S6*$D$3,0)+IF(ISNUMBER(Z6),Z6*$E$3,0))/(IF(ISNUMBER(N6),$C$3,0)+IF(ISNUMBER(S6),$D$3,0)+IF(ISNUMBER(Z6),$E$3,0))) -> 0.7289443 | AD6: =IF(ISNUMBER(AC6),RANK(AC6,$AC$6:$AC$75),"") -> 5 | AE6: =IF(ISNUMBER(AC6),IF(AC6>=0.6,"Très élevé",IF(AC6>=0.4,"Élevé",IF(AC6>=0.2,"Modéré","Faible"))),"") -> Très élevé | AF6: =IF(ISNUMBER(AC6),IF(AC6>=$K$3,1,0),"") -> 1 | AG6: Orthographe fichier HNRP : Barh El Gazel Nord
A7: Barh-El-Gazel | B7: Barh-El-Gazel Ouest | C7: TCD1903 | D7: TCD1903 | E7: Barh El Gazel Ouest | F7: Oui | G7: Non | H7: 98112 | I7: 9 | J7: 15 | K7: 14716.8 | L7: 28.000131 | M7: 3 | N7: =IF(ISNUMBER(L7),MIN(1,MAX(0,(L7-$G$3)/($H$3-$G$3))),"") -> 0.60000437 | O7: 14.213792 | P7: 15.350896 | Q7: 21.635999 | R7: =IF(COUNT(O7:Q7)=0,"",MAX(O7:Q7)) -> 21.635999 | S7: =IF(ISNUMBER(R7),MIN(1,MAX(0,R7/$I$3)),IF($G7="Oui",0,"")) -> 0.54089998 | T7: 5.148 | U7: -1.1371034 | V7: 135.29515 | W7: 147.49767 | X7: 78.476803 | Y7: =IF(COUNT(V7:X7)=0,"",MIN(V7:X7)) -> 78.476803 | Z7: =IF(ISNUMBER(Y7),MIN(1,MAX(0,(100-Y7)/(100-$J$3))),IF($G7="Oui",0,"")) -> 0.43046393 | AA7: 86.930309 | AB7: 0.74289517 | AC7: =IF(COUNT(N7,S7,Z7)=0,"",(IF(ISNUMBER(N7),N7*$C$3,0)+IF(ISNUMBER(S7),S7*$D$3,0)+IF(ISNUMBER(Z7),Z7*$E$3,0))/(IF(ISNUMBER(N7),$C$3,0)+IF(ISNUMBER(S7),$D$3,0)+IF(ISNUMBER(Z7),$E$3,0))) -> 0.53141092 | AD7: =IF(ISNUMBER(AC7),RANK(AC7,$AC$6:$AC$75),"") -> 26 | AE7: =IF(ISNUMBER(AC7),IF(AC7>=0.6,"Très élevé",IF(AC7>=0.4,"Élevé",IF(AC7>=0.2,"Modéré","Faible"))),"") -> Élevé | AF7: =IF(ISNUMBER(AC7),IF(AC7>=$K$3,1,0),"") -> 1 | AG7: Orthographe fichier HNRP : Barh El Gazel Ouest
A8: Barh-El-Gazel | B8: Barh-El-Gazel Sud | C8: TCD1901 | D8: TCD1901 | E8: Barh El Gazel Sud | F8: Oui | G8: Non | H8: 256393 | I8: 14 | J8: 23 | K8: 58970.39 | L8: 32.000201 | M8: 3 | N8: =IF(ISNUMBER(L8),MIN(1,MAX(0,(L8-$G$3)/($H$3-$G$3))),"") -> 0.73334003 | O8: 14.213792 | P8: 15.350896 | Q8: 21.635999 | R8: =IF(COUNT(O8:Q8)=0,"",MAX(O8:Q8)) -> 21.635999 | S8: =IF(ISNUMBER(R8),MIN(1,MAX(0,R8/$I$3)),IF($G8="Oui",0,"")) -> 0.54089998 | T8: 5.148 | U8: -1.1371034 | V8: 145.50074 | W8: 142.40552 | X8: 63.952023 | Y8: =IF(COUNT(V8:X8)=0,"",MIN(V8:X8)) -> 63.952023 | Z8: =IF(ISNUMBER(Y8),MIN(1,MAX(0,(100-Y8)/(100-$J$3))),IF($G8="Oui",0,"")) -> 0.72095954 | AA8: 74.961995 | AB8: 1.1873094 | AC8: =IF(COUNT(N8,S8,Z8)=0,"",(IF(ISNUMBER(N8),N8*$C$3,0)+IF(ISNUMBER(S8),S8*$D$3,0)+IF(ISNUMBER(Z8),Z8*$E$3,0))/(IF(ISNUMBER(N8),$C$3,0)+IF(ISNUMBER(S8),$D$3,0)+IF(ISNUMBER(Z8),$E$3,0))) -> 0.67189387 | AD8: =IF(ISNUMBER(AC8),RANK(AC8,$AC$6:$AC$75),"") -> 12 | AE8: =IF(ISNUMBER(AC8),IF(AC8>=0.6,"Très élevé",IF(AC8>=0.4,"Élevé",IF(AC8>=0.2,"Modéré","Faible"))),"") -> Très élevé | AF8: =IF(ISNUMBER(AC8),IF(AC8>=$K$3,1,0),"") -> 1 | AG8: Orthographe fichier HNRP : Barh El Gazel Sud
A9: Batha | B9: Batha Est | C9: TCD0102 | D9: TCD0102 | E9: Batha Est | F9: Oui | G9: Non | H9: 327228 | I9: 21 | J9: 25 | K9: 81807 | L9: 25.999943 | M9: 3 | N9: =IF(ISNUMBER(L9),MIN(1,MAX(0,(L9-$G$3)/($H$3-$G$3))),"") -> 0.53333143 | O9: 9.84772 | P9: 10.631313 | Q9: 15.098623 | R9: =IF(COUNT(O9:Q9)=0,"",MAX(O9:Q9)) -> 15.098623 | S9: =IF(ISNUMBER(R9),MIN(1,MAX(0,R9/$I$3)),IF($G9="Oui",0,"")) -> 0.37746559 | T9: 3.7195685 | U9: -0.78476241 | V9: 134.25949 | W9: 140.04498 | X9: 45.684534 | Y9: =IF(COUNT(V9:X9)=0,"",MIN(V9:X9)) -> 45.684534 | Z9: =IF(ISNUMBER(Y9),MIN(1,MAX(0,(100-Y9)/(100-$J$3))),IF($G9="Oui",0,"")) -> 1 | AA9: 51.246914 | AB9: 0.83969858 | AC9: =IF(COUNT(N9,S9,Z9)=0,"",(IF(ISNUMBER(N9),N9*$C$3,0)+IF(ISNUMBER(S9),S9*$D$3,0)+IF(ISNUMBER(Z9),Z9*$E$3,0))/(IF(ISNUMBER(N9),$C$3,0)+IF(ISNUMBER(S9),$D$3,0)+IF(ISNUMBER(Z9),$E$3,0))) -> 0.62657225 | AD9: =IF(ISNUMBER(AC9),RANK(AC9,$AC$6:$AC$75),"") -> 17 | AE9: =IF(ISNUMBER(AC9),IF(AC9>=0.6,"Très élevé",IF(AC9>=0.4,"Élevé",IF(AC9>=0.2,"Modéré","Faible"))),"") -> Très élevé | AF9: =IF(ISNUMBER(AC9),IF(AC9>=$K$3,1,0),"") -> 1
A10: Batha | B10: Batha Ouest | C10: TCD0101 | D10: TCD0101 | E10: Batha Ouest | F10: Oui | G10: Non | H10: 358744 | I10: 25 | J10: 31 | K10: 111210.64 | L10: 31 | M10: 3 | N10: =IF(ISNUMBER(L10),MIN(1,MAX(0,(L10-$G$3)/($H$3-$G$3))),"") -> 0.7 | O10: 13.806048 | P10: 14.881064 | Q10: 19.800936 | R10: =IF(COUNT(O10:Q10)=0,"",MAX(O10:Q10)) -> 19.800936 | S10: =IF(ISNUMBER(R10),MIN(1,MAX(0,R10/$I$3)),IF($G10="Oui",0,"")) -> 0.4950234 | T10: 3.8175714 | U10: -1.102301 | V10: 125.59804 | W10: 129.81943 | X10: 45.841738 | Y10: =IF(COUNT(V10:X10)=0,"",MIN(V10:X10)) -> 45.841738 | Z10: =IF(ISNUMBER(Y10),MIN(1,MAX(0,(100-Y10)/(100-$J$3))),IF($G10="Oui",0,"")) -> 1 | AA10: 57.52867 | AB10: 1.7582128 | AC10: =IF(COUNT(N10,S10,Z10)=0,"",(IF(ISNUMBER(N10),N10*$C$3,0)+IF(ISNUMBER(S10),S10*$D$3,0)+IF(ISNUMBER(Z10),Z10*$E$3,0))/(IF(ISNUMBER(N10),$C$3,0)+IF(ISNUMBER(S10),$D$3,0)+IF(ISNUMBER(Z10),$E$3,0))) -> 0.72850702 | AD10: =IF(ISNUMBER(AC10),RANK(AC10,$AC$6:$AC$75),"") -> 6 | AE10: =IF(ISNUMBER(AC10),IF(AC10>=0.6,"Très élevé",IF(AC10>=0.4,"Élevé",IF(AC10>=0.2,"Modéré","Faible"))),"") -> Très élevé | AF10: =IF(ISNUMBER(AC10),IF(AC10>=$K$3,1,0),"") -> 1
A11: Batha | B11: Fitri | C11: TCD0103 | D11: TCD0103 | E11: Fitri | F11: Oui | G11: Non | H11: 200324 | I11: 21 | J11: 27 | K11: 54087.48 | L11: 27.999897 | M11: 3 | N11: =IF(ISNUMBER(L11),MIN(1,MAX(0,(L11-$G$3)/($H$3-$G$3))),"") -> 0.59999655 | O11: 13.806048 | P11: 14.881064 | Q11: 19.800936 | R11: =IF(COUNT(O11:Q11)=0,"",MAX(O11:Q11)) -> 19.800936 | S11: =IF(ISNUMBER(R11),MIN(1,MAX(0,R11/$I$3)),IF($G11="Oui",0,"")) -> 0.4950234 | T11: 3.8175714 | U11: -1.102301 | V11: 111.45209 | W11: 122.20642 | X11: 53.928331 | Y11: =IF(COUNT(V11:X11)=0,"",MIN(V11:X11)) -> 53.928331 | Z11: =IF(ISNUMBER(Y11),MIN(1,MAX(0,(100-Y11)/(100-$J$3))),IF($G11="Oui",0,"")) -> 0.92143337 | AA11: 62.797392 | AB11: 1.1342078 | AC11: =IF(COUNT(N11,S11,Z11)=0,"",(IF(ISNUMBER(N11),N11*$C$3,0)+IF(ISNUMBER(S11),S11*$D$3,0)+IF(ISNUMBER(Z11),Z11*$E$3,0))/(IF(ISNUMBER(N11),$C$3,0)+IF(ISNUMBER(S11),$D$3,0)+IF(ISNUMBER(Z11),$E$3,0))) -> 0.66493565 | AD11: =IF(ISNUMBER(AC11),RANK(AC11,$AC$6:$AC$75),"") -> 13 | AE11: =IF(ISNUMBER(AC11),IF(AC11>=0.6,"Très élevé",IF(AC11>=0.4,"Élevé",IF(AC11>=0.2,"Modéré","Faible"))),"") -> Très élevé | AF11: =IF(ISNUMBER(AC11),IF(AC11>=$K$3,1,0),"") -> 1
A12: Borkou | B12: Borkou | C12: TCD0201 | D12: TCD0201 | E12: Borkou | F12: Non | G12: Oui | H12: 124056 | I12: 5 | J12: 8 | K12: 9924.48 | L12: 22.999706 | M12: 3 | N12: =IF(ISNUMBER(L12),MIN(1,MAX(0,(L12-$G$3)/($H$3-$G$3))),"") -> 0.43332353 | R12: =IF(COUNT(O12:Q12)=0,"",MAX(O12:Q12)) | S12: =IF(ISNUMBER(R12),MIN(1,MAX(0,R12/$I$3)),IF($G12="Oui",0,"")) -> 0 | Y12: =IF(COUNT(V12:X12)=0,"",MIN(V12:X12)) | Z12: =IF(ISNUMBER(Y12),MIN(1,MAX(0,(100-Y12)/(100-$J$3))),IF($G12="Oui",0,"")) -> 0 | AC12: =IF(COUNT(N12,S12,Z12)=0,"",(IF(ISNUMBER(N12),N12*$C$3,0)+IF(ISNUMBER(S12),S12*$D$3,0)+IF(ISNUMBER(Z12),Z12*$E$3,0))/(IF(ISNUMBER(N12),$C$3,0)+IF(ISNUMBER(S12),$D$3,0)+IF(ISNUMBER(Z12),$E$3,0))) -> 0.17332941 | AD12: =IF(ISNUMBER(AC12),RANK(AC12,$AC$6:$AC$75),"") -> 69 | AE12: =IF(ISNUMBER(AC12),IF(AC12>=0.6,"Très élevé",IF(AC12>=0.4,"Élevé",IF(AC12>=0.2,"Modéré","Faible"))),"") -> Faible | AF12: =IF(ISNUMBER(AC12),IF(AC12>=$K$3,1,0),"") -> 0 | AG12: Zone saharienne : ASI et biomasse non applicables (scores aléa = 0)
A13: Borkou | B13: Borkou Yala | C13: TCD0202 | D13: TCD0202 | E13: Borkou Yala | F13: Non | G13: Oui | H13: 45750 | I13: 21 | J13: 26 | K13: 11895 | L13: 30.000906 | M13: 3 | N13: =IF(ISNUMBER(L13),MIN(1,MAX(0,(L13-$G$3)/($H$3-$G$3))),"") -> 0.66669685 | R13: =IF(COUNT(O13:Q13)=0,"",MAX(O13:Q13)) | S13: =IF(ISNUMBER(R13),MIN(1,MAX(0,R13/$I$3)),IF($G13="Oui",0,"")) -> 0 | Y13: =IF(COUNT(V13:X13)=0,"",MIN(V13:X13)) | Z13: =IF(ISNUMBER(Y13),MIN(1,MAX(0,(100-Y13)/(100-$J$3))),IF($G13="Oui",0,"")) -> 0 | AC13: =IF(COUNT(N13,S13,Z13)=0,"",(IF(ISNUMBER(N13),N13*$C$3,0)+IF(ISNUMBER(S13),S13*$D$3,0)+IF(ISNUMBER(Z13),Z13*$E$3,0))/(IF(ISNUMBER(N13),$C$3,0)+IF(ISNUMBER(S13),$D$3,0)+IF(ISNUMBER(Z13),$E$3,0))) -> 0.26667874 | AD13: =IF(ISNUMBER(AC13),RANK(AC13,$AC$6:$AC$75),"") -> 58 | AE13: =IF(ISNUMBER(AC13),IF(AC13>=0.6,"Très élevé",IF(AC13>=0.4,"Élevé",IF(AC13>=0.2,"Modéré","Faible"))),"") -> Modéré | AF13: =IF(ISNUMBER(AC13),IF(AC13>=$K$3,1,0),"") -> 0 | AG13: Zone saharienne : ASI et biomasse non applicables (scores aléa = 0)
A14: Chari-Baguirmi | B14: Baguirmi | C14: TCD0301 | D14: TCD0301 | E14: Baguirmi | F14: Non | G14: Non | H14: 380534 | I14: 8 | J14: 22 | K14: 83717.48 | L14: 25.999837 | M14: 3 | N14: =IF(ISNUMBER(L14),MIN(1,MAX(0,(L14-$G$3)/($H$3-$G$3))),"") -> 0.53332789 | O14: 11.228179 | P14: 11.995588 | Q14: 11.117443 | R14: =IF(COUNT(O14:Q14)=0,"",MAX(O14:Q14)) -> 11.995588 | S14: =IF(ISNUMBER(R14),MIN(1,MAX(0,R14/$I$3)),IF($G14="Oui",0,"")) -> 0.29988971 | T14: 2.7605556 | U14: -0.68407651 | V14: 104.68338 | W14: 123.97649 | X14: 104.84942 | Y14: =IF(COUNT(V14:X14)=0,"",MIN(V14:X14)) -> 104.68338 | Z14: =IF(ISNUMBER(Y14),MIN(1,MAX(0,(100-Y14)/(100-$J$3))),IF($G14="Oui",0,"")) -> 0 | AA14: 109.3013 | AB14: 0.35290605 | AC14: =IF(COUNT(N14,S14,Z14)=0,"",(IF(ISNUMBER(N14),N14*$C$3,0)+IF(ISNUMBER(S14),S14*$D$3,0)+IF(ISNUMBER(Z14),Z14*$E$3,0))/(IF(ISNUMBER(N14),$C$3,0)+IF(ISNUMBER(S14),$D$3,0)+IF(ISNUMBER(Z14),$E$3,0))) -> 0.30329807 | AD14: =IF(ISNUMBER(AC14),RANK(AC14,$AC$6:$AC$75),"") -> 56 | AE14: =IF(ISNUMBER(AC14),IF(AC14>=0.6,"Très élevé",IF(AC14>=0.4,"Élevé",IF(AC14>=0.2,"Modéré","Faible"))),"") -> Modéré | AF14: =IF(ISNUMBER(AC14),IF(AC14>=$K$3,1,0),"") -> 0
A15: Chari-Baguirmi | B15: Chari | C15: TCD0302 | D15: TCD0302 | E15: Chari | F15: Non | G15: Non | H15: 331873 | I15: 4 | J15: 7 | K15: 23231.11 | L15: 17.999988 | M15: 2 | N15: =IF(ISNUMBER(L15),MIN(1,MAX(0,(L15-$G$3)/($H$3-$G$3))),"") -> 0.26666625 | O15: 11.538392 | P15: 12.677213 | Q15: 15.269035 | R15: =IF(COUNT(O15:Q15)=0,"",MAX(O15:Q15)) -> 15.269035 | S15: =IF(ISNUMBER(R15),MIN(1,MAX(0,R15/$I$3)),IF($G15="Oui",0,"")) -> 0.38172587 | T15: 1.8845 | U15: -0.92307137 | V15: 107.133 | W15: 128.85523 | X15: 102.96361 | Y15: =IF(COUNT(V15:X15)=0,"",MIN(V15:X15)) -> 102.96361 | Z15: =IF(ISNUMBER(Y15),MIN(1,MAX(0,(100-Y15)/(100-$J$3))),IF($G15="Oui",0,"")) -> 0 | AA15: 108.12895 | AB15: 0.34597741 | AC15: =IF(COUNT(N15,S15,Z15)=0,"",(IF(ISNUMBER(N15),N15*$C$3,0)+IF(ISNUMBER(S15),S15*$D$3,0)+IF(ISNUMBER(Z15),Z15*$E$3,0))/(IF(ISNUMBER(N15),$C$3,0)+IF(ISNUMBER(S15),$D$3,0)+IF(ISNUMBER(Z15),$E$3,0))) -> 0.22118426 | AD15: =IF(ISNUMBER(AC15),RANK(AC15,$AC$6:$AC$75),"") -> 63 | AE15: =IF(ISNUMBER(AC15),IF(AC15>=0.6,"Très élevé",IF(AC15>=0.4,"Élevé",IF(AC15>=0.2,"Modéré","Faible"))),"") -> Modéré | AF15: =IF(ISNUMBER(AC15),IF(AC15>=$K$3,1,0),"") -> 0
A16: Chari-Baguirmi | B16: Loug-Chari | C16: TCD0303 | D16: TCD0303 | E16: Loug Chari | F16: Non | G16: Non | H16: 337132 | I16: 5 | J16: 8 | K16: 26970.56 | L16: 25.999908 | M16: 3 | N16: =IF(ISNUMBER(L16),MIN(1,MAX(0,(L16-$G$3)/($H$3-$G$3))),"") -> 0.53333026 | O16: 11.52219 | P16: 12.030262 | Q16: 11.58405 | R16: =IF(COUNT(O16:Q16)=0,"",MAX(O16:Q16)) -> 12.030262 | S16: =IF(ISNUMBER(R16),MIN(1,MAX(0,R16/$I$3)),IF($G16="Oui",0,"")) -> 0.30075655 | T16: 3.2942487 | U16: -0.65823532 | V16: 93.286617 | W16: 105.48232 | X16: 100.71277 | Y16: =IF(COUNT(V16:X16)=0,"",MIN(V16:X16)) -> 93.286617 | Z16: =IF(ISNUMBER(Y16),MIN(1,MAX(0,(100-Y16)/(100-$J$3))),IF($G16="Oui",0,"")) -> 0.13426766 | AA16: 94.37078 | AB16: 0.092974775 | AC16: =IF(COUNT(N16,S16,Z16)=0,"",(IF(ISNUMBER(N16),N16*$C$3,0)+IF(ISNUMBER(S16),S16*$D$3,0)+IF(ISNUMBER(Z16),Z16*$E$3,0))/(IF(ISNUMBER(N16),$C$3,0)+IF(ISNUMBER(S16),$D$3,0)+IF(ISNUMBER(Z16),$E$3,0))) -> 0.34383937 | AD16: =IF(ISNUMBER(AC16),RANK(AC16,$AC$6:$AC$75),"") -> 51 | AE16: =IF(ISNUMBER(AC16),IF(AC16>=0.6,"Très élevé",IF(AC16>=0.4,"Élevé",IF(AC16>=0.2,"Modéré","Faible"))),"") -> Modéré | AF16: =IF(ISNUMBER(AC16),IF(AC16>=$K$3,1,0),"") -> 0 | AG16: Orthographe fichier HNRP : Loug Chari
A17: Ennedi Est | B17: Am-Djarass | C17: TCD2001 | D17: TCD2001 | E17: Amdjarass | F17: Non | G17: Oui | H17: 144089 | I17: 21 | J17: 27 | K17: 38904.03 | L17: 31.000112 | M17: 3 | N17: =IF(ISNUMBER(L17),MIN(1,MAX(0,(L17-$G$3)/($H$3-$G$3))),"") -> 0.70000372 | R17: =IF(COUNT(O17:Q17)=0,"",MAX(O17:Q17)) | S17: =IF(ISNUMBER(R17),MIN(1,MAX(0,R17/$I$3)),IF($G17="Oui",0,"")) -> 0 | Y17: =IF(COUNT(V17:X17)=0,"",MIN(V17:X17)) | Z17: =IF(ISNUMBER(Y17),MIN(1,MAX(0,(100-Y17)/(100-$J$3))),IF($G17="Oui",0,"")) -> 0 | AC17: =IF(COUNT(N17,S17,Z17)=0,"",(IF(ISNUMBER(N17),N17*$C$3,0)+IF(ISNUMBER(S17),S17*$D$3,0)+IF(ISNUMBER(Z17),Z17*$E$3,0))/(IF(ISNUMBER(N17),$C$3,0)+IF(ISNUMBER(S17),$D$3,0)+IF(ISNUMBER(Z17),$E$3,0))) -> 0.28000149 | AD17: =IF(ISNUMBER(AC17),RANK(AC17,$AC$6:$AC$75),"") -> 57 | AE17: =IF(ISNUMBER(AC17),IF(AC17>=0.6,"Très élevé",IF(AC17>=0.4,"Élevé",IF(AC17>=0.2,"Modéré","Faible"))),"") -> Modéré | AF17: =IF(ISNUMBER(AC17),IF(AC17>=$K$3,1,0),"") -> 0 | AG17: Zone saharienne : ASI et biomasse non applicables (scores aléa = 0) ; Orthographe fichier HNRP : Amdjarass
A18: Ennedi Est | B18: Wadi Hawar | C18: TCD2002 | D18: TCD2002 | E18: Wadi Hawar | F18: Non | G18: Oui | H18: 50608 | I18: 23 | J18: 30 | K18: 15182.4 | L18: 30 | M18: 3 | N18: =IF(ISNUMBER(L18),MIN(1,MAX(0,(L18-$G$3)/($H$3-$G$3))),"") -> 0.66666667 | R18: =IF(COUNT(O18:Q18)=0,"",MAX(O18:Q18)) | S18: =IF(ISNUMBER(R18),MIN(1,MAX(0,R18/$I$3)),IF($G18="Oui",0,"")) -> 0 | Y18: =IF(COUNT(V18:X18)=0,"",MIN(V18:X18)) | Z18: =IF(ISNUMBER(Y18),MIN(1,MAX(0,(100-Y18)/(100-$J$3))),IF($G18="Oui",0,"")) -> 0 | AC18: =IF(COUNT(N18,S18,Z18)=0,"",(IF(ISNUMBER(N18),N18*$C$3,0)+IF(ISNUMBER(S18),S18*$D$3,0)+IF(ISNUMBER(Z18),Z18*$E$3,0))/(IF(ISNUMBER(N18),$C$3,0)+IF(ISNUMBER(S18),$D$3,0)+IF(ISNUMBER(Z18),$E$3,0))) -> 0.26666667 | AD18: =IF(ISNUMBER(AC18),RANK(AC18,$AC$6:$AC$75),"") -> 59 | AE18: =IF(ISNUMBER(AC18),IF(AC18>=0.6,"Très élevé",IF(AC18>=0.4,"Élevé",IF(AC18>=0.2,"Modéré","Faible"))),"") -> Modéré | AF18: =IF(ISNUMBER(AC18),IF(AC18>=$K$3,1,0),"") -> 0 | AG18: Zone saharienne : ASI et biomasse non applicables (scores aléa = 0)
A19: Ennedi Ouest | B19: Fada | C19: TCD2301 | D19: TCD2301 | E19: Fada | F19: Non | G19: Oui | H19: 71316 | I19: 9 | J19: 13 | K19: 9271.08 | L19: 26.000261 | M19: 3 | N19: =IF(ISNUMBER(L19),MIN(1,MAX(0,(L19-$G$3)/($H$3-$G$3))),"") -> 0.53334205 | R19: =IF(COUNT(O19:Q19)=0,"",MAX(O19:Q19)) | S19: =IF(ISNUMBER(R19),MIN(1,MAX(0,R19/$I$3)),IF($G19="Oui",0,"")) -> 0 | Y19: =IF(COUNT(V19:X19)=0,"",MIN(V19:X19)) | Z19: =IF(ISNUMBER(Y19),MIN(1,MAX(0,(100-Y19)/(100-$J$3))),IF($G19="Oui",0,"")) -> 0 | AC19: =IF(COUNT(N19,S19,Z19)=0,"",(IF(ISNUMBER(N19),N19*$C$3,0)+IF(ISNUMBER(S19),S19*$D$3,0)+IF(ISNUMBER(Z19),Z19*$E$3,0))/(IF(ISNUMBER(N19),$C$3,0)+IF(ISNUMBER(S19),$D$3,0)+IF(ISNUMBER(Z19),$E$3,0))) -> 0.21333682 | AD19: =IF(ISNUMBER(AC19),RANK(AC19,$AC$6:$AC$75),"") -> 65 | AE19: =IF(ISNUMBER(AC19),IF(AC19>=0.6,"Très élevé",IF(AC19>=0.4,"Élevé",IF(AC19>=0.2,"Modéré","Faible"))),"") -> Modéré | AF19: =IF(ISNUMBER(AC19),IF(AC19>=$K$3,1,0),"") -> 0 | AG19: Zone saharienne : ASI et biomasse non applicables (scores aléa = 0)
A20: Ennedi Ouest | B20: Mourtcha | C20: TCD2303 | D20: TCD2302 | E20: Mourtcha | F20: Non | G20: Oui | H20: 38672 | I20: 16 | J20: 23 | K20: 8894.56 | L20: 27.001982 | M20: 3 | N20: =IF(ISNUMBER(L20),MIN(1,MAX(0,(L20-$G$3)/($H$3-$G$3))),"") -> 0.56673273 | R20: =IF(COUNT(O20:Q20)=0,"",MAX(O20:Q20)) | S20: =IF(ISNUMBER(R20),MIN(1,MAX(0,R20/$I$3)),IF($G20="Oui",0,"")) -> 0 | Y20: =IF(COUNT(V20:X20)=0,"",MIN(V20:X20)) | Z20: =IF(ISNUMBER(Y20),MIN(1,MAX(0,(100-Y20)/(100-$J$3))),IF($G20="Oui",0,"")) -> 0 | AC20: =IF(COUNT(N20,S20,Z20)=0,"",(IF(ISNUMBER(N20),N20*$C$3,0)+IF(ISNUMBER(S20),S20*$D$3,0)+IF(ISNUMBER(Z20),Z20*$E$3,0))/(IF(ISNUMBER(N20),$C$3,0)+IF(ISNUMBER(S20),$D$3,0)+IF(ISNUMBER(Z20),$E$3,0))) -> 0.22669309 | AD20: =IF(ISNUMBER(AC20),RANK(AC20,$AC$6:$AC$75),"") -> 62 | AE20: =IF(ISNUMBER(AC20),IF(AC20>=0.6,"Très élevé",IF(AC20>=0.4,"Élevé",IF(AC20>=0.2,"Modéré","Faible"))),"") -> Modéré | AF20: =IF(ISNUMBER(AC20),IF(AC20>=$K$3,1,0),"") -> 0 | AG20: Zone saharienne : ASI et biomasse non applicables (scores aléa = 0) ; P-code fichier HNRP (TCD2302) ≠ COD (TCD2303)
A21: Guéra | B21: Abtouyour | C21: TCD0402 | D21: TCD0402 | E21: Abtouyour | F21: Non | G21: Non | H21: 303803 | I21: 21 | J21: 25 | K21: 75950.75 | L21: 25 | M21: 3 | N21: =IF(ISNUMBER(L21),MIN(1,MAX(0,(L21-$G$3)/($H$3-$G$3))),"") -> 0.5 | O21: 8.2935076 | P21: 8.7704904 | Q21: 9.3284733 | R21: =IF(COUNT(O21:Q21)=0,"",MAX(O21:Q21)) -> 9.3284733 | S21: =IF(ISNUMBER(R21),MIN(1,MAX(0,R21/$I$3)),IF($G21="Oui",0,"")) -> 0.23321183 | T21: 0.50622222 | U21: -0.62298283 | V21: 96.362104 | W21: 113.4475 | X21: 88.889361 | Y21: =IF(COUNT(V21:X21)=0,"",MIN(V21:X21)) -> 88.889361 | Z21: =IF(ISNUMBER(Y21),MIN(1,MAX(0,(100-Y21)/(100-$J$3))),IF($G21="Oui",0,"")) -> 0.22221278 | AA21: 94.386292 | AB21: 0.42648372 | AC21: =IF(COUNT(N21,S21,Z21)=0,"",(IF(ISNUMBER(N21),N21*$C$3,0)+IF(ISNUMBER(S21),S21*$D$3,0)+IF(ISNUMBER(Z21),Z21*$E$3,0))/(IF(ISNUMBER(N21),$C$3,0)+IF(ISNUMBER(S21),$D$3,0)+IF(ISNUMBER(Z21),$E$3,0))) -> 0.33662738 | AD21: =IF(ISNUMBER(AC21),RANK(AC21,$AC$6:$AC$75),"") -> 54 | AE21: =IF(ISNUMBER(AC21),IF(AC21>=0.6,"Très élevé",IF(AC21>=0.4,"Élevé",IF(AC21>=0.2,"Modéré","Faible"))),"") -> Modéré | AF21: =IF(ISNUMBER(AC21),IF(AC21>=$K$3,1,0),"") -> 0
A22: Guéra | B22: Barh-Signaka | C22: TCD0403 | D22: TCD0403 | E22: Bahar Signaka | F22: Non | G22: Non | H22: 187929 | I22: 16 | J22: 25 | K22: 46982.25 | L22: 25 | M22: 3 | N22: =IF(ISNUMBER(L22),MIN(1,MAX(0,(L22-$G$3)/($H$3-$G$3))),"") -> 0.5 | O22: 8.2935076 | P22: 8.7704904 | Q22: 9.3284733 | R22: =IF(COUNT(O22:Q22)=0,"",MAX(O22:Q22)) -> 9.3284733 | S22: =IF(ISNUMBER(R22),MIN(1,MAX(0,R22/$I$3)),IF($G22="Oui",0,"")) -> 0.23321183 | T22: 0.50622222 | U22: -0.62298283 | V22: 91.716654 | W22: 103.07986 | X22: 99.648519 | Y22: =IF(COUNT(V22:X22)=0,"",MIN(V22:X22)) -> 91.716654 | Z22: =IF(ISNUMBER(Y22),MIN(1,MAX(0,(100-Y22)/(100-$J$3))),IF($G22="Oui",0,"")) -> 0.16566692 | AA22: 91.183352 | AB22: -0.04651741 | AC22: =IF(COUNT(N22,S22,Z22)=0,"",(IF(ISNUMBER(N22),N22*$C$3,0)+IF(ISNUMBER(S22),S22*$D$3,0)+IF(ISNUMBER(Z22),Z22*$E$3,0))/(IF(ISNUMBER(N22),$C$3,0)+IF(ISNUMBER(S22),$D$3,0)+IF(ISNUMBER(Z22),$E$3,0))) -> 0.31966362 | AD22: =IF(ISNUMBER(AC22),RANK(AC22,$AC$6:$AC$75),"") -> 55 | AE22: =IF(ISNUMBER(AC22),IF(AC22>=0.6,"Très élevé",IF(AC22>=0.4,"Élevé",IF(AC22>=0.2,"Modéré","Faible"))),"") -> Modéré | AF22: =IF(ISNUMBER(AC22),IF(AC22>=$K$3,1,0),"") -> 0 | AG22: Orthographe fichier HNRP : Bahar Signaka
A23: Guéra | B23: Guéra | C23: TCD0401 | D23: TCD0401 | E23: Guéra | F23: Non | G23: Non | H23: 312901 | I23: 5 | J23: 21 | K23: 65709.21 | L23: 23.999808 | M23: 3 | N23: =IF(ISNUMBER(L23),MIN(1,MAX(0,(L23-$G$3)/($H$3-$G$3))),"") -> 0.46666027 | O23: 8.2935076 | P23: 8.7704904 | Q23: 9.3284733 | R23: =IF(COUNT(O23:Q23)=0,"",MAX(O23:Q23)) -> 9.3284733 | S23: =IF(ISNUMBER(R23),MIN(1,MAX(0,R23/$I$3)),IF($G23="Oui",0,"")) -> 0.23321183 | T23: 0.50622222 | U23: -0.62298283 | V23: 92.498545 | W23: 115.3026 | X23: 85.802514 | Y23: =IF(COUNT(V23:X23)=0,"",MIN(V23:X23)) -> 85.802514 | Z23: =IF(ISNUMBER(Y23),MIN(1,MAX(0,(100-Y23)/(100-$J$3))),IF($G23="Oui",0,"")) -> 0.28394973 | AA23: 83.239152 | AB23: -0.20603544 | AC23: =IF(COUNT(N23,S23,Z23)=0,"",(IF(ISNUMBER(N23),N23*$C$3,0)+IF(ISNUMBER(S23),S23*$D$3,0)+IF(ISNUMBER(Z23),Z23*$E$3,0))/(IF(ISNUMBER(N23),$C$3,0)+IF(ISNUMBER(S23),$D$3,0)+IF(ISNUMBER(Z23),$E$3,0))) -> 0.34181258 | AD23: =IF(ISNUMBER(AC23),RANK(AC23,$AC$6:$AC$75),"") -> 52 | AE23: =IF(ISNUMBER(AC23),IF(AC23>=0.6,"Très élevé",IF(AC23>=0.4,"Élevé",IF(AC23>=0.2,"Modéré","Faible"))),"") -> Modéré | AF23: =IF(ISNUMBER(AC23),IF(AC23>=$K$3,1,0),"") -> 0
A24: Guéra | B24: Mangalmé | C24: TCD0404 | D24: TCD0404 | E24: Mangalmé | F24: Non | G24: Non | H24: 172207 | I24: 13 | J24: 22 | K24: 37885.54 | L24: 27.999552 | M24: 3 | N24: =IF(ISNUMBER(L24),MIN(1,MAX(0,(L24-$G$3)/($H$3-$G$3))),"") -> 0.59998505 | O24: 8.2935076 | P24: 8.7704904 | Q24: 9.3284733 | R24: =IF(COUNT(O24:Q24)=0,"",MAX(O24:Q24)) -> 9.3284733 | S24: =IF(ISNUMBER(R24),MIN(1,MAX(0,R24/$I$3)),IF($G24="Oui",0,"")) -> 0.23321183 | T24: 0.50622222 | U24: -0.62298283 | V24: 105.9499 | W24: 127.90628 | X24: 78.938823 | Y24: =IF(COUNT(V24:X24)=0,"",MIN(V24:X24)) -> 78.938823 | Z24: =IF(ISNUMBER(Y24),MIN(1,MAX(0,(100-Y24)/(100-$J$3))),IF($G24="Oui",0,"")) -> 0.42122353 | AA24: 75.294839 | AB24: -0.31835955 | AC24: =IF(COUNT(N24,S24,Z24)=0,"",(IF(ISNUMBER(N24),N24*$C$3,0)+IF(ISNUMBER(S24),S24*$D$3,0)+IF(ISNUMBER(Z24),Z24*$E$3,0))/(IF(ISNUMBER(N24),$C$3,0)+IF(ISNUMBER(S24),$D$3,0)+IF(ISNUMBER(Z24),$E$3,0))) -> 0.43632463 | AD24: =IF(ISNUMBER(AC24),RANK(AC24,$AC$6:$AC$75),"") -> 42 | AE24: =IF(ISNUMBER(AC24),IF(AC24>=0.6,"Très élevé",IF(AC24>=0.4,"Élevé",IF(AC24>=0.2,"Modéré","Faible"))),"") -> Élevé | AF24: =IF(ISNUMBER(AC24),IF(AC24>=$K$3,1,0),"") -> 0
A25: Hadjer-Lamis | B25: Dababa | C25: TCD0502 | D25: TCD0502 | E25: Dababa | F25: Non | G25: Non | H25: 414499 | I25: 6 | J25: 10 | K25: 41449.9 | L25: 30.999977 | M25: 3 | N25: =IF(ISNUMBER(L25),MIN(1,MAX(0,(L25-$G$3)/($H$3-$G$3))),"") -> 0.69999922 | O25: 12.81544 | P25: 13.99998 | Q25: 15.981146 | R25: =IF(COUNT(O25:Q25)=0,"",MAX(O25:Q25)) -> 15.981146 | S25: =IF(ISNUMBER(R25),MIN(1,MAX(0,R25/$I$3)),IF($G25="Oui",0,"")) -> 0.39952864 | T25: 1.20325 | U25: -1.0191652 | V25: 118.48693 | W25: 128.19997 | X25: 81.633092 | Y25: =IF(COUNT(V25:X25)=0,"",MIN(V25:X25)) -> 81.633092 | Z25: =IF(ISNUMBER(Y25),MIN(1,MAX(0,(100-Y25)/(100-$J$3))),IF($G25="Oui",0,"")) -> 0.36733816 | AA25: 89.957197 | AB25: 0.70323958 | AC25: =IF(COUNT(N25,S25,Z25)=0,"",(IF(ISNUMBER(N25),N25*$C$3,0)+IF(ISNUMBER(S25),S25*$D$3,0)+IF(ISNUMBER(Z25),Z25*$E$3,0))/(IF(ISNUMBER(N25),$C$3,0)+IF(ISNUMBER(S25),$D$3,0)+IF(ISNUMBER(Z25),$E$3,0))) -> 0.51005973 | AD25: =IF(ISNUMBER(AC25),RANK(AC25,$AC$6:$AC$75),"") -> 29 | AE25: =IF(ISNUMBER(AC25),IF(AC25>=0.6,"Très élevé",IF(AC25>=0.4,"Élevé",IF(AC25>=0.2,"Modéré","Faible"))),"") -> Élevé | AF25: =IF(ISNUMBER(AC25),IF(AC25>=$K$3,1,0),"") -> 1
A26: Hadjer-Lamis | B26: Dagana | C26: TCD0501 | D26: TCD0501 | E26: Dagana | F26: Non | G26: Non | H26: 341753 | I26: 9 | J26: 14 | K26: 47845.42 | L26: 26.999973 | M26: 3 | N26: =IF(ISNUMBER(L26),MIN(1,MAX(0,(L26-$G$3)/($H$3-$G$3))),"") -> 0.56666576 | O26: 11.538392 | P26: 12.677213 | Q26: 15.269035 | R26: =IF(COUNT(O26:Q26)=0,"",MAX(O26:Q26)) -> 15.269035 | S26: =IF(ISNUMBER(R26),MIN(1,MAX(0,R26/$I$3)),IF($G26="Oui",0,"")) -> 0.38172587 | T26: 1.8845 | U26: -0.92307137 | V26: 119.01117 | W26: 141.02866 | X26: 80.571164 | Y26: =IF(COUNT(V26:X26)=0,"",MIN(V26:X26)) -> 80.571164 | Z26: =IF(ISNUMBER(Y26),MIN(1,MAX(0,(100-Y26)/(100-$J$3))),IF($G26="Oui",0,"")) -> 0.38857673 | AA26: 91.555003 | AB26: 0.94017035 | AC26: =IF(COUNT(N26,S26,Z26)=0,"",(IF(ISNUMBER(N26),N26*$C$3,0)+IF(ISNUMBER(S26),S26*$D$3,0)+IF(ISNUMBER(Z26),Z26*$E$3,0))/(IF(ISNUMBER(N26),$C$3,0)+IF(ISNUMBER(S26),$D$3,0)+IF(ISNUMBER(Z26),$E$3,0))) -> 0.45775708 | AD26: =IF(ISNUMBER(AC26),RANK(AC26,$AC$6:$AC$75),"") -> 37 | AE26: =IF(ISNUMBER(AC26),IF(AC26>=0.6,"Très élevé",IF(AC26>=0.4,"Élevé",IF(AC26>=0.2,"Modéré","Faible"))),"") -> Élevé | AF26: =IF(ISNUMBER(AC26),IF(AC26>=$K$3,1,0),"") -> 0
A27: Hadjer-Lamis | B27: Haraze-Al-Biar | C27: TCD0503 | D27: TCD0503 | E27: Haraze Al Biar | F27: Non | G27: Non | H27: 272299 | I27: 11 | J27: 15 | K27: 40844.85 | L27: 21.999882 | M27: 3 | N27: =IF(ISNUMBER(L27),MIN(1,MAX(0,(L27-$G$3)/($H$3-$G$3))),"") -> 0.39999606 | O27: 11.538392 | P27: 12.677213 | Q27: 15.269035 | R27: =IF(COUNT(O27:Q27)=0,"",MAX(O27:Q27)) -> 15.269035 | S27: =IF(ISNUMBER(R27),MIN(1,MAX(0,R27/$I$3)),IF($G27="Oui",0,"")) -> 0.38172587 | T27: 1.8845 | U27: -0.92307137 | V27: 130.50561 | W27: 145.85027 | X27: 84.525706 | Y27: =IF(COUNT(V27:X27)=0,"",MIN(V27:X27)) -> 84.525706 | Z27: =IF(ISNUMBER(Y27),MIN(1,MAX(0,(100-Y27)/(100-$J$3))),IF($G27="Oui",0,"")) -> 0.30948587 | AA27: 85.61571 | AB27: 0.08893471 | AC27: =IF(COUNT(N27,S27,Z27)=0,"",(IF(ISNUMBER(N27),N27*$C$3,0)+IF(ISNUMBER(S27),S27*$D$3,0)+IF(ISNUMBER(Z27),Z27*$E$3,0))/(IF(ISNUMBER(N27),$C$3,0)+IF(ISNUMBER(S27),$D$3,0)+IF(ISNUMBER(Z27),$E$3,0))) -> 0.36736195 | AD27: =IF(ISNUMBER(AC27),RANK(AC27,$AC$6:$AC$75),"") -> 48 | AE27: =IF(ISNUMBER(AC27),IF(AC27>=0.6,"Très élevé",IF(AC27>=0.4,"Élevé",IF(AC27>=0.2,"Modéré","Faible"))),"") -> Modéré | AF27: =IF(ISNUMBER(AC27),IF(AC27>=$K$3,1,0),"") -> 0 | AG27: Orthographe fichier HNRP : Haraze Al Biar
A28: Kanem | B28: Kanem | C28: TCD0601 | D28: TCD0601 | E28: Kanem | F28: Oui | G28: Non | H28: 277934 | I28: 22 | J28: 28 | K28: 77821.52 | L28: 42.000008 | M28: 3 | N28: =IF(ISNUMBER(L28),MIN(1,MAX(0,(L28-$G$3)/($H$3-$G$3))),"") -> 1 | O28: 12.940848 | P28: 14.280116 | Q28: 17.365098 | R28: =IF(COUNT(O28:Q28)=0,"",MAX(O28:Q28)) -> 17.365098 | S28: =IF(ISNUMBER(R28),MIN(1,MAX(0,R28/$I$3)),IF($G28="Oui",0,"")) -> 0.43412745 | T28: 2.3537143 | U28: -1.0352678 | V28: 129.4357 | W28: 78.620225 | X28: 25.506963 | Y28: =IF(COUNT(V28:X28)=0,"",MIN(V28:X28)) -> 25.506963 | Z28: =IF(ISNUMBER(Y28),MIN(1,MAX(0,(100-Y28)/(100-$J$3))),IF($G28="Oui",0,"")) -> 1 | AA28: 35.883285 | AB28: 2.8055414 | AC28: =IF(COUNT(N28,S28,Z28)=0,"",(IF(ISNUMBER(N28),N28*$C$3,0)+IF(ISNUMBER(S28),S28*$D$3,0)+IF(ISNUMBER(Z28),Z28*$E$3,0))/(IF(ISNUMBER(N28),$C$3,0)+IF(ISNUMBER(S28),$D$3,0)+IF(ISNUMBER(Z28),$E$3,0))) -> 0.83023823 | AD28: =IF(ISNUMBER(AC28),RANK(AC28,$AC$6:$AC$75),"") -> 1 | AE28: =IF(ISNUMBER(AC28),IF(AC28>=0.6,"Très élevé",IF(AC28>=0.4,"Élevé",IF(AC28>=0.2,"Modéré","Faible"))),"") -> Très élevé | AF28: =IF(ISNUMBER(AC28),IF(AC28>=$K$3,1,0),"") -> 1
A29: Kanem | B29: Nord Kanem | C29: TCD0602 | D29: TCD0602 | E29: Nord Kanem | F29: Oui | G29: Non | H29: 165054 | I29: 25 | J29: 30 | K29: 49516.2 | L29: 39.00052 | M29: 3 | N29: =IF(ISNUMBER(L29),MIN(1,MAX(0,(L29-$G$3)/($H$3-$G$3))),"") -> 0.966684 | O29: 13.053634 | P29: 14.374989 | Q29: 17.743509 | R29: =IF(COUNT(O29:Q29)=0,"",MAX(O29:Q29)) -> 17.743509 | S29: =IF(ISNUMBER(R29),MIN(1,MAX(0,R29/$I$3)),IF($G29="Oui",0,"")) -> 0.44358773 | T29: 2.6012942 | U29: -1.0442907 | V29: 252.53932 | W29: 107.8475 | X29: 15.784635 | Y29: =IF(COUNT(V29:X29)=0,"",MIN(V29:X29)) -> 15.784635 | Z29: =IF(ISNUMBER(Y29),MIN(1,MAX(0,(100-Y29)/(100-$J$3))),IF($G29="Oui",0,"")) -> 1 | AA29: 30.42409 | AB29: 6.3962053 | AC29: =IF(COUNT(N29,S29,Z29)=0,"",(IF(ISNUMBER(N29),N29*$C$3,0)+IF(ISNUMBER(S29),S29*$D$3,0)+IF(ISNUMBER(Z29),Z29*$E$3,0))/(IF(ISNUMBER(N29),$C$3,0)+IF(ISNUMBER(S29),$D$3,0)+IF(ISNUMBER(Z29),$E$3,0))) -> 0.81974992 | AD29: =IF(ISNUMBER(AC29),RANK(AC29,$AC$6:$AC$75),"") -> 2 | AE29: =IF(ISNUMBER(AC29),IF(AC29>=0.6,"Très élevé",IF(AC29>=0.4,"Élevé",IF(AC29>=0.2,"Modéré","Faible"))),"") -> Très élevé | AF29: =IF(ISNUMBER(AC29),IF(AC29>=$K$3,1,0),"") -> 1
A30: Kanem | B30: Wadi Bissam | C30: TCD0603 | D30: TCD0603 | E30: Wadi Bissam | F30: Oui | G30: Non | H30: 161935 | I30: 22 | J30: 28 | K30: 45341.8 | L30: 29.00032 | M30: 3 | N30: =IF(ISNUMBER(L30),MIN(1,MAX(0,(L30-$G$3)/($H$3-$G$3))),"") -> 0.63334399 | O30: 12.940848 | P30: 14.280116 | Q30: 17.365098 | R30: =IF(COUNT(O30:Q30)=0,"",MAX(O30:Q30)) -> 17.365098 | S30: =IF(ISNUMBER(R30),MIN(1,MAX(0,R30/$I$3)),IF($G30="Oui",0,"")) -> 0.43412745 | T30: 2.3537143 | U30: -1.0352678 | V30: 147.60891 | W30: 124.73892 | X30: 65.543061 | Y30: =IF(COUNT(V30:X30)=0,"",MIN(V30:X30)) -> 65.543061 | Z30: =IF(ISNUMBER(Y30),MIN(1,MAX(0,(100-Y30)/(100-$J$3))),IF($G30="Oui",0,"")) -> 0.68913878 | AA30: 71.143505 | AB30: 0.58928815 | AC30: =IF(COUNT(N30,S30,Z30)=0,"",(IF(ISNUMBER(N30),N30*$C$3,0)+IF(ISNUMBER(S30),S30*$D$3,0)+IF(ISNUMBER(Z30),Z30*$E$3,0))/(IF(ISNUMBER(N30),$C$3,0)+IF(ISNUMBER(S30),$D$3,0)+IF(ISNUMBER(Z30),$E$3,0))) -> 0.59031747 | AD30: =IF(ISNUMBER(AC30),RANK(AC30,$AC$6:$AC$75),"") -> 20 | AE30: =IF(ISNUMBER(AC30),IF(AC30>=0.6,"Très élevé",IF(AC30>=0.4,"Élevé",IF(AC30>=0.2,"Modéré","Faible"))),"") -> Élevé | AF30: =IF(ISNUMBER(AC30),IF(AC30>=$K$3,1,0),"") -> 1
A31: Lac | B31: Fouli | C31: TCD0704 | D31: TCD0704 | E31: Fouli | F31: Oui | G31: Non | H31: 93022.35 | I31: 22 | J31: 27 | K31: 25116.035 | L31: 32.000539 | M31: 3 | N31: =IF(ISNUMBER(L31),MIN(1,MAX(0,(L31-$G$3)/($H$3-$G$3))),"") -> 0.73335129 | O31: 2.744113 | P31: 3.7307221 | Q31: 8.3416644 | R31: =IF(COUNT(O31:Q31)=0,"",MAX(O31:Q31)) -> 8.3416644 | S31: =IF(ISNUMBER(R31),MIN(1,MAX(0,R31/$I$3)),IF($G31="Oui",0,"")) -> 0.20854161 | T31: 5.9951111 | U31: -0.16183126 | V31: 116.10148 | W31: 83.394086 | X31: 40.960906 | Y31: =IF(COUNT(V31:X31)=0,"",MIN(V31:X31)) -> 40.960906 | Z31: =IF(ISNUMBER(Y31),MIN(1,MAX(0,(100-Y31)/(100-$J$3))),IF($G31="Oui",0,"")) -> 1 | AA31: 46.486675 | AB31: 0.93036877 | AC31: =IF(COUNT(N31,S31,Z31)=0,"",(IF(ISNUMBER(N31),N31*$C$3,0)+IF(ISNUMBER(S31),S31*$D$3,0)+IF(ISNUMBER(Z31),Z31*$E$3,0))/(IF(ISNUMBER(N31),$C$3,0)+IF(ISNUMBER(S31),$D$3,0)+IF(ISNUMBER(Z31),$E$3,0))) -> 0.655903 | AD31: =IF(ISNUMBER(AC31),RANK(AC31,$AC$6:$AC$75),"") -> 14 | AE31: =IF(ISNUMBER(AC31),IF(AC31>=0.6,"Très élevé",IF(AC31>=0.4,"Élevé",IF(AC31>=0.2,"Modéré","Faible"))),"") -> Très élevé | AF31: =IF(ISNUMBER(AC31),IF(AC31>=$K$3,1,0),"") -> 1
A32: Lac | B32: Kaya | C32: TCD0703 | D32: TCD0703 | E32: Kaya | F32: Oui | G32: Non | H32: 80889 | I32: 30 | J32: 35 | K32: 28311.15 | L32: 35 | M32: 3 | N32: =IF(ISNUMBER(L32),MIN(1,MAX(0,(L32-$G$3)/($H$3-$G$3))),"") -> 0.83333333 | O32: 2.744113 | P32: 3.7307221 | Q32: 8.3416644 | R32: =IF(COUNT(O32:Q32)=0,"",MAX(O32:Q32)) -> 8.3416644 | S32: =IF(ISNUMBER(R32),MIN(1,MAX(0,R32/$I$3)),IF($G32="Oui",0,"")) -> 0.20854161 | T32: 5.9951111 | U32: -0.16183126 | V32: 123.30945 | W32: 101.72061 | X32: 48.880874 | Y32: =IF(COUNT(V32:X32)=0,"",MIN(V32:X32)) -> 48.880874 | Z32: =IF(ISNUMBER(Y32),MIN(1,MAX(0,(100-Y32)/(100-$J$3))),IF($G32="Oui",0,"")) -> 1 | AA32: 54.284245 | AB32: 0.76235602 | AC32: =IF(COUNT(N32,S32,Z32)=0,"",(IF(ISNUMBER(N32),N32*$C$3,0)+IF(ISNUMBER(S32),S32*$D$3,0)+IF(ISNUMBER(Z32),Z32*$E$3,0))/(IF(ISNUMBER(N32),$C$3,0)+IF(ISNUMBER(S32),$D$3,0)+IF(ISNUMBER(Z32),$E$3,0))) -> 0.69589582 | AD32: =IF(ISNUMBER(AC32),RANK(AC32,$AC$6:$AC$75),"") -> 9 | AE32: =IF(ISNUMBER(AC32),IF(AC32>=0.6,"Très élevé",IF(AC32>=0.4,"Élevé",IF(AC32>=0.2,"Modéré","Faible"))),"") -> Très élevé | AF32: =IF(ISNUMBER(AC32),IF(AC32>=$K$3,1,0),"") -> 1
A33: Lac | B33: Mamdi | C33: TCD0701 | D33: TCD0701 | E33: Mamdi | F33: Oui | G33: Non | H33: 230533.65 | I33: 13 | J33: 22 | K33: 50717.403 | L33: 43.000196 | M33: 3 | N33: =IF(ISNUMBER(L33),MIN(1,MAX(0,(L33-$G$3)/($H$3-$G$3))),"") -> 1 | O33: 3.3404432 | P33: 4.3476766 | Q33: 8.869377 | R33: =IF(COUNT(O33:Q33)=0,"",MAX(O33:Q33)) -> 8.869377 | S33: =IF(ISNUMBER(R33),MIN(1,MAX(0,R33/$I$3)),IF($G33="Oui",0,"")) -> 0.22173443 | T33: 5.7821533 | U33: -0.21291198 | V33: 95.803009 | W33: 100.06616 | X33: 56.767991 | Y33: =IF(COUNT(V33:X33)=0,"",MIN(V33:X33)) -> 56.767991 | Z33: =IF(ISNUMBER(Y33),MIN(1,MAX(0,(100-Y33)/(100-$J$3))),IF($G33="Oui",0,"")) -> 0.86464018 | AA33: 58.544635 | AB33: 0.21583847 | AC33: =IF(COUNT(N33,S33,Z33)=0,"",(IF(ISNUMBER(N33),N33*$C$3,0)+IF(ISNUMBER(S33),S33*$D$3,0)+IF(ISNUMBER(Z33),Z33*$E$3,0))/(IF(ISNUMBER(N33),$C$3,0)+IF(ISNUMBER(S33),$D$3,0)+IF(ISNUMBER(Z33),$E$3,0))) -> 0.72591238 | AD33: =IF(ISNUMBER(AC33),RANK(AC33,$AC$6:$AC$75),"") -> 7 | AE33: =IF(ISNUMBER(AC33),IF(AC33>=0.6,"Très élevé",IF(AC33>=0.4,"Élevé",IF(AC33>=0.2,"Modéré","Faible"))),"") -> Très élevé | AF33: =IF(ISNUMBER(AC33),IF(AC33>=$K$3,1,0),"") -> 1
A34: Lac | B34: Wayi | C34: TCD0702 | D34: TCD0702 | E34: Wayi | F34: Oui | G34: Non | H34: 382657 | I34: 13 | J34: 22 | K34: 84184.54 | L34: 43.99991 | M34: 3 | N34: =IF(ISNUMBER(L34),MIN(1,MAX(0,(L34-$G$3)/($H$3-$G$3))),"") -> 1 | O34: 11.993257 | P34: 13.24671 | Q34: 16.228075 | R34: =IF(COUNT(O34:Q34)=0,"",MAX(O34:Q34)) -> 16.228075 | S34: =IF(ISNUMBER(R34),MIN(1,MAX(0,R34/$I$3)),IF($G34="Oui",0,"")) -> 0.40570187 | T34: 2.3534749 | U34: -0.95686897 | V34: 119.8711 | W34: 107.443 | X34: 52.306251 | Y34: =IF(COUNT(V34:X34)=0,"",MIN(V34:X34)) -> 52.306251 | Z34: =IF(ISNUMBER(Y34),MIN(1,MAX(0,(100-Y34)/(100-$J$3))),IF($G34="Oui",0,"")) -> 0.95387498 | AA34: 65.699103 | AB34: 1.7658404 | AC34: =IF(COUNT(N34,S34,Z34)=0,"",(IF(ISNUMBER(N34),N34*$C$3,0)+IF(ISNUMBER(S34),S34*$D$3,0)+IF(ISNUMBER(Z34),Z34*$E$3,0))/(IF(ISNUMBER(N34),$C$3,0)+IF(ISNUMBER(S34),$D$3,0)+IF(ISNUMBER(Z34),$E$3,0))) -> 0.80787306 | AD34: =IF(ISNUMBER(AC34),RANK(AC34,$AC$6:$AC$75),"") -> 3 | AE34: =IF(ISNUMBER(AC34),IF(AC34>=0.6,"Très élevé",IF(AC34>=0.4,"Élevé",IF(AC34>=0.2,"Modéré","Faible"))),"") -> Très élevé | AF34: =IF(ISNUMBER(AC34),IF(AC34>=$K$3,1,0),"") -> 1
A35: Logone Occidental | B35: Dodjé | C35: TCD0802 | D35: TCD0802 | E35: Djode | F35: Non | G35: Non | H35: 192991 | I35: 15 | J35: 21 | K35: 40528.11 | L35: 21 | M35: 3 | N35: =IF(ISNUMBER(L35),MIN(1,MAX(0,(L35-$G$3)/($H$3-$G$3))),"") -> 0.36666667 | O35: 25.620165 | P35: 72.24204 | Q35: 69.523249 | R35: =IF(COUNT(O35:Q35)=0,"",MAX(O35:Q35)) -> 72.24204 | S35: =IF(ISNUMBER(R35),MIN(1,MAX(0,R35/$I$3)),IF($G35="Oui",0,"")) -> 1 | T35: 68.864222 | U35: -0.25020874 | V35: 96.512862 | W35: 94.502855 | X35: 101.22618 | Y35: =IF(COUNT(V35:X35)=0,"",MIN(V35:X35)) -> 94.502855 | Z35: =IF(ISNUMBER(Y35),MIN(1,MAX(0,(100-Y35)/(100-$J$3))),IF($G35="Oui",0,"")) -> 0.1099429 | AA35: 78.564502 | AB35: -1.2492943 | AC35: =IF(COUNT(N35,S35,Z35)=0,"",(IF(ISNUMBER(N35),N35*$C$3,0)+IF(ISNUMBER(S35),S35*$D$3,0)+IF(ISNUMBER(Z35),Z35*$E$3,0))/(IF(ISNUMBER(N35),$C$3,0)+IF(ISNUMBER(S35),$D$3,0)+IF(ISNUMBER(Z35),$E$3,0))) -> 0.47964954 | AD35: =IF(ISNUMBER(AC35),RANK(AC35,$AC$6:$AC$75),"") -> 33 | AE35: =IF(ISNUMBER(AC35),IF(AC35>=0.6,"Très élevé",IF(AC35>=0.4,"Élevé",IF(AC35>=0.2,"Modéré","Faible"))),"") -> Élevé | AF35: =IF(ISNUMBER(AC35),IF(AC35>=$K$3,1,0),"") -> 0 | AG35: Orthographe fichier HNRP : Djode
A36: Logone Occidental | B36: Guéni | C36: TCD0803 | D36: TCD0803 | E36: Gueni | F36: Non | G36: Non | H36: 166957 | I36: 11 | J36: 21 | K36: 35060.97 | L36: 21 | M36: 3 | N36: =IF(ISNUMBER(L36),MIN(1,MAX(0,(L36-$G$3)/($H$3-$G$3))),"") -> 0.36666667 | O36: 25.620165 | P36: 72.24204 | Q36: 69.523249 | R36: =IF(COUNT(O36:Q36)=0,"",MAX(O36:Q36)) -> 72.24204 | S36: =IF(ISNUMBER(R36),MIN(1,MAX(0,R36/$I$3)),IF($G36="Oui",0,"")) -> 1 | T36: 68.864222 | U36: -0.25020874 | V36: 100.85272 | W36: 95.997495 | X36: 95.953326 | Y36: =IF(COUNT(V36:X36)=0,"",MIN(V36:X36)) -> 95.953326 | Z36: =IF(ISNUMBER(Y36),MIN(1,MAX(0,(100-Y36)/(100-$J$3))),IF($G36="Oui",0,"")) -> 0.080933476 | AA36: 77.763734 | AB36: -1.3073592 | AC36: =IF(COUNT(N36,S36,Z36)=0,"",(IF(ISNUMBER(N36),N36*$C$3,0)+IF(ISNUMBER(S36),S36*$D$3,0)+IF(ISNUMBER(Z36),Z36*$E$3,0))/(IF(ISNUMBER(N36),$C$3,0)+IF(ISNUMBER(S36),$D$3,0)+IF(ISNUMBER(Z36),$E$3,0))) -> 0.47094671 | AD36: =IF(ISNUMBER(AC36),RANK(AC36,$AC$6:$AC$75),"") -> 34 | AE36: =IF(ISNUMBER(AC36),IF(AC36>=0.6,"Très élevé",IF(AC36>=0.4,"Élevé",IF(AC36>=0.2,"Modéré","Faible"))),"") -> Élevé | AF36: =IF(ISNUMBER(AC36),IF(AC36>=$K$3,1,0),"") -> 0 | AG36: Orthographe fichier HNRP : Gueni
A37: Logone Occidental | B37: Lac Wey | C37: TCD0801 | D37: TCD0801 | E37: Lac wey | F37: Non | G37: Non | H37: 601492 | I37: 12 | J37: 23 | K37: 138343.16 | L37: 23 | M37: 3 | N37: =IF(ISNUMBER(L37),MIN(1,MAX(0,(L37-$G$3)/($H$3-$G$3))),"") -> 0.43333333 | O37: 25.620165 | P37: 72.24204 | Q37: 69.523249 | R37: =IF(COUNT(O37:Q37)=0,"",MAX(O37:Q37)) -> 72.24204 | S37: =IF(ISNUMBER(R37),MIN(1,MAX(0,R37/$I$3)),IF($G37="Oui",0,"")) -> 1 | T37: 68.864222 | U37: -0.25020874 | V37: 90.520934 | W37: 93.877486 | X37: 92.967214 | Y37: =IF(COUNT(V37:X37)=0,"",MIN(V37:X37)) -> 90.520934 | Z37: =IF(ISNUMBER(Y37),MIN(1,MAX(0,(100-Y37)/(100-$J$3))),IF($G37="Oui",0,"")) -> 0.18958133 | AA37: 71.822161 | AB37: -1.5685955 | AC37: =IF(COUNT(N37,S37,Z37)=0,"",(IF(ISNUMBER(N37),N37*$C$3,0)+IF(ISNUMBER(S37),S37*$D$3,0)+IF(ISNUMBER(Z37),Z37*$E$3,0))/(IF(ISNUMBER(N37),$C$3,0)+IF(ISNUMBER(S37),$D$3,0)+IF(ISNUMBER(Z37),$E$3,0))) -> 0.53020773 | AD37: =IF(ISNUMBER(AC37),RANK(AC37,$AC$6:$AC$75),"") -> 27 | AE37: =IF(ISNUMBER(AC37),IF(AC37>=0.6,"Très élevé",IF(AC37>=0.4,"Élevé",IF(AC37>=0.2,"Modéré","Faible"))),"") -> Élevé | AF37: =IF(ISNUMBER(AC37),IF(AC37>=$K$3,1,0),"") -> 1 | AG37: Orthographe fichier HNRP : Lac wey
A38: Logone Occidental | B38: Ngourkosso | C38: TCD0804 | D38: TCD0804 | E38: Ngourkosso | F38: Non | G38: Non | H38: 288814 | I38: 25 | J38: 34 | K38: 98196.76 | L38: 34 | M38: 3 | N38: =IF(ISNUMBER(L38),MIN(1,MAX(0,(L38-$G$3)/($H$3-$G$3))),"") -> 0.8 | O38: 25.620165 | P38: 72.24204 | Q38: 69.523249 | R38: =IF(COUNT(O38:Q38)=0,"",MAX(O38:Q38)) -> 72.24204 | S38: =IF(ISNUMBER(R38),MIN(1,MAX(0,R38/$I$3)),IF($G38="Oui",0,"")) -> 1 | T38: 68.864222 | U38: -0.25020874 | V38: 97.807815 | W38: 90.343797 | X38: 92.391596 | Y38: =IF(COUNT(V38:X38)=0,"",MIN(V38:X38)) -> 90.343797 | Z38: =IF(ISNUMBER(Y38),MIN(1,MAX(0,(100-Y38)/(100-$J$3))),IF($G38="Oui",0,"")) -> 0.19312406 | AA38: 79.084118 | AB38: -0.92319595 | AC38: =IF(COUNT(N38,S38,Z38)=0,"",(IF(ISNUMBER(N38),N38*$C$3,0)+IF(ISNUMBER(S38),S38*$D$3,0)+IF(ISNUMBER(Z38),Z38*$E$3,0))/(IF(ISNUMBER(N38),$C$3,0)+IF(ISNUMBER(S38),$D$3,0)+IF(ISNUMBER(Z38),$E$3,0))) -> 0.67793722 | AD38: =IF(ISNUMBER(AC38),RANK(AC38,$AC$6:$AC$75),"") -> 11 | AE38: =IF(ISNUMBER(AC38),IF(AC38>=0.6,"Très élevé",IF(AC38>=0.4,"Élevé",IF(AC38>=0.2,"Modéré","Faible"))),"") -> Très élevé | AF38: =IF(ISNUMBER(AC38),IF(AC38>=$K$3,1,0),"") -> 1
A39: Logone Oriental | B39: Kouh Est | C39: TCD0902 | D39: TCD0902 | E39: Kouh Est | F39: Non | G39: Non | H39: 183897 | I39: 2 | J39: 7 | K39: 12872.79 | L39: 14.999883 | M39: 2 | N39: =IF(ISNUMBER(L39),MIN(1,MAX(0,(L39-$G$3)/($H$3-$G$3))),"") -> 0.16666278 | O39: 33.16706 | P39: 50.35683 | Q39: 60.557266 | R39: =IF(COUNT(O39:Q39)=0,"",MAX(O39:Q39)) -> 60.557266 | S39: =IF(ISNUMBER(R39),MIN(1,MAX(0,R39/$I$3)),IF($G39="Oui",0,"")) -> 1 | T39: 59.505333 | U39: -0.072547047 | V39: 92.972734 | W39: 109.2408 | X39: 110.65735 | Y39: =IF(COUNT(V39:X39)=0,"",MIN(V39:X39)) -> 92.972734 | Z39: =IF(ISNUMBER(Y39),MIN(1,MAX(0,(100-Y39)/(100-$J$3))),IF($G39="Oui",0,"")) -> 0.14054531 | AA39: 76.934232 | AB39: -1.3800607 | AC39: =IF(COUNT(N39,S39,Z39)=0,"",(IF(ISNUMBER(N39),N39*$C$3,0)+IF(ISNUMBER(S39),S39*$D$3,0)+IF(ISNUMBER(Z39),Z39*$E$3,0))/(IF(ISNUMBER(N39),$C$3,0)+IF(ISNUMBER(S39),$D$3,0)+IF(ISNUMBER(Z39),$E$3,0))) -> 0.40882871 | AD39: =IF(ISNUMBER(AC39),RANK(AC39,$AC$6:$AC$75),"") -> 44 | AE39: =IF(ISNUMBER(AC39),IF(AC39>=0.6,"Très élevé",IF(AC39>=0.4,"Élevé",IF(AC39>=0.2,"Modéré","Faible"))),"") -> Élevé | AF39: =IF(ISNUMBER(AC39),IF(AC39>=$K$3,1,0),"") -> 0
A40: Logone Oriental | B40: Kouh Ouest | C40: TCD0903 | D40: TCD0903 | E40: Kouh Ouest | F40: Non | G40: Non | H40: 89844 | I40: 2 | J40: 7 | K40: 6289.08 | L40: 21.000634 | M40: 3 | N40: =IF(ISNUMBER(L40),MIN(1,MAX(0,(L40-$G$3)/($H$3-$G$3))),"") -> 0.3666878 | O40: 33.16706 | P40: 50.35683 | Q40: 60.557266 | R40: =IF(COUNT(O40:Q40)=0,"",MAX(O40:Q40)) -> 60.557266 | S40: =IF(ISNUMBER(R40),MIN(1,MAX(0,R40/$I$3)),IF($G40="Oui",0,"")) -> 1 | T40: 59.505333 | U40: -0.072547047 | V40: 89.566941 | W40: 107.53588 | X40: 108.28981 | Y40: =IF(COUNT(V40:X40)=0,"",MIN(V40:X40)) -> 89.566941 | Z40: =IF(ISNUMBER(Y40),MIN(1,MAX(0,(100-Y40)/(100-$J$3))),IF($G40="Oui",0,"")) -> 0.20866118 | AA40: 79.801474 | AB40: -0.87223854 | AC40: =IF(COUNT(N40,S40,Z40)=0,"",(IF(ISNUMBER(N40),N40*$C$3,0)+IF(ISNUMBER(S40),S40*$D$3,0)+IF(ISNUMBER(Z40),Z40*$E$3,0))/(IF(ISNUMBER(N40),$C$3,0)+IF(ISNUMBER(S40),$D$3,0)+IF(ISNUMBER(Z40),$E$3,0))) -> 0.50927347 | AD40: =IF(ISNUMBER(AC40),RANK(AC40,$AC$6:$AC$75),"") -> 30 | AE40: =IF(ISNUMBER(AC40),IF(AC40>=0.6,"Très élevé",IF(AC40>=0.4,"Élevé",IF(AC40>=0.2,"Modéré","Faible"))),"") -> Élevé | AF40: =IF(ISNUMBER(AC40),IF(AC40>=$K$3,1,0),"") -> 1
A41: Logone Oriental | B41: La Nya | C41: TCD0904 | D41: TCD0904 | E41: Nya | F41: Non | G41: Non | H41: 255732 | I41: 9 | J41: 12 | K41: 30687.84 | L41: 18 | M41: 2 | N41: =IF(ISNUMBER(L41),MIN(1,MAX(0,(L41-$G$3)/($H$3-$G$3))),"") -> 0.26666667 | O41: 33.16706 | P41: 50.35683 | Q41: 60.557266 | R41: =IF(COUNT(O41:Q41)=0,"",MAX(O41:Q41)) -> 60.557266 | S41: =IF(ISNUMBER(R41),MIN(1,MAX(0,R41/$I$3)),IF($G41="Oui",0,"")) -> 1 | T41: 59.505333 | U41: -0.072547047 | V41: 90.763629 | W41: 98.906156 | X41: 96.972895 | Y41: =IF(COUNT(V41:X41)=0,"",MIN(V41:X41)) -> 90.763629 | Z41: =IF(ISNUMBER(Y41),MIN(1,MAX(0,(100-Y41)/(100-$J$3))),IF($G41="Oui",0,"")) -> 0.18472742 | AA41: 81.278812 | AB41: -0.83600158 | AC41: =IF(COUNT(N41,S41,Z41)=0,"",(IF(ISNUMBER(N41),N41*$C$3,0)+IF(ISNUMBER(S41),S41*$D$3,0)+IF(ISNUMBER(Z41),Z41*$E$3,0))/(IF(ISNUMBER(N41),$C$3,0)+IF(ISNUMBER(S41),$D$3,0)+IF(ISNUMBER(Z41),$E$3,0))) -> 0.46208489 | AD41: =IF(ISNUMBER(AC41),RANK(AC41,$AC$6:$AC$75),"") -> 36 | AE41: =IF(ISNUMBER(AC41),IF(AC41>=0.6,"Très élevé",IF(AC41>=0.4,"Élevé",IF(AC41>=0.2,"Modéré","Faible"))),"") -> Élevé | AF41: =IF(ISNUMBER(AC41),IF(AC41>=$K$3,1,0),"") -> 0 | AG41: Orthographe fichier HNRP : Nya
A42: Logone Oriental | B42: La Nya Pendé | C42: TCD0905 | D42: TCD0905 | E42: Nya pendé | F42: Non | G42: Non | H42: 196127 | I42: 10 | J42: 13 | K42: 25496.51 | L42: 26 | M42: 3 | N42: =IF(ISNUMBER(L42),MIN(1,MAX(0,(L42-$G$3)/($H$3-$G$3))),"") -> 0.53333333 | O42: 33.16706 | P42: 50.35683 | Q42: 60.557266 | R42: =IF(COUNT(O42:Q42)=0,"",MAX(O42:Q42)) -> 60.557266 | S42: =IF(ISNUMBER(R42),MIN(1,MAX(0,R42/$I$3)),IF($G42="Oui",0,"")) -> 1 | T42: 59.505333 | U42: -0.072547047 | V42: 92.969601 | W42: 105.02029 | X42: 105.96876 | Y42: =IF(COUNT(V42:X42)=0,"",MIN(V42:X42)) -> 92.969601 | Z42: =IF(ISNUMBER(Y42),MIN(1,MAX(0,(100-Y42)/(100-$J$3))),IF($G42="Oui",0,"")) -> 0.14060799 | AA42: 88.054024 | AB42: -0.4229836 | AC42: =IF(COUNT(N42,S42,Z42)=0,"",(IF(ISNUMBER(N42),N42*$C$3,0)+IF(ISNUMBER(S42),S42*$D$3,0)+IF(ISNUMBER(Z42),Z42*$E$3,0))/(IF(ISNUMBER(N42),$C$3,0)+IF(ISNUMBER(S42),$D$3,0)+IF(ISNUMBER(Z42),$E$3,0))) -> 0.55551573 | AD42: =IF(ISNUMBER(AC42),RANK(AC42,$AC$6:$AC$75),"") -> 23 | AE42: =IF(ISNUMBER(AC42),IF(AC42>=0.6,"Très élevé",IF(AC42>=0.4,"Élevé",IF(AC42>=0.2,"Modéré","Faible"))),"") -> Élevé | AF42: =IF(ISNUMBER(AC42),IF(AC42>=$K$3,1,0),"") -> 1 | AG42: Orthographe fichier HNRP : Nya pendé
A43: Logone Oriental | B43: La Pendé | C43: TCD0901 | D43: TCD0901 | E43: La pendé | F43: Non | G43: Non | H43: 291144 | I43: 10 | J43: 12 | K43: 34937.28 | L43: 31.000055 | M43: 3 | N43: =IF(ISNUMBER(L43),MIN(1,MAX(0,(L43-$G$3)/($H$3-$G$3))),"") -> 0.70000184 | O43: 33.16706 | P43: 50.35683 | Q43: 60.557266 | R43: =IF(COUNT(O43:Q43)=0,"",MAX(O43:Q43)) -> 60.557266 | S43: =IF(ISNUMBER(R43),MIN(1,MAX(0,R43/$I$3)),IF($G43="Oui",0,"")) -> 1 | T43: 59.505333 | U43: -0.072547047 | V43: 94.275306 | W43: 96.086734 | X43: 98.040322 | Y43: =IF(COUNT(V43:X43)=0,"",MIN(V43:X43)) -> 94.275306 | Z43: =IF(ISNUMBER(Y43),MIN(1,MAX(0,(100-Y43)/(100-$J$3))),IF($G43="Oui",0,"")) -> 0.11449388 | AA43: 86.423733 | AB43: -0.66626766 | AC43: =IF(COUNT(N43,S43,Z43)=0,"",(IF(ISNUMBER(N43),N43*$C$3,0)+IF(ISNUMBER(S43),S43*$D$3,0)+IF(ISNUMBER(Z43),Z43*$E$3,0))/(IF(ISNUMBER(N43),$C$3,0)+IF(ISNUMBER(S43),$D$3,0)+IF(ISNUMBER(Z43),$E$3,0))) -> 0.6143489 | AD43: =IF(ISNUMBER(AC43),RANK(AC43,$AC$6:$AC$75),"") -> 19 | AE43: =IF(ISNUMBER(AC43),IF(AC43>=0.6,"Très élevé",IF(AC43>=0.4,"Élevé",IF(AC43>=0.2,"Modéré","Faible"))),"") -> Très élevé | AF43: =IF(ISNUMBER(AC43),IF(AC43>=$K$3,1,0),"") -> 1 | AG43: Orthographe fichier HNRP : La pendé
A44: Logone Oriental | B44: Monts de Lam | C44: TCD0906 | D44: TCD0906 | E44: Monts de lam | F44: Non | G44: Non | H44: 397349 | I44: 14 | J44: 17 | K44: 67549.33 | L44: 17 | M44: 2 | N44: =IF(ISNUMBER(L44),MIN(1,MAX(0,(L44-$G$3)/($H$3-$G$3))),"") -> 0.23333333 | O44: 28.066108 | P44: 56.23912 | Q44: 34.615089 | R44: =IF(COUNT(O44:Q44)=0,"",MAX(O44:Q44)) -> 56.23912 | S44: =IF(ISNUMBER(R44),MIN(1,MAX(0,R44/$I$3)),IF($G44="Oui",0,"")) -> 1 | T44: 56.563046 | U44: 0.023994493 | V44: 89.718754 | W44: 92.407852 | X44: 100.63521 | Y44: =IF(COUNT(V44:X44)=0,"",MIN(V44:X44)) -> 89.718754 | Z44: =IF(ISNUMBER(Y44),MIN(1,MAX(0,(100-Y44)/(100-$J$3))),IF($G44="Oui",0,"")) -> 0.20562491 | AA44: 84.764211 | AB44: -0.44178442 | AC44: =IF(COUNT(N44,S44,Z44)=0,"",(IF(ISNUMBER(N44),N44*$C$3,0)+IF(ISNUMBER(S44),S44*$D$3,0)+IF(ISNUMBER(Z44),Z44*$E$3,0))/(IF(ISNUMBER(N44),$C$3,0)+IF(ISNUMBER(S44),$D$3,0)+IF(ISNUMBER(Z44),$E$3,0))) -> 0.45502081 | AD44: =IF(ISNUMBER(AC44),RANK(AC44,$AC$6:$AC$75),"") -> 38 | AE44: =IF(ISNUMBER(AC44),IF(AC44>=0.6,"Très élevé",IF(AC44>=0.4,"Élevé",IF(AC44>=0.2,"Modéré","Faible"))),"") -> Élevé | AF44: =IF(ISNUMBER(AC44),IF(AC44>=$K$3,1,0),"") -> 0 | AG44: Orthographe fichier HNRP : Monts de lam
A45: Mandoul | B45: Barh-Sara | C45: TCD1002 | D45: TCD1002 | E45: Barh Sara | F45: Non | G45: Non | H45: 394197 | I45: 8 | J45: 10 | K45: 39419.7 | L45: 26 | M45: 3 | N45: =IF(ISNUMBER(L45),MIN(1,MAX(0,(L45-$G$3)/($H$3-$G$3))),"") -> 0.53333333 | O45: 25.031201 | P45: 31.91471 | Q45: 34.437775 | R45: =IF(COUNT(O45:Q45)=0,"",MAX(O45:Q45)) -> 34.437775 | S45: =IF(ISNUMBER(R45),MIN(1,MAX(0,R45/$I$3)),IF($G45="Oui",0,"")) -> 0.86094438 | T45: 33.829444 | U45: -0.041953846 | V45: 87.788649 | W45: 104.74964 | X45: 103.29327 | Y45: =IF(COUNT(V45:X45)=0,"",MIN(V45:X45)) -> 87.788649 | Z45: =IF(ISNUMBER(Y45),MIN(1,MAX(0,(100-Y45)/(100-$J$3))),IF($G45="Oui",0,"")) -> 0.24422702 | AA45: 84.065291 | AB45: -0.33930203 | AC45: =IF(COUNT(N45,S45,Z45)=0,"",(IF(ISNUMBER(N45),N45*$C$3,0)+IF(ISNUMBER(S45),S45*$D$3,0)+IF(ISNUMBER(Z45),Z45*$E$3,0))/(IF(ISNUMBER(N45),$C$3,0)+IF(ISNUMBER(S45),$D$3,0)+IF(ISNUMBER(Z45),$E$3,0))) -> 0.54488475 | AD45: =IF(ISNUMBER(AC45),RANK(AC45,$AC$6:$AC$75),"") -> 24 | AE45: =IF(ISNUMBER(AC45),IF(AC45>=0.6,"Très élevé",IF(AC45>=0.4,"Élevé",IF(AC45>=0.2,"Modéré","Faible"))),"") -> Élevé | AF45: =IF(ISNUMBER(AC45),IF(AC45>=$K$3,1,0),"") -> 1 | AG45: Orthographe fichier HNRP : Barh Sara
A46: Mandoul | B46: Mandoul Occidental | C46: TCD1003 | D46: TCD1003 | E46: Mandoul Occidental | F46: Non | G46: Non | H46: 280696 | I46: 9 | J46: 12 | K46: 33683.52 | L46: 25.000092 | M46: 3 | N46: =IF(ISNUMBER(L46),MIN(1,MAX(0,(L46-$G$3)/($H$3-$G$3))),"") -> 0.50000307 | O46: 25.031201 | P46: 31.91471 | Q46: 34.437775 | R46: =IF(COUNT(O46:Q46)=0,"",MAX(O46:Q46)) -> 34.437775 | S46: =IF(ISNUMBER(R46),MIN(1,MAX(0,R46/$I$3)),IF($G46="Oui",0,"")) -> 0.86094438 | T46: 33.829444 | U46: -0.041953846 | V46: 91.56221 | W46: 97.44885 | X46: 105.91613 | Y46: =IF(COUNT(V46:X46)=0,"",MIN(V46:X46)) -> 91.56221 | Z46: =IF(ISNUMBER(Y46),MIN(1,MAX(0,(100-Y46)/(100-$J$3))),IF($G46="Oui",0,"")) -> 0.16875581 | AA46: 80.167458 | AB46: -0.99558559 | AC46: =IF(COUNT(N46,S46,Z46)=0,"",(IF(ISNUMBER(N46),N46*$C$3,0)+IF(ISNUMBER(S46),S46*$D$3,0)+IF(ISNUMBER(Z46),Z46*$E$3,0))/(IF(ISNUMBER(N46),$C$3,0)+IF(ISNUMBER(S46),$D$3,0)+IF(ISNUMBER(Z46),$E$3,0))) -> 0.50891129 | AD46: =IF(ISNUMBER(AC46),RANK(AC46,$AC$6:$AC$75),"") -> 31 | AE46: =IF(ISNUMBER(AC46),IF(AC46>=0.6,"Très élevé",IF(AC46>=0.4,"Élevé",IF(AC46>=0.2,"Modéré","Faible"))),"") -> Élevé | AF46: =IF(ISNUMBER(AC46),IF(AC46>=$K$3,1,0),"") -> 1
A47: Mandoul | B47: Mandoul Oriental | C47: TCD1001 | D47: TCD1001 | E47: Mandoul Oriental | F47: Non | G47: Non | H47: 464717 | I47: 8 | J47: 10 | K47: 46471.7 | L47: 17.99994 | M47: 2 | N47: =IF(ISNUMBER(L47),MIN(1,MAX(0,(L47-$G$3)/($H$3-$G$3))),"") -> 0.26666467 | O47: 25.031201 | P47: 31.91471 | Q47: 34.437775 | R47: =IF(COUNT(O47:Q47)=0,"",MAX(O47:Q47)) -> 34.437775 | S47: =IF(ISNUMBER(R47),MIN(1,MAX(0,R47/$I$3)),IF($G47="Oui",0,"")) -> 0.86094438 | T47: 33.829444 | U47: -0.041953846 | V47: 85.307976 | W47: 97.419223 | X47: 105.49135 | Y47: =IF(COUNT(V47:X47)=0,"",MIN(V47:X47)) -> 85.307976 | Z47: =IF(ISNUMBER(Y47),MIN(1,MAX(0,(100-Y47)/(100-$J$3))),IF($G47="Oui",0,"")) -> 0.29384047 | AA47: 74.06165 | AB47: -1.0546565 | AC47: =IF(COUNT(N47,S47,Z47)=0,"",(IF(ISNUMBER(N47),N47*$C$3,0)+IF(ISNUMBER(S47),S47*$D$3,0)+IF(ISNUMBER(Z47),Z47*$E$3,0))/(IF(ISNUMBER(N47),$C$3,0)+IF(ISNUMBER(S47),$D$3,0)+IF(ISNUMBER(Z47),$E$3,0))) -> 0.45310132 | AD47: =IF(ISNUMBER(AC47),RANK(AC47,$AC$6:$AC$75),"") -> 39 | AE47: =IF(ISNUMBER(AC47),IF(AC47>=0.6,"Très élevé",IF(AC47>=0.4,"Élevé",IF(AC47>=0.2,"Modéré","Faible"))),"") -> Élevé | AF47: =IF(ISNUMBER(AC47),IF(AC47>=$K$3,1,0),"") -> 0
A48: Mayo-Kebbi Est | B48: Kabbia | C48: TCD1102 | D48: TCD1102 | E48: Kabbia | F48: Non | G48: Non | H48: 415214 | I48: 2 | J48: 5 | K48: 20760.7 | L48: 18.00002 | M48: 2 | N48: =IF(ISNUMBER(L48),MIN(1,MAX(0,(L48-$G$3)/($H$3-$G$3))),"") -> 0.26666733 | O48: 22.36634 | P48: 47.563264 | Q48: 25.648189 | R48: =IF(COUNT(O48:Q48)=0,"",MAX(O48:Q48)) -> 47.563264 | S48: =IF(ISNUMBER(R48),MIN(1,MAX(0,R48/$I$3)),IF($G48="Oui",0,"")) -> 1 | T48: 42.918778 | U48: -0.34403605 | V48: 99.103458 | W48: 96.734787 | X48: 105.4751 | Y48: =IF(COUNT(V48:X48)=0,"",MIN(V48:X48)) -> 96.734787 | Z48: =IF(ISNUMBER(Y48),MIN(1,MAX(0,(100-Y48)/(100-$J$3))),IF($G48="Oui",0,"")) -> 0.065304267 | AA48: 78.674313 | AB48: -1.3829698 | AC48: =IF(COUNT(N48,S48,Z48)=0,"",(IF(ISNUMBER(N48),N48*$C$3,0)+IF(ISNUMBER(S48),S48*$D$3,0)+IF(ISNUMBER(Z48),Z48*$E$3,0))/(IF(ISNUMBER(N48),$C$3,0)+IF(ISNUMBER(S48),$D$3,0)+IF(ISNUMBER(Z48),$E$3,0))) -> 0.42625821 | AD48: =IF(ISNUMBER(AC48),RANK(AC48,$AC$6:$AC$75),"") -> 43 | AE48: =IF(ISNUMBER(AC48),IF(AC48>=0.6,"Très élevé",IF(AC48>=0.4,"Élevé",IF(AC48>=0.2,"Modéré","Faible"))),"") -> Élevé | AF48: =IF(ISNUMBER(AC48),IF(AC48>=$K$3,1,0),"") -> 0
A49: Mayo-Kebbi Est | B49: Mayo-Boneye | C49: TCD1101 | D49: TCD1101 | E49: Mayo Boneye | F49: Non | G49: Non | H49: 428159 | I49: 9 | J49: 10 | K49: 42815.9 | L49: 15.000048 | M49: 2 | N49: =IF(ISNUMBER(L49),MIN(1,MAX(0,(L49-$G$3)/($H$3-$G$3))),"") -> 0.16666828 | O49: 15.49666 | P49: 16.539903 | Q49: 15.467036 | R49: =IF(COUNT(O49:Q49)=0,"",MAX(O49:Q49)) -> 16.539903 | S49: =IF(ISNUMBER(R49),MIN(1,MAX(0,R49/$I$3)),IF($G49="Oui",0,"")) -> 0.41349759 | T49: 3.2181111 | U49: -0.98679943 | V49: 100.73513 | W49: 112.86479 | X49: 99.965925 | Y49: =IF(COUNT(V49:X49)=0,"",MIN(V49:X49)) -> 99.965925 | Z49: =IF(ISNUMBER(Y49),MIN(1,MAX(0,(100-Y49)/(100-$J$3))),IF($G49="Oui",0,"")) -> 0.00068149992 | AA49: 100.55468 | AB49: 0.040617504 | AC49: =IF(COUNT(N49,S49,Z49)=0,"",(IF(ISNUMBER(N49),N49*$C$3,0)+IF(ISNUMBER(S49),S49*$D$3,0)+IF(ISNUMBER(Z49),Z49*$E$3,0))/(IF(ISNUMBER(N49),$C$3,0)+IF(ISNUMBER(S49),$D$3,0)+IF(ISNUMBER(Z49),$E$3,0))) -> 0.19092104 | AD49: =IF(ISNUMBER(AC49),RANK(AC49,$AC$6:$AC$75),"") -> 66 | AE49: =IF(ISNUMBER(AC49),IF(AC49>=0.6,"Très élevé",IF(AC49>=0.4,"Élevé",IF(AC49>=0.2,"Modéré","Faible"))),"") -> Faible | AF49: =IF(ISNUMBER(AC49),IF(AC49>=$K$3,1,0),"") -> 0 | AG49: Orthographe fichier HNRP : Mayo Boneye
A50: Mayo-Kebbi Est | B50: Mayo-Lemié | C50: TCD1103 | D50: TCD1103 | E50: Mayo Lemyé | F50: Non | G50: Non | H50: 14888 | I50: 3 | J50: 7 | K50: 1042.16 | L50: 17.000243 | M50: 2 | N50: =IF(ISNUMBER(L50),MIN(1,MAX(0,(L50-$G$3)/($H$3-$G$3))),"") -> 0.23334145 | O50: 14.79857 | P50: 15.85867 | Q50: 15.432116 | R50: =IF(COUNT(O50:Q50)=0,"",MAX(O50:Q50)) -> 15.85867 | S50: =IF(ISNUMBER(R50),MIN(1,MAX(0,R50/$I$3)),IF($G50="Oui",0,"")) -> 0.39646674 | T50: 2.6886072 | U50: -0.97556019 | V50: 99.364555 | W50: 120.51364 | X50: 109.38111 | Y50: =IF(COUNT(V50:X50)=0,"",MIN(V50:X50)) -> 99.364555 | Z50: =IF(ISNUMBER(Y50),MIN(1,MAX(0,(100-Y50)/(100-$J$3))),IF($G50="Oui",0,"")) -> 0.012708897 | AA50: 100.33406 | AB50: 0.078056643 | AC50: =IF(COUNT(N50,S50,Z50)=0,"",(IF(ISNUMBER(N50),N50*$C$3,0)+IF(ISNUMBER(S50),S50*$D$3,0)+IF(ISNUMBER(Z50),Z50*$E$3,0))/(IF(ISNUMBER(N50),$C$3,0)+IF(ISNUMBER(S50),$D$3,0)+IF(ISNUMBER(Z50),$E$3,0))) -> 0.21608927 | AD50: =IF(ISNUMBER(AC50),RANK(AC50,$AC$6:$AC$75),"") -> 64 | AE50: =IF(ISNUMBER(AC50),IF(AC50>=0.6,"Très élevé",IF(AC50>=0.4,"Élevé",IF(AC50>=0.2,"Modéré","Faible"))),"") -> Modéré | AF50: =IF(ISNUMBER(AC50),IF(AC50>=$K$3,1,0),"") -> 0 | AG50: Orthographe fichier HNRP : Mayo Lemyé
A51: Mayo-Kebbi Est | B51: Mont Illi | C51: TCD1104 | D51: TCD1104 | E51: Mont Illi | F51: Non | G51: Non | H51: 413572 | I51: 12 | J51: 21 | K51: 86850.12 | L51: 21 | M51: 3 | N51: =IF(ISNUMBER(L51),MIN(1,MAX(0,(L51-$G$3)/($H$3-$G$3))),"") -> 0.36666667 | O51: 22.36634 | P51: 47.563264 | Q51: 25.648189 | R51: =IF(COUNT(O51:Q51)=0,"",MAX(O51:Q51)) -> 47.563264 | S51: =IF(ISNUMBER(R51),MIN(1,MAX(0,R51/$I$3)),IF($G51="Oui",0,"")) -> 1 | T51: 42.918778 | U51: -0.34403605 | V51: 106.90724 | W51: 104.42792 | X51: 109.75086 | Y51: =IF(COUNT(V51:X51)=0,"",MIN(V51:X51)) -> 104.42792 | Z51: =IF(ISNUMBER(Y51),MIN(1,MAX(0,(100-Y51)/(100-$J$3))),IF($G51="Oui",0,"")) -> 0 | AA51: 94.657622 | AB51: -0.69303829 | AC51: =IF(COUNT(N51,S51,Z51)=0,"",(IF(ISNUMBER(N51),N51*$C$3,0)+IF(ISNUMBER(S51),S51*$D$3,0)+IF(ISNUMBER(Z51),Z51*$E$3,0))/(IF(ISNUMBER(N51),$C$3,0)+IF(ISNUMBER(S51),$D$3,0)+IF(ISNUMBER(Z51),$E$3,0))) -> 0.44666667 | AD51: =IF(ISNUMBER(AC51),RANK(AC51,$AC$6:$AC$75),"") -> 40 | AE51: =IF(ISNUMBER(AC51),IF(AC51>=0.6,"Très élevé",IF(AC51>=0.4,"Élevé",IF(AC51>=0.2,"Modéré","Faible"))),"") -> Élevé | AF51: =IF(ISNUMBER(AC51),IF(AC51>=$K$3,1,0),"") -> 0
A52: Mayo-Kebbi Ouest | B52: Lac Léré | C52: TCD1202 | D52: TCD1202 | E52: Lac Léré | F52: Non | G52: Non | H52: 317214 | I52: 8 | J52: 9 | K52: 28549.26 | L52: 9 | M52: 2 | N52: =IF(ISNUMBER(L52),MIN(1,MAX(0,(L52-$G$3)/($H$3-$G$3))),"") -> 0 | O52: 15.318146 | P52: 59.797206 | Q52: 24.841489 | R52: =IF(COUNT(O52:Q52)=0,"",MAX(O52:Q52)) -> 59.797206 | S52: =IF(ISNUMBER(R52),MIN(1,MAX(0,R52/$I$3)),IF($G52="Oui",0,"")) -> 1 | T52: 57.529889 | U52: -0.16794944 | V52: 99.067655 | W52: 92.301917 | X52: 111.56256 | Y52: =IF(COUNT(V52:X52)=0,"",MIN(V52:X52)) -> 92.301917 | Z52: =IF(ISNUMBER(Y52),MIN(1,MAX(0,(100-Y52)/(100-$J$3))),IF($G52="Oui",0,"")) -> 0.15396167 | AA52: 85.690345 | AB52: -0.53059138 | AC52: =IF(COUNT(N52,S52,Z52)=0,"",(IF(ISNUMBER(N52),N52*$C$3,0)+IF(ISNUMBER(S52),S52*$D$3,0)+IF(ISNUMBER(Z52),Z52*$E$3,0))/(IF(ISNUMBER(N52),$C$3,0)+IF(ISNUMBER(S52),$D$3,0)+IF(ISNUMBER(Z52),$E$3,0))) -> 0.3461885 | AD52: =IF(ISNUMBER(AC52),RANK(AC52,$AC$6:$AC$75),"") -> 50 | AE52: =IF(ISNUMBER(AC52),IF(AC52>=0.6,"Très élevé",IF(AC52>=0.4,"Élevé",IF(AC52>=0.2,"Modéré","Faible"))),"") -> Modéré | AF52: =IF(ISNUMBER(AC52),IF(AC52>=$K$3,1,0),"") -> 0
A53: Mayo-Kebbi Ouest | B53: Mayo-Binder | C53: TCD1203 | D53: TCD1203 | E53: Mayo Binder | F53: Non | G53: Non | H53: 99617 | I53: 9 | J53: 13 | K53: 12950.21 | L53: 13 | M53: 2 | N53: =IF(ISNUMBER(L53),MIN(1,MAX(0,(L53-$G$3)/($H$3-$G$3))),"") -> 0.1 | O53: 15.318146 | P53: 59.797206 | Q53: 24.841489 | R53: =IF(COUNT(O53:Q53)=0,"",MAX(O53:Q53)) -> 59.797206 | S53: =IF(ISNUMBER(R53),MIN(1,MAX(0,R53/$I$3)),IF($G53="Oui",0,"")) -> 1 | T53: 57.529889 | U53: -0.16794944 | V53: 103.81845 | W53: 104.42064 | X53: 119.85883 | Y53: =IF(COUNT(V53:X53)=0,"",MIN(V53:X53)) -> 103.81845 | Z53: =IF(ISNUMBER(Y53),MIN(1,MAX(0,(100-Y53)/(100-$J$3))),IF($G53="Oui",0,"")) -> 0 | AA53: 99.813504 | AB53: -0.30861112 | AC53: =IF(COUNT(N53,S53,Z53)=0,"",(IF(ISNUMBER(N53),N53*$C$3,0)+IF(ISNUMBER(S53),S53*$D$3,0)+IF(ISNUMBER(Z53),Z53*$E$3,0))/(IF(ISNUMBER(N53),$C$3,0)+IF(ISNUMBER(S53),$D$3,0)+IF(ISNUMBER(Z53),$E$3,0))) -> 0.34 | AD53: =IF(ISNUMBER(AC53),RANK(AC53,$AC$6:$AC$75),"") -> 53 | AE53: =IF(ISNUMBER(AC53),IF(AC53>=0.6,"Très élevé",IF(AC53>=0.4,"Élevé",IF(AC53>=0.2,"Modéré","Faible"))),"") -> Modéré | AF53: =IF(ISNUMBER(AC53),IF(AC53>=$K$3,1,0),"") -> 0 | AG53: Orthographe fichier HNRP : Mayo Binder
A54: Mayo-Kebbi Ouest | B54: Mayo-Dallah | C54: TCD1201 | D54: TCD1201 | E54: Mayo Dallah | F54: Non | G54: Non | H54: 607387 | I54: 9 | J54: 13 | K54: 78960.31 | L54: 13 | M54: 2 | N54: =IF(ISNUMBER(L54),MIN(1,MAX(0,(L54-$G$3)/($H$3-$G$3))),"") -> 0.1 | O54: 15.318146 | P54: 59.797206 | Q54: 24.841489 | R54: =IF(COUNT(O54:Q54)=0,"",MAX(O54:Q54)) -> 59.797206 | S54: =IF(ISNUMBER(R54),MIN(1,MAX(0,R54/$I$3)),IF($G54="Oui",0,"")) -> 1 | T54: 57.529889 | U54: -0.16794944 | V54: 97.675729 | W54: 92.348407 | X54: 105.74443 | Y54: =IF(COUNT(V54:X54)=0,"",MIN(V54:X54)) -> 92.348407 | Z54: =IF(ISNUMBER(Y54),MIN(1,MAX(0,(100-Y54)/(100-$J$3))),IF($G54="Oui",0,"")) -> 0.15303186 | AA54: 79.546349 | AB54: -1.0268727 | AC54: =IF(COUNT(N54,S54,Z54)=0,"",(IF(ISNUMBER(N54),N54*$C$3,0)+IF(ISNUMBER(S54),S54*$D$3,0)+IF(ISNUMBER(Z54),Z54*$E$3,0))/(IF(ISNUMBER(N54),$C$3,0)+IF(ISNUMBER(S54),$D$3,0)+IF(ISNUMBER(Z54),$E$3,0))) -> 0.38590956 | AD54: =IF(ISNUMBER(AC54),RANK(AC54,$AC$6:$AC$75),"") -> 45 | AE54: =IF(ISNUMBER(AC54),IF(AC54>=0.6,"Très élevé",IF(AC54>=0.4,"Élevé",IF(AC54>=0.2,"Modéré","Faible"))),"") -> Modéré | AF54: =IF(ISNUMBER(AC54),IF(AC54>=$K$3,1,0),"") -> 0 | AG54: Orthographe fichier HNRP : Mayo Dallah
A55: Moyen-Chari | B55: Bahr-Köh | C55: TCD1301 | D55: TCD1301 | E55: Bahr Koh | F55: Non | G55: Non | H55: 556636 | I55: 3 | J55: 5 | K55: 27831.8 | L55: 15 | M55: 2 | N55: =IF(ISNUMBER(L55),MIN(1,MAX(0,(L55-$G$3)/($H$3-$G$3))),"") -> 0.16666667 | O55: 15.611904 | P55: 12.512576 | Q55: 18.074582 | R55: =IF(COUNT(O55:Q55)=0,"",MAX(O55:Q55)) -> 18.074582 | S55: =IF(ISNUMBER(R55),MIN(1,MAX(0,R55/$I$3)),IF($G55="Oui",0,"")) -> 0.45186454 | T55: 13.742222 | U55: -0.2987834 | V55: 91.516781 | W55: 98.694104 | X55: 103.36138 | Y55: =IF(COUNT(V55:X55)=0,"",MIN(V55:X55)) -> 91.516781 | Z55: =IF(ISNUMBER(Y55),MIN(1,MAX(0,(100-Y55)/(100-$J$3))),IF($G55="Oui",0,"")) -> 0.16966438 | AA55: 89.477878 | AB55: -0.17823204 | AC55: =IF(COUNT(N55,S55,Z55)=0,"",(IF(ISNUMBER(N55),N55*$C$3,0)+IF(ISNUMBER(S55),S55*$D$3,0)+IF(ISNUMBER(Z55),Z55*$E$3,0))/(IF(ISNUMBER(N55),$C$3,0)+IF(ISNUMBER(S55),$D$3,0)+IF(ISNUMBER(Z55),$E$3,0))) -> 0.25312534 | AD55: =IF(ISNUMBER(AC55),RANK(AC55,$AC$6:$AC$75),"") -> 61 | AE55: =IF(ISNUMBER(AC55),IF(AC55>=0.6,"Très élevé",IF(AC55>=0.4,"Élevé",IF(AC55>=0.2,"Modéré","Faible"))),"") -> Modéré | AF55: =IF(ISNUMBER(AC55),IF(AC55>=$K$3,1,0),"") -> 0 | AG55: Orthographe fichier HNRP : Bahr Koh
A56: Moyen-Chari | B56: Grande Sido | C56: TCD1302 | D56: TCD1302 | E56: Grande Sido | F56: Non | G56: Non | H56: 194218 | I56: 12 | J56: 15 | K56: 29132.7 | L56: 20.999893 | M56: 3 | N56: =IF(ISNUMBER(L56),MIN(1,MAX(0,(L56-$G$3)/($H$3-$G$3))),"") -> 0.36666311 | O56: 15.611904 | P56: 12.512576 | Q56: 18.074582 | R56: =IF(COUNT(O56:Q56)=0,"",MAX(O56:Q56)) -> 18.074582 | S56: =IF(ISNUMBER(R56),MIN(1,MAX(0,R56/$I$3)),IF($G56="Oui",0,"")) -> 0.45186454 | T56: 13.742222 | U56: -0.2987834 | V56: 88.201934 | W56: 106.1706 | X56: 107.53888 | Y56: =IF(COUNT(V56:X56)=0,"",MIN(V56:X56)) -> 88.201934 | Z56: =IF(ISNUMBER(Y56),MIN(1,MAX(0,(100-Y56)/(100-$J$3))),IF($G56="Oui",0,"")) -> 0.23596132 | AA56: 86.969946 | AB56: -0.11174247 | AC56: =IF(COUNT(N56,S56,Z56)=0,"",(IF(ISNUMBER(N56),N56*$C$3,0)+IF(ISNUMBER(S56),S56*$D$3,0)+IF(ISNUMBER(Z56),Z56*$E$3,0))/(IF(ISNUMBER(N56),$C$3,0)+IF(ISNUMBER(S56),$D$3,0)+IF(ISNUMBER(Z56),$E$3,0))) -> 0.353013 | AD56: =IF(ISNUMBER(AC56),RANK(AC56,$AC$6:$AC$75),"") -> 49 | AE56: =IF(ISNUMBER(AC56),IF(AC56>=0.6,"Très élevé",IF(AC56>=0.4,"Élevé",IF(AC56>=0.2,"Modéré","Faible"))),"") -> Modéré | AF56: =IF(ISNUMBER(AC56),IF(AC56>=$K$3,1,0),"") -> 0
A57: Moyen-Chari | B57: Lac Iro | C57: TCD1303 | D57: TCD1303 | E57: Lac Iro | F57: Non | G57: Non | H57: 316073 | I57: 3 | J57: 4 | K57: 12642.92 | L57: 15.000066 | M57: 2 | N57: =IF(ISNUMBER(L57),MIN(1,MAX(0,(L57-$G$3)/($H$3-$G$3))),"") -> 0.16666885 | O57: 8.9464957 | P57: 8.4777265 | Q57: 10.128957 | R57: =IF(COUNT(O57:Q57)=0,"",MAX(O57:Q57)) -> 10.128957 | S57: =IF(ISNUMBER(R57),MIN(1,MAX(0,R57/$I$3)),IF($G57="Oui",0,"")) -> 0.25322393 | T57: 6.209 | U57: -0.27034188 | V57: 96.066249 | W57: 103.44101 | X57: 104.83197 | Y57: =IF(COUNT(V57:X57)=0,"",MIN(V57:X57)) -> 96.066249 | Z57: =IF(ISNUMBER(Y57),MIN(1,MAX(0,(100-Y57)/(100-$J$3))),IF($G57="Oui",0,"")) -> 0.078675026 | AA57: 94.42666 | AB57: -0.1365382 | AC57: =IF(COUNT(N57,S57,Z57)=0,"",(IF(ISNUMBER(N57),N57*$C$3,0)+IF(ISNUMBER(S57),S57*$D$3,0)+IF(ISNUMBER(Z57),Z57*$E$3,0))/(IF(ISNUMBER(N57),$C$3,0)+IF(ISNUMBER(S57),$D$3,0)+IF(ISNUMBER(Z57),$E$3,0))) -> 0.16623723 | AD57: =IF(ISNUMBER(AC57),RANK(AC57,$AC$6:$AC$75),"") -> 70 | AE57: =IF(ISNUMBER(AC57),IF(AC57>=0.6,"Très élevé",IF(AC57>=0.4,"Élevé",IF(AC57>=0.2,"Modéré","Faible"))),"") -> Faible | AF57: =IF(ISNUMBER(AC57),IF(AC57>=$K$3,1,0),"") -> 0
A58: N'Djamena | B58: N'Djaména | C58: TCD1801 | D58: TCD1801 | E58: N'Djamena | F58: Non | G58: Non | N58: =IF(ISNUMBER(L58),MIN(1,MAX(0,(L58-$G$3)/($H$3-$G$3))),"") | O58: 11.538392 | P58: 12.677213 | Q58: 15.269035 | R58: =IF(COUNT(O58:Q58)=0,"",MAX(O58:Q58)) -> 15.269035 | S58: =IF(ISNUMBER(R58),MIN(1,MAX(0,R58/$I$3)),IF($G58="Oui",0,"")) -> 0.38172587 | T58: 1.8845 | U58: -0.92307137 | V58: 113.64839 | W58: 138.08811 | X58: 103.79343 | Y58: =IF(COUNT(V58:X58)=0,"",MIN(V58:X58)) -> 103.79343 | Z58: =IF(ISNUMBER(Y58),MIN(1,MAX(0,(100-Y58)/(100-$J$3))),IF($G58="Oui",0,"")) -> 0 | AA58: 95.596758 | AB58: -0.54462772 | AC58: =IF(COUNT(N58,S58,Z58)=0,"",(IF(ISNUMBER(N58),N58*$C$3,0)+IF(ISNUMBER(S58),S58*$D$3,0)+IF(ISNUMBER(Z58),Z58*$E$3,0))/(IF(ISNUMBER(N58),$C$3,0)+IF(ISNUMBER(S58),$D$3,0)+IF(ISNUMBER(Z58),$E$3,0))) -> 0.19086294 | AD58: =IF(ISNUMBER(AC58),RANK(AC58,$AC$6:$AC$75),"") -> 67 | AE58: =IF(ISNUMBER(AC58),IF(AC58>=0.6,"Très élevé",IF(AC58>=0.4,"Élevé",IF(AC58>=0.2,"Modéré","Faible"))),"") -> Faible | AF58: =IF(ISNUMBER(AC58),IF(AC58>=$K$3,1,0),"") -> 0 | AG58: Non couvert par le Cadre Harmonisé (indice sans CH) ; Orthographe fichier HNRP : N'Djamena
A59: Ouaddaï | B59: Abdi | C59: TCD1402 | D59: TCD2102 | E59: Abdi | F59: Oui | G59: Non | H59: 193933 | I59: 21 | J59: 24 | K59: 46543.92 | L59: 28.999751 | M59: 3 | N59: =IF(ISNUMBER(L59),MIN(1,MAX(0,(L59-$G$3)/($H$3-$G$3))),"") -> 0.63332504 | O59: 13.43967 | P59: 11.059832 | Q59: 17.735833 | R59: =IF(COUNT(O59:Q59)=0,"",MAX(O59:Q59)) -> 17.735833 | S59: =IF(ISNUMBER(R59),MIN(1,MAX(0,R59/$I$3)),IF($G59="Oui",0,"")) -> 0.44339582 | T59: 7.4025 | U59: -0.71264363 | V59: 98.935154 | W59: 117.36037 | X59: 74.312307 | Y59: =IF(COUNT(V59:X59)=0,"",MIN(V59:X59)) -> 74.312307 | Z59: =IF(ISNUMBER(Y59),MIN(1,MAX(0,(100-Y59)/(100-$J$3))),IF($G59="Oui",0,"")) -> 0.51375386 | AA59: 74.650875 | AB59: 0.031420814 | AC59: =IF(COUNT(N59,S59,Z59)=0,"",(IF(ISNUMBER(N59),N59*$C$3,0)+IF(ISNUMBER(S59),S59*$D$3,0)+IF(ISNUMBER(Z59),Z59*$E$3,0))/(IF(ISNUMBER(N59),$C$3,0)+IF(ISNUMBER(S59),$D$3,0)+IF(ISNUMBER(Z59),$E$3,0))) -> 0.54047492 | AD59: =IF(ISNUMBER(AC59),RANK(AC59,$AC$6:$AC$75),"") -> 25 | AE59: =IF(ISNUMBER(AC59),IF(AC59>=0.6,"Très élevé",IF(AC59>=0.4,"Élevé",IF(AC59>=0.2,"Modéré","Faible"))),"") -> Élevé | AF59: =IF(ISNUMBER(AC59),IF(AC59>=$K$3,1,0),"") -> 1 | AG59: P-code fichier HNRP (TCD2102) ≠ COD (TCD1402)
A60: Ouaddaï | B60: Assoungha | C60: TCD1403 | D60: TCD1403 | E60: Assoungha | F60: Oui | G60: Non | H60: 518284 | I60: 12 | J60: 21 | K60: 108839.64 | L60: 29.00012 | M60: 3 | N60: =IF(ISNUMBER(L60),MIN(1,MAX(0,(L60-$G$3)/($H$3-$G$3))),"") -> 0.63333733 | O60: 10.851859 | P60: 13.429579 | Q60: 16.561585 | R60: =IF(COUNT(O60:Q60)=0,"",MAX(O60:Q60)) -> 16.561585 | S60: =IF(ISNUMBER(R60),MIN(1,MAX(0,R60/$I$3)),IF($G60="Oui",0,"")) -> 0.41403961 | T60: 3.9734286 | U60: -0.86814869 | V60: 100.34052 | W60: 119.59897 | X60: 59.739732 | Y60: =IF(COUNT(V60:X60)=0,"",MIN(V60:X60)) -> 59.739732 | Z60: =IF(ISNUMBER(Y60),MIN(1,MAX(0,(100-Y60)/(100-$J$3))),IF($G60="Oui",0,"")) -> 0.80520536 | AA60: 59.738833 | AB60: -0.00010379176 | AC60: =IF(COUNT(N60,S60,Z60)=0,"",(IF(ISNUMBER(N60),N60*$C$3,0)+IF(ISNUMBER(S60),S60*$D$3,0)+IF(ISNUMBER(Z60),Z60*$E$3,0))/(IF(ISNUMBER(N60),$C$3,0)+IF(ISNUMBER(S60),$D$3,0)+IF(ISNUMBER(Z60),$E$3,0))) -> 0.61910843 | AD60: =IF(ISNUMBER(AC60),RANK(AC60,$AC$6:$AC$75),"") -> 18 | AE60: =IF(ISNUMBER(AC60),IF(AC60>=0.6,"Très élevé",IF(AC60>=0.4,"Élevé",IF(AC60>=0.2,"Modéré","Faible"))),"") -> Très élevé | AF60: =IF(ISNUMBER(AC60),IF(AC60>=$K$3,1,0),"") -> 1
A61: Ouaddaï | B61: Ouara | C61: TCD1401 | D61: TCD1401 | E61: Ouara | F61: Oui | G61: Non | H61: 596323 | I61: 21 | J61: 24 | K61: 143117.52 | L61: 33.999934 | M61: 3 | N61: =IF(ISNUMBER(L61),MIN(1,MAX(0,(L61-$G$3)/($H$3-$G$3))),"") -> 0.7999978 | O61: 13.43967 | P61: 11.059832 | Q61: 17.735833 | R61: =IF(COUNT(O61:Q61)=0,"",MAX(O61:Q61)) -> 17.735833 | S61: =IF(ISNUMBER(R61),MIN(1,MAX(0,R61/$I$3)),IF($G61="Oui",0,"")) -> 0.44339582 | T61: 7.4025 | U61: -0.71264363 | V61: 118.93493 | W61: 127.98142 | X61: 46.044975 | Y61: =IF(COUNT(V61:X61)=0,"",MIN(V61:X61)) -> 46.044975 | Z61: =IF(ISNUMBER(Y61),MIN(1,MAX(0,(100-Y61)/(100-$J$3))),IF($G61="Oui",0,"")) -> 1 | AA61: 49.746614 | AB61: 0.55442625 | AC61: =IF(COUNT(N61,S61,Z61)=0,"",(IF(ISNUMBER(N61),N61*$C$3,0)+IF(ISNUMBER(S61),S61*$D$3,0)+IF(ISNUMBER(Z61),Z61*$E$3,0))/(IF(ISNUMBER(N61),$C$3,0)+IF(ISNUMBER(S61),$D$3,0)+IF(ISNUMBER(Z61),$E$3,0))) -> 0.75301787 | AD61: =IF(ISNUMBER(AC61),RANK(AC61,$AC$6:$AC$75),"") -> 4 | AE61: =IF(ISNUMBER(AC61),IF(AC61>=0.6,"Très élevé",IF(AC61>=0.4,"Élevé",IF(AC61>=0.2,"Modéré","Faible"))),"") -> Très élevé | AF61: =IF(ISNUMBER(AC61),IF(AC61>=$K$3,1,0),"") -> 1
A62: Salamat | B62: Aboudéia | C62: TCD1502 | D62: TCD1502 | E62: Aboudeia | F62: Non | G62: Non | H62: 117359 | I62: 21 | J62: 24 | K62: 28166.16 | L62: 24 | M62: 3 | N62: =IF(ISNUMBER(L62),MIN(1,MAX(0,(L62-$G$3)/($H$3-$G$3))),"") -> 0.46666667 | O62: 13.82726 | P62: 15.254405 | Q62: 21.334106 | R62: =IF(COUNT(O62:Q62)=0,"",MAX(O62:Q62)) -> 21.334106 | S62: =IF(ISNUMBER(R62),MIN(1,MAX(0,R62/$I$3)),IF($G62="Oui",0,"")) -> 0.53335264 | T62: 11.095 | U62: -0.70614522 | V62: 89.267678 | W62: 110.47692 | X62: 84.075497 | Y62: =IF(COUNT(V62:X62)=0,"",MIN(V62:X62)) -> 84.075497 | Z62: =IF(ISNUMBER(Y62),MIN(1,MAX(0,(100-Y62)/(100-$J$3))),IF($G62="Oui",0,"")) -> 0.31849005 | AA62: 79.111054 | AB62: -0.40722373 | AC62: =IF(COUNT(N62,S62,Z62)=0,"",(IF(ISNUMBER(N62),N62*$C$3,0)+IF(ISNUMBER(S62),S62*$D$3,0)+IF(ISNUMBER(Z62),Z62*$E$3,0))/(IF(ISNUMBER(N62),$C$3,0)+IF(ISNUMBER(S62),$D$3,0)+IF(ISNUMBER(Z62),$E$3,0))) -> 0.44221947 | AD62: =IF(ISNUMBER(AC62),RANK(AC62,$AC$6:$AC$75),"") -> 41 | AE62: =IF(ISNUMBER(AC62),IF(AC62>=0.6,"Très élevé",IF(AC62>=0.4,"Élevé",IF(AC62>=0.2,"Modéré","Faible"))),"") -> Élevé | AF62: =IF(ISNUMBER(AC62),IF(AC62>=$K$3,1,0),"") -> 0 | AG62: Orthographe fichier HNRP : Aboudeia
A63: Salamat | B63: Bahr-Azoum | C63: TCD1501 | D63: TCD1501 | E63: Bahr Azoum | F63: Non | G63: Non | H63: 330611 | I63: 22 | J63: 24 | K63: 79346.64 | L63: 24 | M63: 3 | N63: =IF(ISNUMBER(L63),MIN(1,MAX(0,(L63-$G$3)/($H$3-$G$3))),"") -> 0.46666667 | O63: 13.82726 | P63: 15.254405 | Q63: 21.334106 | R63: =IF(COUNT(O63:Q63)=0,"",MAX(O63:Q63)) -> 21.334106 | S63: =IF(ISNUMBER(R63),MIN(1,MAX(0,R63/$I$3)),IF($G63="Oui",0,"")) -> 0.53335264 | T63: 11.095 | U63: -0.70614522 | V63: 98.162097 | W63: 108.80156 | X63: 93.82336 | Y63: =IF(COUNT(V63:X63)=0,"",MIN(V63:X63)) -> 93.82336 | Z63: =IF(ISNUMBER(Y63),MIN(1,MAX(0,(100-Y63)/(100-$J$3))),IF($G63="Oui",0,"")) -> 0.12353281 | AA63: 92.495038 | AB63: -0.097639249 | AC63: =IF(COUNT(N63,S63,Z63)=0,"",(IF(ISNUMBER(N63),N63*$C$3,0)+IF(ISNUMBER(S63),S63*$D$3,0)+IF(ISNUMBER(Z63),Z63*$E$3,0))/(IF(ISNUMBER(N63),$C$3,0)+IF(ISNUMBER(S63),$D$3,0)+IF(ISNUMBER(Z63),$E$3,0))) -> 0.3837323 | AD63: =IF(ISNUMBER(AC63),RANK(AC63,$AC$6:$AC$75),"") -> 46 | AE63: =IF(ISNUMBER(AC63),IF(AC63>=0.6,"Très élevé",IF(AC63>=0.4,"Élevé",IF(AC63>=0.2,"Modéré","Faible"))),"") -> Modéré | AF63: =IF(ISNUMBER(AC63),IF(AC63>=$K$3,1,0),"") -> 0 | AG63: Orthographe fichier HNRP : Bahr Azoum
A64: Salamat | B64: Haraze-Mangueigne | C64: TCD1503 | D64: TCD1503 | E64: Haraze Mangueigne | F64: Non | G64: Non | H64: 100549 | I64: 22 | J64: 24 | K64: 24131.76 | L64: 24 | M64: 3 | N64: =IF(ISNUMBER(L64),MIN(1,MAX(0,(L64-$G$3)/($H$3-$G$3))),"") -> 0.46666667 | O64: 13.82726 | P64: 15.254405 | Q64: 21.334106 | R64: =IF(COUNT(O64:Q64)=0,"",MAX(O64:Q64)) -> 21.334106 | S64: =IF(ISNUMBER(R64),MIN(1,MAX(0,R64/$I$3)),IF($G64="Oui",0,"")) -> 0.53335264 | T64: 11.095 | U64: -0.70614522 | V64: 102.58247 | W64: 109.72234 | X64: 94.638001 | Y64: =IF(COUNT(V64:X64)=0,"",MIN(V64:X64)) -> 94.638001 | Z64: =IF(ISNUMBER(Y64),MIN(1,MAX(0,(100-Y64)/(100-$J$3))),IF($G64="Oui",0,"")) -> 0.10723999 | AA64: 95.082456 | AB64: 0.032388787 | AC64: =IF(COUNT(N64,S64,Z64)=0,"",(IF(ISNUMBER(N64),N64*$C$3,0)+IF(ISNUMBER(S64),S64*$D$3,0)+IF(ISNUMBER(Z64),Z64*$E$3,0))/(IF(ISNUMBER(N64),$C$3,0)+IF(ISNUMBER(S64),$D$3,0)+IF(ISNUMBER(Z64),$E$3,0))) -> 0.37884446 | AD64: =IF(ISNUMBER(AC64),RANK(AC64,$AC$6:$AC$75),"") -> 47 | AE64: =IF(ISNUMBER(AC64),IF(AC64>=0.6,"Très élevé",IF(AC64>=0.4,"Élevé",IF(AC64>=0.2,"Modéré","Faible"))),"") -> Modéré | AF64: =IF(ISNUMBER(AC64),IF(AC64>=$K$3,1,0),"") -> 0 | AG64: Orthographe fichier HNRP : Haraze Mangueigne
A65: Sila | B65: Djourf Al Ahmar | C65: TCD2102 | D65: TCD1402 | E65: Djourf Al Ahmar | F65: Oui | G65: Non | H65: 147931 | I65: 23 | J65: 28 | K65: 41420.68 | L65: 28 | M65: 3 | N65: =IF(ISNUMBER(L65),MIN(1,MAX(0,(L65-$G$3)/($H$3-$G$3))),"") -> 0.6 | O65: 13.43967 | P65: 11.059832 | Q65: 17.735833 | R65: =IF(COUNT(O65:Q65)=0,"",MAX(O65:Q65)) -> 17.735833 | S65: =IF(ISNUMBER(R65),MIN(1,MAX(0,R65/$I$3)),IF($G65="Oui",0,"")) -> 0.44339582 | T65: 7.4025 | U65: -0.71264363 | V65: 107.44419 | W65: 132.89617 | X65: 66.880642 | Y65: =IF(COUNT(V65:X65)=0,"",MIN(V65:X65)) -> 66.880642 | Z65: =IF(ISNUMBER(Y65),MIN(1,MAX(0,(100-Y65)/(100-$J$3))),IF($G65="Oui",0,"")) -> 0.66238716 | AA65: 62.990732 | AB65: -0.40111703 | AC65: =IF(COUNT(N65,S65,Z65)=0,"",(IF(ISNUMBER(N65),N65*$C$3,0)+IF(ISNUMBER(S65),S65*$D$3,0)+IF(ISNUMBER(Z65),Z65*$E$3,0))/(IF(ISNUMBER(N65),$C$3,0)+IF(ISNUMBER(S65),$D$3,0)+IF(ISNUMBER(Z65),$E$3,0))) -> 0.57173489 | AD65: =IF(ISNUMBER(AC65),RANK(AC65,$AC$6:$AC$75),"") -> 22 | AE65: =IF(ISNUMBER(AC65),IF(AC65>=0.6,"Très élevé",IF(AC65>=0.4,"Élevé",IF(AC65>=0.2,"Modéré","Faible"))),"") -> Élevé | AF65: =IF(ISNUMBER(AC65),IF(AC65>=$K$3,1,0),"") -> 1 | AG65: P-code fichier HNRP (TCD1402) ≠ COD (TCD2102)
A66: Sila | B66: Kimiti | C66: TCD2101 | D66: TCD2101 | E66: Kimiti | F66: Oui | G66: Non | H66: 555109 | I66: 21 | J66: 23 | K66: 127675.07 | L66: 28.000015 | M66: 3 | N66: =IF(ISNUMBER(L66),MIN(1,MAX(0,(L66-$G$3)/($H$3-$G$3))),"") -> 0.6000005 | O66: 17.528329 | P66: 25.505022 | Q66: 35.702826 | R66: =IF(COUNT(O66:Q66)=0,"",MAX(O66:Q66)) -> 35.702826 | S66: =IF(ISNUMBER(R66),MIN(1,MAX(0,R66/$I$3)),IF($G66="Oui",0,"")) -> 0.89257064 | T66: 21.747 | U66: -0.96247073 | V66: 100.3336 | W66: 104.49753 | X66: 66.706947 | Y66: =IF(COUNT(V66:X66)=0,"",MIN(V66:X66)) -> 66.706947 | Z66: =IF(ISNUMBER(Y66),MIN(1,MAX(0,(100-Y66)/(100-$J$3))),IF($G66="Oui",0,"")) -> 0.66586106 | AA66: 67.97215 | AB66: 0.13080403 | AC66: =IF(COUNT(N66,S66,Z66)=0,"",(IF(ISNUMBER(N66),N66*$C$3,0)+IF(ISNUMBER(S66),S66*$D$3,0)+IF(ISNUMBER(Z66),Z66*$E$3,0))/(IF(ISNUMBER(N66),$C$3,0)+IF(ISNUMBER(S66),$D$3,0)+IF(ISNUMBER(Z66),$E$3,0))) -> 0.70752971 | AD66: =IF(ISNUMBER(AC66),RANK(AC66,$AC$6:$AC$75),"") -> 8 | AE66: =IF(ISNUMBER(AC66),IF(AC66>=0.6,"Très élevé",IF(AC66>=0.4,"Élevé",IF(AC66>=0.2,"Modéré","Faible"))),"") -> Très élevé | AF66: =IF(ISNUMBER(AC66),IF(AC66>=$K$3,1,0),"") -> 1
A67: Tandjilé | B67: Tandjile Ouest | C67: TCD1602 | D67: TCD1602 | E67: Tandjilé Ouest | F67: Non | G67: Non | H67: 579297 | I67: 4 | J67: 15 | K67: 86894.55 | L67: 21.000002 | M67: 3 | N67: =IF(ISNUMBER(L67),MIN(1,MAX(0,(L67-$G$3)/($H$3-$G$3))),"") -> 0.36666673 | O67: 16.988125 | P67: 54.254828 | Q67: 46.275532 | R67: =IF(COUNT(O67:Q67)=0,"",MAX(O67:Q67)) -> 54.254828 | S67: =IF(ISNUMBER(R67),MIN(1,MAX(0,R67/$I$3)),IF($G67="Oui",0,"")) -> 1 | T67: 41.693333 | U67: -0.9304811 | V67: 101.21072 | W67: 97.239386 | X67: 97.372777 | Y67: =IF(COUNT(V67:X67)=0,"",MIN(V67:X67)) -> 97.239386 | Z67: =IF(ISNUMBER(Y67),MIN(1,MAX(0,(100-Y67)/(100-$J$3))),IF($G67="Oui",0,"")) -> 0.055212278 | AA67: 84.234134 | AB67: -0.93056122 | AC67: =IF(COUNT(N67,S67,Z67)=0,"",(IF(ISNUMBER(N67),N67*$C$3,0)+IF(ISNUMBER(S67),S67*$D$3,0)+IF(ISNUMBER(Z67),Z67*$E$3,0))/(IF(ISNUMBER(N67),$C$3,0)+IF(ISNUMBER(S67),$D$3,0)+IF(ISNUMBER(Z67),$E$3,0))) -> 0.46323037 | AD67: =IF(ISNUMBER(AC67),RANK(AC67,$AC$6:$AC$75),"") -> 35 | AE67: =IF(ISNUMBER(AC67),IF(AC67>=0.6,"Très élevé",IF(AC67>=0.4,"Élevé",IF(AC67>=0.2,"Modéré","Faible"))),"") -> Élevé | AF67: =IF(ISNUMBER(AC67),IF(AC67>=$K$3,1,0),"") -> 0 | AG67: Orthographe fichier HNRP : Tandjilé Ouest
A68: Tandjilé | B68: Tandjilé Centre | C68: TCD1603 | D68: TCD1603 | E68: Tandjilé Centre | F68: Non | G68: Non | H68: 159687 | I68: 5 | J68: 14 | K68: 22356.18 | L68: 20.999886 | M68: 3 | N68: =IF(ISNUMBER(L68),MIN(1,MAX(0,(L68-$G$3)/($H$3-$G$3))),"") -> 0.36666286 | O68: 16.988125 | P68: 54.254828 | Q68: 46.275532 | R68: =IF(COUNT(O68:Q68)=0,"",MAX(O68:Q68)) -> 54.254828 | S68: =IF(ISNUMBER(R68),MIN(1,MAX(0,R68/$I$3)),IF($G68="Oui",0,"")) -> 1 | T68: 41.693333 | U68: -0.9304811 | V68: 99.877721 | W68: 98.188685 | X68: 92.242318 | Y68: =IF(COUNT(V68:X68)=0,"",MIN(V68:X68)) -> 92.242318 | Z68: =IF(ISNUMBER(Y68),MIN(1,MAX(0,(100-Y68)/(100-$J$3))),IF($G68="Oui",0,"")) -> 0.15515365 | AA68: 82.513713 | AB68: -0.7273649 | AC68: =IF(COUNT(N68,S68,Z68)=0,"",(IF(ISNUMBER(N68),N68*$C$3,0)+IF(ISNUMBER(S68),S68*$D$3,0)+IF(ISNUMBER(Z68),Z68*$E$3,0))/(IF(ISNUMBER(N68),$C$3,0)+IF(ISNUMBER(S68),$D$3,0)+IF(ISNUMBER(Z68),$E$3,0))) -> 0.49321124 | AD68: =IF(ISNUMBER(AC68),RANK(AC68,$AC$6:$AC$75),"") -> 32 | AE68: =IF(ISNUMBER(AC68),IF(AC68>=0.6,"Très élevé",IF(AC68>=0.4,"Élevé",IF(AC68>=0.2,"Modéré","Faible"))),"") -> Élevé | AF68: =IF(ISNUMBER(AC68),IF(AC68>=$K$3,1,0),"") -> 0
A69: Tandjilé | B69: Tandjilé Est | C69: TCD1601 | D69: TCD1601 | E69: Tandjilé Est | F69: Non | G69: Non | H69: 462029 | I69: 7 | J69: 15 | K69: 69304.35 | L69: 28.000102 | M69: 3 | N69: =IF(ISNUMBER(L69),MIN(1,MAX(0,(L69-$G$3)/($H$3-$G$3))),"") -> 0.6000034 | O69: 18.866218 | P69: 25.960689 | Q69: 47.701493 | R69: =IF(COUNT(O69:Q69)=0,"",MAX(O69:Q69)) -> 47.701493 | S69: =IF(ISNUMBER(R69),MIN(1,MAX(0,R69/$I$3)),IF($G69="Oui",0,"")) -> 1 | T69: 33.475 | U69: -0.98113747 | V69: 93.47434 | W69: 102.60901 | X69: 100.58904 | Y69: =IF(COUNT(V69:X69)=0,"",MIN(V69:X69)) -> 93.47434 | Z69: =IF(ISNUMBER(Y69),MIN(1,MAX(0,(100-Y69)/(100-$J$3))),IF($G69="Oui",0,"")) -> 0.1305132 | AA69: 89.980032 | AB69: -0.29906036 | AC69: =IF(COUNT(N69,S69,Z69)=0,"",(IF(ISNUMBER(N69),N69*$C$3,0)+IF(ISNUMBER(S69),S69*$D$3,0)+IF(ISNUMBER(Z69),Z69*$E$3,0))/(IF(ISNUMBER(N69),$C$3,0)+IF(ISNUMBER(S69),$D$3,0)+IF(ISNUMBER(Z69),$E$3,0))) -> 0.57915532 | AD69: =IF(ISNUMBER(AC69),RANK(AC69,$AC$6:$AC$75),"") -> 21 | AE69: =IF(ISNUMBER(AC69),IF(AC69>=0.6,"Très élevé",IF(AC69>=0.4,"Élevé",IF(AC69>=0.2,"Modéré","Faible"))),"") -> Élevé | AF69: =IF(ISNUMBER(AC69),IF(AC69>=$K$3,1,0),"") -> 1
A70: Tibesti | B70: Tibesti Est | C70: TCD2201 | D70: TCD2201 | E70: Tibesti Est | F70: Non | G70: Oui | H70: 26105 | I70: 20 | J70: 22 | K70: 5743.1 | L70: 29.998016 | M70: 3 | N70: =IF(ISNUMBER(L70),MIN(1,MAX(0,(L70-$G$3)/($H$3-$G$3))),"") -> 0.66660054 | R70: =IF(COUNT(O70:Q70)=0,"",MAX(O70:Q70)) | S70: =IF(ISNUMBER(R70),MIN(1,MAX(0,R70/$I$3)),IF($G70="Oui",0,"")) -> 0 | Y70: =IF(COUNT(V70:X70)=0,"",MIN(V70:X70)) | Z70: =IF(ISNUMBER(Y70),MIN(1,MAX(0,(100-Y70)/(100-$J$3))),IF($G70="Oui",0,"")) -> 0 | AC70: =IF(COUNT(N70,S70,Z70)=0,"",(IF(ISNUMBER(N70),N70*$C$3,0)+IF(ISNUMBER(S70),S70*$D$3,0)+IF(ISNUMBER(Z70),Z70*$E$3,0))/(IF(ISNUMBER(N70),$C$3,0)+IF(ISNUMBER(S70),$D$3,0)+IF(ISNUMBER(Z70),$E$3,0))) -> 0.26664022 | AD70: =IF(ISNUMBER(AC70),RANK(AC70,$AC$6:$AC$75),"") -> 60 | AE70: =IF(ISNUMBER(AC70),IF(AC70>=0.6,"Très élevé",IF(AC70>=0.4,"Élevé",IF(AC70>=0.2,"Modéré","Faible"))),"") -> Modéré | AF70: =IF(ISNUMBER(AC70),IF(AC70>=$K$3,1,0),"") -> 0 | AG70: Zone saharienne : ASI et biomasse non applicables (scores aléa = 0)
A71: Tibesti | B71: Tibesti Ouest | C71: TCD2202 | D71: TCD2202 | E71: Tibesti Ouest | F71: Non | G71: Oui | H71: 20133 | I71: 1 | J71: 22 | K71: 4429.26 | L71: 24.003292 | M71: 3 | N71: =IF(ISNUMBER(L71),MIN(1,MAX(0,(L71-$G$3)/($H$3-$G$3))),"") -> 0.46677641 | R71: =IF(COUNT(O71:Q71)=0,"",MAX(O71:Q71)) | S71: =IF(ISNUMBER(R71),MIN(1,MAX(0,R71/$I$3)),IF($G71="Oui",0,"")) -> 0 | Y71: =IF(COUNT(V71:X71)=0,"",MIN(V71:X71)) | Z71: =IF(ISNUMBER(Y71),MIN(1,MAX(0,(100-Y71)/(100-$J$3))),IF($G71="Oui",0,"")) -> 0 | AC71: =IF(COUNT(N71,S71,Z71)=0,"",(IF(ISNUMBER(N71),N71*$C$3,0)+IF(ISNUMBER(S71),S71*$D$3,0)+IF(ISNUMBER(Z71),Z71*$E$3,0))/(IF(ISNUMBER(N71),$C$3,0)+IF(ISNUMBER(S71),$D$3,0)+IF(ISNUMBER(Z71),$E$3,0))) -> 0.18671056 | AD71: =IF(ISNUMBER(AC71),RANK(AC71,$AC$6:$AC$75),"") -> 68 | AE71: =IF(ISNUMBER(AC71),IF(AC71>=0.6,"Très élevé",IF(AC71>=0.4,"Élevé",IF(AC71>=0.2,"Modéré","Faible"))),"") -> Faible | AF71: =IF(ISNUMBER(AC71),IF(AC71>=$K$3,1,0),"") -> 0 | AG71: Zone saharienne : ASI et biomasse non applicables (scores aléa = 0)
A72: Wadi Fira | B72: Biltine | C72: TCD1701 | D72: TCD1701 | E72: Biltine | F72: Oui | G72: Non | H72: 306737 | I72: 2 | J72: 15 | K72: 46010.55 | L72: 27.000101 | M72: 3 | N72: =IF(ISNUMBER(L72),MIN(1,MAX(0,(L72-$G$3)/($H$3-$G$3))),"") -> 0.56667005 | O72: 11.429069 | P72: 12.722228 | Q72: 14.391387 | R72: =IF(COUNT(O72:Q72)=0,"",MAX(O72:Q72)) -> 14.391387 | S72: =IF(ISNUMBER(R72),MIN(1,MAX(0,R72/$I$3)),IF($G72="Oui",0,"")) -> 0.35978467 | T72: 1.1336667 | U72: -0.91432553 | V72: 135.77641 | W72: 153.73158 | X72: 41.969193 | Y72: =IF(COUNT(V72:X72)=0,"",MIN(V72:X72)) -> 41.969193 | Z72: =IF(ISNUMBER(Y72),MIN(1,MAX(0,(100-Y72)/(100-$J$3))),IF($G72="Oui",0,"")) -> 1 | AA72: 55.025654 | AB72: 2.1454919 | AC72: =IF(COUNT(N72,S72,Z72)=0,"",(IF(ISNUMBER(N72),N72*$C$3,0)+IF(ISNUMBER(S72),S72*$D$3,0)+IF(ISNUMBER(Z72),Z72*$E$3,0))/(IF(ISNUMBER(N72),$C$3,0)+IF(ISNUMBER(S72),$D$3,0)+IF(ISNUMBER(Z72),$E$3,0))) -> 0.63460342 | AD72: =IF(ISNUMBER(AC72),RANK(AC72,$AC$6:$AC$75),"") -> 16 | AE72: =IF(ISNUMBER(AC72),IF(AC72>=0.6,"Très élevé",IF(AC72>=0.4,"Élevé",IF(AC72>=0.2,"Modéré","Faible"))),"") -> Très élevé | AF72: =IF(ISNUMBER(AC72),IF(AC72>=$K$3,1,0),"") -> 1
A73: Wadi Fira | B73: Dar-Tama | C73: TCD1702 | D73: TCD1702 | E73: Dar Tama | F73: Oui | G73: Non | H73: 325481 | I73: 9 | J73: 13 | K73: 42312.53 | L73: 21.000043 | M73: 3 | N73: =IF(ISNUMBER(L73),MIN(1,MAX(0,(L73-$G$3)/($H$3-$G$3))),"") -> 0.36666809 | O73: 11.429069 | P73: 12.722228 | Q73: 14.391387 | R73: =IF(COUNT(O73:Q73)=0,"",MAX(O73:Q73)) -> 14.391387 | S73: =IF(ISNUMBER(R73),MIN(1,MAX(0,R73/$I$3)),IF($G73="Oui",0,"")) -> 0.35978467 | T73: 1.1336667 | U73: -0.91432553 | V73: 132.16756 | W73: 142.43809 | X73: 55.030117 | Y73: =IF(COUNT(V73:X73)=0,"",MIN(V73:X73)) -> 55.030117 | Z73: =IF(ISNUMBER(Y73),MIN(1,MAX(0,(100-Y73)/(100-$J$3))),IF($G73="Oui",0,"")) -> 0.89939766 | AA73: 61.453769 | AB73: 0.80503281 | AC73: =IF(COUNT(N73,S73,Z73)=0,"",(IF(ISNUMBER(N73),N73*$C$3,0)+IF(ISNUMBER(S73),S73*$D$3,0)+IF(ISNUMBER(Z73),Z73*$E$3,0))/(IF(ISNUMBER(N73),$C$3,0)+IF(ISNUMBER(S73),$D$3,0)+IF(ISNUMBER(Z73),$E$3,0))) -> 0.52442194 | AD73: =IF(ISNUMBER(AC73),RANK(AC73,$AC$6:$AC$75),"") -> 28 | AE73: =IF(ISNUMBER(AC73),IF(AC73>=0.6,"Très élevé",IF(AC73>=0.4,"Élevé",IF(AC73>=0.2,"Modéré","Faible"))),"") -> Élevé | AF73: =IF(ISNUMBER(AC73),IF(AC73>=$K$3,1,0),"") -> 1 | AG73: Orthographe fichier HNRP : Dar Tama
A74: Wadi Fira | B74: Kobé | C74: TCD1703 | D74: TCD1703 | E74: Kobé | F74: Oui | G74: Non | H74: 253172 | I74: 11 | J74: 21 | K74: 53166.12 | L74: 31.000195 | M74: 3 | N74: =IF(ISNUMBER(L74),MIN(1,MAX(0,(L74-$G$3)/($H$3-$G$3))),"") -> 0.7000065 | O74: 11.429069 | P74: 12.722228 | Q74: 14.391387 | R74: =IF(COUNT(O74:Q74)=0,"",MAX(O74:Q74)) -> 14.391387 | S74: =IF(ISNUMBER(R74),MIN(1,MAX(0,R74/$I$3)),IF($G74="Oui",0,"")) -> 0.35978467 | T74: 1.1336667 | U74: -0.91432553 | V74: 204.8698 | W74: 138.18428 | X74: 37.426939 | Y74: =IF(COUNT(V74:X74)=0,"",MIN(V74:X74)) -> 37.426939 | Z74: =IF(ISNUMBER(Y74),MIN(1,MAX(0,(100-Y74)/(100-$J$3))),IF($G74="Oui",0,"")) -> 1 | AA74: 50.741974 | AB74: 2.4535221 | AC74: =IF(COUNT(N74,S74,Z74)=0,"",(IF(ISNUMBER(N74),N74*$C$3,0)+IF(ISNUMBER(S74),S74*$D$3,0)+IF(ISNUMBER(Z74),Z74*$E$3,0))/(IF(ISNUMBER(N74),$C$3,0)+IF(ISNUMBER(S74),$D$3,0)+IF(ISNUMBER(Z74),$E$3,0))) -> 0.687938 | AD74: =IF(ISNUMBER(AC74),RANK(AC74,$AC$6:$AC$75),"") -> 10 | AE74: =IF(ISNUMBER(AC74),IF(AC74>=0.6,"Très élevé",IF(AC74>=0.4,"Élevé",IF(AC74>=0.2,"Modéré","Faible"))),"") -> Très élevé | AF74: =IF(ISNUMBER(AC74),IF(AC74>=$K$3,1,0),"") -> 1
A75: Wadi Fira | B75: Mégri | C75: TCD1704 | D75: TCD1704 | E75: Megri | F75: Oui | G75: Non | H75: 37059 | I75: 12 | J75: 14 | K75: 5188.26 | L75: 28.002894 | M75: 3 | N75: =IF(ISNUMBER(L75),MIN(1,MAX(0,(L75-$G$3)/($H$3-$G$3))),"") -> 0.60009648 | O75: 11.429069 | P75: 12.722228 | Q75: 14.391387 | R75: =IF(COUNT(O75:Q75)=0,"",MAX(O75:Q75)) -> 14.391387 | S75: =IF(ISNUMBER(R75),MIN(1,MAX(0,R75/$I$3)),IF($G75="Oui",0,"")) -> 0.35978467 | T75: 1.1336667 | U75: -0.91432553 | V75: 171.47286 | W75: 139.26743 | X75: 37.653809 | Y75: =IF(COUNT(V75:X75)=0,"",MIN(V75:X75)) -> 37.653809 | Z75: =IF(ISNUMBER(Y75),MIN(1,MAX(0,(100-Y75)/(100-$J$3))),IF($G75="Oui",0,"")) -> 1 | AA75: 63.617889 | AB75: 4.7554981 | AC75: =IF(COUNT(N75,S75,Z75)=0,"",(IF(ISNUMBER(N75),N75*$C$3,0)+IF(ISNUMBER(S75),S75*$D$3,0)+IF(ISNUMBER(Z75),Z75*$E$3,0))/(IF(ISNUMBER(N75),$C$3,0)+IF(ISNUMBER(S75),$D$3,0)+IF(ISNUMBER(Z75),$E$3,0))) -> 0.64797399 | AD75: =IF(ISNUMBER(AC75),RANK(AC75,$AC$6:$AC$75),"") -> 15 | AE75: =IF(ISNUMBER(AC75),IF(AC75>=0.6,"Très élevé",IF(AC75>=0.4,"Élevé",IF(AC75>=0.2,"Modéré","Faible"))),"") -> Très élevé | AF75: =IF(ISNUMBER(AC75),IF(AC75>=$K$3,1,0),"") -> 1 | AG75: Orthographe fichier HNRP : Megri

Sheet Listes departements inclus
B1: Portée analyse données Historique | D1: Portée analyse données clusters
A3: Portée de l'analyse provisoire | B3: departement inclus | C3: departement en attente | D3: departement hors portée | G3: Portée donnéé Historique | H3: departemnet inclus | I3: departemnet exclus | M3: Portée données cluster | N3: departemnet inclus | O3: departemnet exclus
B4: =COUNTIF(E6:E75,"Oui") -> 37 | C4: =COUNTIF(E6:E75,"Pending") -> 8 | D4: =COUNTIF(E6:E75,"Non") -> 25 | H4: =COUNTIF(K6:K75,"Oui") -> 37 | I4: =COUNTIF(K6:K75,"Non") -> 33 | N4: =COUNTIF(Q6:Q75,"Oui") -> 26 | O4: =COUNTIF(Q6:Q75,"Non") -> 44
A5: ADM1_FR | B5: ADM1_PCODE | C5: ADM2_FR | D5: ADM2_PCODE | E5: Portée | G5: ADM1_FR | H5: ADM1_PCODE | I5: ADM2_FR | J5: ADM2_PCODE | K5: Portée | M5: ADM1_FR | N5: ADM1_PCODE | O5: ADM2_FR | P5: ADM2_PCODE | Q5: Portée
A6: SILA | B6: TCD21 | C6: Abdi | D6: TCD2102 | E6: Oui | G6: BATHA | H6: TCD01 | I6: Batha Ouest | J6: TCD0101 | K6: Oui | M6: BATHA | N6: TCD01 | O6: Batha Ouest | P6: TCD0101 | Q6: Non
A7: SALAMAT | B7: TCD15 | C7: Aboudeia | D7: TCD1502 | E7: Oui | G7: BATHA | H7: TCD01 | I7: Batha Est | J7: TCD0102 | K7: Non | M7: BATHA | N7: TCD01 | O7: Batha Est | P7: TCD0102 | Q7: Oui | T7: Portée analyse données clusters
A8: GUÉRA | B8: TCD04 | C8: Abtouyour | D8: TCD0402 | E8: Pending | G8: BATHA | H8: TCD01 | I8: Fitri | J8: TCD0103 | K8: Non | M8: BATHA | N8: TCD01 | O8: Fitri | P8: TCD0103 | Q8: Oui | T8: Portée analyse données secondaire
A9: ENNEDI EST | B9: TCD20 | C9: Amdjarass | D9: TCD2001 | E9: Oui | G9: BORKOU | H9: TCD02 | I9: Borkou | J9: TCD0201 | K9: Non | M9: BORKOU | N9: TCD02 | O9: Borkou | P9: TCD0201 | Q9: Non
A10: OUADDAÏ | B10: TCD14 | C10: Assoungha | D10: TCD1403 | E10: Oui | G10: BORKOU | H10: TCD02 | I10: Borkou Yala | J10: TCD0202 | K10: Oui | M10: BORKOU | N10: TCD02 | O10: Borkou Yala | P10: TCD0202 | Q10: Non
A11: CHARI BAGUIRMI | B11: TCD03 | C11: Baguirmi | D11: TCD0301 | E11: Non | G11: CHARI BAGUIRMI | H11: TCD03 | I11: Baguirmi | J11: TCD0301 | K11: Non | M11: CHARI BAGUIRMI | N11: TCD03 | O11: Baguirmi | P11: TCD0301 | Q11: Non
A12: GUÉRA | B12: TCD04 | C12: Bahar Signaka | D12: TCD0403 | E12: Non | G12: CHARI BAGUIRMI | H12: TCD03 | I12: Chari | J12: TCD0302 | K12: Non | M12: CHARI BAGUIRMI | N12: TCD03 | O12: Chari | P12: TCD0302 | Q12: Non
A13: SALAMAT | B13: TCD15 | C13: Bahr Azoum | D13: TCD1501 | E13: Oui | G13: CHARI BAGUIRMI | H13: TCD03 | I13: Loug Chari | J13: TCD0303 | K13: Non | M13: CHARI BAGUIRMI | N13: TCD03 | O13: Loug Chari | P13: TCD0303 | Q13: Non
A14: MOYEN CHARI | B14: TCD13 | C14: Bahr Koh | D14: TCD1301 | E14: Oui | G14: GUÉRA | H14: TCD04 | I14: Guéra | J14: TCD0401 | K14: Oui | M14: GUÉRA | N14: TCD04 | O14: Guéra | P14: TCD0401 | Q14: Oui
A15: BARH EL GAZEL | B15: TCD19 | C15: Barh El Gazel Nord | D15: TCD1902 | E15: Non | G15: GUÉRA | H15: TCD04 | I15: Abtouyour | J15: TCD0402 | K15: Non | M15: GUÉRA | N15: TCD04 | O15: Abtouyour | P15: TCD0402 | Q15: Oui
A16: BARH EL GAZEL | B16: TCD19 | C16: Barh El Gazel Ouest | D16: TCD1903 | E16: Non | G16: GUÉRA | H16: TCD04 | I16: Bahar Signaka | J16: TCD0403 | K16: Non | M16: GUÉRA | N16: TCD04 | O16: Bahar Signaka | P16: TCD0403 | Q16: Non
A17: BARH EL GAZEL | B17: TCD19 | C17: Barh El Gazel Sud | D17: TCD1901 | E17: Non | G17: GUÉRA | H17: TCD04 | I17: Mangalmé | J17: TCD0404 | K17: Oui | M17: GUÉRA | N17: TCD04 | O17: Mangalmé | P17: TCD0404 | Q17: Oui
A18: MANDOUL | B18: TCD10 | C18: Barh Sara | D18: TCD1002 | E18: Pending | G18: HADJER LAMIS | H18: TCD05 | I18: Dagana | J18: TCD0501 | K18: Oui | M18: HADJER LAMIS | N18: TCD05 | O18: Dagana | P18: TCD0501 | Q18: Oui
A19: BATHA | B19: TCD01 | C19: Batha Est | D19: TCD0102 | E19: Pending | G19: HADJER LAMIS | H19: TCD05 | I19: Dababa | J19: TCD0502 | K19: Non | M19: HADJER LAMIS | N19: TCD05 | O19: Dababa | P19: TCD0502 | Q19: Non
A20: BATHA | B20: TCD01 | C20: Batha Ouest | D20: TCD0101 | E20: Oui | G20: HADJER LAMIS | H20: TCD05 | I20: Haraze Al Biar | J20: TCD0503 | K20: Oui | M20: HADJER LAMIS | N20: TCD05 | O20: Haraze Al Biar | P20: TCD0503 | Q20: Oui
... A75: LAC | B75: TCD07 | C75: Wayi | D75: TCD0702 | E75: Pending | G75: ENNEDI OUEST | H75: TCD23 | I75: Mourtcha | J75: TCD2302 | K75: Non | M75: ENNEDI OUEST | N75: TCD23 | O75: Mourtcha | P75: TCD2302 | Q75: Non

Sheet Choc Conflit
A1: Données Historique , Choc conflit par année, par province et departement | F1: Les Impacts du choc conflit | J1: Les indicateurs mesurant les impacts | M1: la ponderation
A2: Années | B2: Choc | C2: Province | D2: Départements | E2: Population | F2: Nbr_Pers_deplacement_forcé | G2: %(Ratio pers. deplacés sur population) | H2: Décés | I2: Bléssées | J2: Indicateur_poids des personne deplacés | K2: Indicateur_Décés | L2: Indicateur_Bléssées | M2: Priorisationzone
A3: 2022 | B3: Conflit | C3: BARH EL GAZEL | D3: Barh El Gazel Nord | E3: 215256.83 | F3: 0 | G3: =Tableau2[[#This Row],[Nbr_Pers_deplacement_forcé]]/Tableau2[[#This Row],[Population]] -> 0 | J3: =IF(G3>=20%,1,0) -> 0 | K3: =IF(H3>0,1,0) -> 0 | L3: =IF(I3>50,1,0) -> 0 | M3: =(Tableau2[[#This Row],[Indicateur_poids des personne deplacés]]*40%)+(Tableau2[[#This Row],[Indicateur_Décés]]*40%)+(Tableau2[[#This Row],[Indicateur_Bléssées]]*20%) -> 0
A4: 2022 | B4: Conflit | C4: BARH EL GAZEL | D4: Barh El Gazel Ouest | E4: 82188.801 | F4: 0 | G4: =Tableau2[[#This Row],[Nbr_Pers_deplacement_forcé]]/Tableau2[[#This Row],[Population]] -> 0 | J4: =IF(G4>=20%,1,0) -> 0 | K4: =IF(H4>0,1,0) -> 0 | L4: =IF(I4>50,1,0) -> 0 | M4: =(Tableau2[[#This Row],[Indicateur_poids des personne deplacés]]*40%)+(Tableau2[[#This Row],[Indicateur_Décés]]*40%)+(Tableau2[[#This Row],[Indicateur_Bléssées]]*20%) -> 0
A5: 2022 | B5: Conflit | C5: BARH EL GAZEL | D5: Barh El Gazel Sud | E5: 93929.759 | F5: 0 | G5: =Tableau2[[#This Row],[Nbr_Pers_deplacement_forcé]]/Tableau2[[#This Row],[Population]] -> 0 | J5: =IF(G5>=20%,1,0) -> 0 | K5: =IF(H5>0,1,0) -> 0 | L5: =IF(I5>50,1,0) -> 0 | M5: =(Tableau2[[#This Row],[Indicateur_poids des personne deplacés]]*40%)+(Tableau2[[#This Row],[Indicateur_Décés]]*40%)+(Tableau2[[#This Row],[Indicateur_Bléssées]]*20%) -> 0
A6: 2022 | B6: Conflit | C6: BATHA | D6: Batha Est | E6: 292631.04 | F6: 0 | G6: =Tableau2[[#This Row],[Nbr_Pers_deplacement_forcé]]/Tableau2[[#This Row],[Population]] -> 0 | J6: =IF(G6>=20%,1,0) -> 0 | K6: =IF(H6>0,1,0) -> 0 | L6: =IF(I6>50,1,0) -> 0 | M6: =(Tableau2[[#This Row],[Indicateur_poids des personne deplacés]]*40%)+(Tableau2[[#This Row],[Indicateur_Décés]]*40%)+(Tableau2[[#This Row],[Indicateur_Bléssées]]*20%) -> 0
A7: 2022 | B7: Conflit | C7: BATHA | D7: Batha Ouest | E7: 266923.13 | F7: 0 | G7: =Tableau2[[#This Row],[Nbr_Pers_deplacement_forcé]]/Tableau2[[#This Row],[Population]] -> 0 | H7: 50 | J7: =IF(G7>=20%,1,0) -> 0 | K7: =IF(H7>0,1,0) -> 1 | L7: =IF(I7>50,1,0) -> 0 | M7: =(Tableau2[[#This Row],[Indicateur_poids des personne deplacés]]*40%)+(Tableau2[[#This Row],[Indicateur_Décés]]*40%)+(Tableau2[[#This Row],[Indicateur_Bléssées]]*20%) -> 0.4
A8: 2022 | B8: Conflit | C8: BATHA | D8: Fitri | E8: 163406.09 | F8: 0 | G8: =Tableau2[[#This Row],[Nbr_Pers_deplacement_forcé]]/Tableau2[[#This Row],[Population]] -> 0 | J8: =IF(G8>=20%,1,0) -> 0 | K8: =IF(H8>0,1,0) -> 0 | L8: =IF(I8>50,1,0) -> 0 | M8: =(Tableau2[[#This Row],[Indicateur_poids des personne deplacés]]*40%)+(Tableau2[[#This Row],[Indicateur_Décés]]*40%)+(Tableau2[[#This Row],[Indicateur_Bléssées]]*20%) -> 0
A9: 2022 | B9: Conflit | C9: BORKOU | D9: Borkou | E9: 105738.84 | F9: 0 | G9: =Tableau2[[#This Row],[Nbr_Pers_deplacement_forcé]]/Tableau2[[#This Row],[Population]] -> 0 | J9: =IF(G9>=20%,1,0) -> 0 | K9: =IF(H9>0,1,0) -> 0 | L9: =IF(I9>50,1,0) -> 0 | M9: =(Tableau2[[#This Row],[Indicateur_poids des personne deplacés]]*40%)+(Tableau2[[#This Row],[Indicateur_Décés]]*40%)+(Tableau2[[#This Row],[Indicateur_Bléssées]]*20%) -> 0
A10: 2022 | B10: Conflit | C10: BORKOU | D10: Borkou Yala | E10: 38995.743 | F10: 0 | G10: =Tableau2[[#This Row],[Nbr_Pers_deplacement_forcé]]/Tableau2[[#This Row],[Population]] -> 0 | J10: =IF(G10>=20%,1,0) -> 0 | K10: =IF(H10>0,1,0) -> 0 | L10: =IF(I10>50,1,0) -> 0 | M10: =(Tableau2[[#This Row],[Indicateur_poids des personne deplacés]]*40%)+(Tableau2[[#This Row],[Indicateur_Décés]]*40%)+(Tableau2[[#This Row],[Indicateur_Bléssées]]*20%) -> 0
A11: 2022 | B11: Conflit | C11: CHARI BAGUIRMI | D11: Baguirmi | E11: 321119.34 | F11: 0 | G11: =Tableau2[[#This Row],[Nbr_Pers_deplacement_forcé]]/Tableau2[[#This Row],[Population]] -> 0 | I11: 4 | J11: =IF(G11>=20%,1,0) -> 0 | K11: =IF(H11>0,1,0) -> 0 | L11: =IF(I11>50,1,0) -> 0 | M11: =(Tableau2[[#This Row],[Indicateur_poids des personne deplacés]]*40%)+(Tableau2[[#This Row],[Indicateur_Décés]]*40%)+(Tableau2[[#This Row],[Indicateur_Bléssées]]*20%) -> 0
A12: 2022 | B12: Conflit | C12: CHARI BAGUIRMI | D12: Chari | E12: 280055.85 | F12: 0 | G12: =Tableau2[[#This Row],[Nbr_Pers_deplacement_forcé]]/Tableau2[[#This Row],[Population]] -> 0 | J12: =IF(G12>=20%,1,0) -> 0 | K12: =IF(H12>0,1,0) -> 0 | L12: =IF(I12>50,1,0) -> 0 | M12: =(Tableau2[[#This Row],[Indicateur_poids des personne deplacés]]*40%)+(Tableau2[[#This Row],[Indicateur_Décés]]*40%)+(Tableau2[[#This Row],[Indicateur_Bléssées]]*20%) -> 0
A13: 2022 | B13: Conflit | C13: CHARI BAGUIRMI | D13: Loug Chari | E13: 284493.17 | F13: 0 | G13: =Tableau2[[#This Row],[Nbr_Pers_deplacement_forcé]]/Tableau2[[#This Row],[Population]] -> 0 | J13: =IF(G13>=20%,1,0) -> 0 | K13: =IF(H13>0,1,0) -> 0 | L13: =IF(I13>50,1,0) -> 0 | M13: =(Tableau2[[#This Row],[Indicateur_poids des personne deplacés]]*40%)+(Tableau2[[#This Row],[Indicateur_Décés]]*40%)+(Tableau2[[#This Row],[Indicateur_Bléssées]]*20%) -> 0
A14: 2022 | B14: Conflit | C14: ENNEDI EST | D14: Amdjarass | E14: 122624.52 | F14: 0 | G14: =Tableau2[[#This Row],[Nbr_Pers_deplacement_forcé]]/Tableau2[[#This Row],[Population]] -> 0 | J14: =IF(G14>=20%,1,0) -> 0 | K14: =IF(H14>0,1,0) -> 0 | L14: =IF(I14>50,1,0) -> 0 | M14: =(Tableau2[[#This Row],[Indicateur_poids des personne deplacés]]*40%)+(Tableau2[[#This Row],[Indicateur_Décés]]*40%)+(Tableau2[[#This Row],[Indicateur_Bléssées]]*20%) -> 0
A15: 2022 | B15: Conflit | C15: ENNEDI EST | D15: Wadi Hawar | E15: 43066.249 | F15: 35691 | G15: =Tableau2[[#This Row],[Nbr_Pers_deplacement_forcé]]/Tableau2[[#This Row],[Population]] -> 0.82874643 | J15: =IF(G15>=20%,1,0) -> 1 | K15: =IF(H15>0,1,0) -> 0 | L15: =IF(I15>50,1,0) -> 0 | M15: =(Tableau2[[#This Row],[Indicateur_poids des personne deplacés]]*40%)+(Tableau2[[#This Row],[Indicateur_Décés]]*40%)+(Tableau2[[#This Row],[Indicateur_Bléssées]]*20%) -> 0.4
A16: 2022 | B16: Conflit | C16: ENNEDI OUEST | D16: Fada | E16: 60840.653 | F16: 0 | G16: =Tableau2[[#This Row],[Nbr_Pers_deplacement_forcé]]/Tableau2[[#This Row],[Population]] -> 0 | J16: =IF(G16>=20%,1,0) -> 0 | K16: =IF(H16>0,1,0) -> 0 | L16: =IF(I16>50,1,0) -> 0 | M16: =(Tableau2[[#This Row],[Indicateur_poids des personne deplacés]]*40%)+(Tableau2[[#This Row],[Indicateur_Décés]]*40%)+(Tableau2[[#This Row],[Indicateur_Bléssées]]*20%) -> 0
A17: 2022 | B17: Conflit | C17: ENNEDI OUEST | D17: Mourtcha | E17: 32761.077 | F17: 0 | G17: =Tableau2[[#This Row],[Nbr_Pers_deplacement_forcé]]/Tableau2[[#This Row],[Population]] -> 0 | J17: =IF(G17>=20%,1,0) -> 0 | K17: =IF(H17>0,1,0) -> 0 | L17: =IF(I17>50,1,0) -> 0 | M17: =(Tableau2[[#This Row],[Indicateur_poids des personne deplacés]]*40%)+(Tableau2[[#This Row],[Indicateur_Décés]]*40%)+(Tableau2[[#This Row],[Indicateur_Bléssées]]*20%) -> 0
A18: 2022 | B18: Conflit | C18: GUÉRA | D18: Abtouyour | E18: 213445.86 | F18: 0 | G18: =Tableau2[[#This Row],[Nbr_Pers_deplacement_forcé]]/Tableau2[[#This Row],[Population]] -> 0 | J18: =IF(G18>=20%,1,0) -> 0 | K18: =IF(H18>0,1,0) -> 0 | L18: =IF(I18>50,1,0) -> 0 | M18: =(Tableau2[[#This Row],[Indicateur_poids des personne deplacés]]*40%)+(Tableau2[[#This Row],[Indicateur_Décés]]*40%)+(Tableau2[[#This Row],[Indicateur_Bléssées]]*20%) -> 0
A19: 2022 | B19: Conflit | C19: GUÉRA | D19: Bahar Signaka | E19: 207240.54 | F19: 0 | G19: =Tableau2[[#This Row],[Nbr_Pers_deplacement_forcé]]/Tableau2[[#This Row],[Population]] -> 0 | J19: =IF(G19>=20%,1,0) -> 0 | K19: =IF(H19>0,1,0) -> 0 | L19: =IF(I19>50,1,0) -> 0 | M19: =(Tableau2[[#This Row],[Indicateur_poids des personne deplacés]]*40%)+(Tableau2[[#This Row],[Indicateur_Décés]]*40%)+(Tableau2[[#This Row],[Indicateur_Bléssées]]*20%) -> 0
A20: 2022 | B20: Conflit | C20: GUÉRA | D20: Guéra | E20: 128195.79 | F20: 0 | G20: =Tableau2[[#This Row],[Nbr_Pers_deplacement_forcé]]/Tableau2[[#This Row],[Population]] -> 0 | H20: 1 | I20: 14 | J20: =IF(G20>=20%,1,0) -> 0 | K20: =IF(H20>0,1,0) -> 1 | L20: =IF(I20>50,1,0) -> 0 | M20: =(Tableau2[[#This Row],[Indicateur_poids des personne deplacés]]*40%)+(Tableau2[[#This Row],[Indicateur_Décés]]*40%)+(Tableau2[[#This Row],[Indicateur_Bléssées]]*20%) -> 0.4
A21: 2022 | B21: Conflit | C21: GUÉRA | D21: Mangalmé | E21: 117471.41 | F21: 825 | G21: =Tableau2[[#This Row],[Nbr_Pers_deplacement_forcé]]/Tableau2[[#This Row],[Population]] -> 0.0070229853 | H21: 108 | I21: 90 | J21: =IF(G21>=20%,1,0) -> 0 | K21: =IF(H21>0,1,0) -> 1 | L21: =IF(I21>50,1,0) -> 1 | M21: =(Tableau2[[#This Row],[Indicateur_poids des personne deplacés]]*40%)+(Tableau2[[#This Row],[Indicateur_Décés]]*40%)+(Tableau2[[#This Row],[Indicateur_Bléssées]]*20%) -> 0.6
A22: 2022 | B22: Conflit | C22: HADJER LAMIS | D22: Dababa | E22: 286316.02 | F22: 0 | G22: =Tableau2[[#This Row],[Nbr_Pers_deplacement_forcé]]/Tableau2[[#This Row],[Population]] -> 0 | J22: =IF(G22>=20%,1,0) -> 0 | K22: =IF(H22>0,1,0) -> 0 | L22: =IF(I22>50,1,0) -> 0 | M22: =(Tableau2[[#This Row],[Indicateur_poids des personne deplacés]]*40%)+(Tableau2[[#This Row],[Indicateur_Décés]]*40%)+(Tableau2[[#This Row],[Indicateur_Bléssées]]*20%) -> 0
A23: 2022 | B23: Conflit | C23: HADJER LAMIS | D23: Dagana | E23: 347261.55 | F23: 0 | G23: =Tableau2[[#This Row],[Nbr_Pers_deplacement_forcé]]/Tableau2[[#This Row],[Population]] -> 0 | J23: =IF(G23>=20%,1,0) -> 0 | K23: =IF(H23>0,1,0) -> 0 | L23: =IF(I23>50,1,0) -> 0 | M23: =(Tableau2[[#This Row],[Indicateur_poids des personne deplacés]]*40%)+(Tableau2[[#This Row],[Indicateur_Décés]]*40%)+(Tableau2[[#This Row],[Indicateur_Bléssées]]*20%) -> 0
A24: 2022 | B24: Conflit | C24: HADJER LAMIS | D24: Haraze Al Biar | E24: 228127.83 | F24: 0 | G24: =Tableau2[[#This Row],[Nbr_Pers_deplacement_forcé]]/Tableau2[[#This Row],[Population]] -> 0 | J24: =IF(G24>=20%,1,0) -> 0 | K24: =IF(H24>0,1,0) -> 0 | L24: =IF(I24>50,1,0) -> 0 | M24: =(Tableau2[[#This Row],[Indicateur_poids des personne deplacés]]*40%)+(Tableau2[[#This Row],[Indicateur_Décés]]*40%)+(Tableau2[[#This Row],[Indicateur_Bléssées]]*20%) -> 0
A25: 2022 | B25: Conflit | C25: KANEM | D25: Kanem | E25: 239924.06 | F25: 0 | G25: =Tableau2[[#This Row],[Nbr_Pers_deplacement_forcé]]/Tableau2[[#This Row],[Population]] -> 0 | J25: =IF(G25>=20%,1,0) -> 0 | K25: =IF(H25>0,1,0) -> 0 | L25: =IF(I25>50,1,0) -> 0 | M25: =(Tableau2[[#This Row],[Indicateur_poids des personne deplacés]]*40%)+(Tableau2[[#This Row],[Indicateur_Décés]]*40%)+(Tableau2[[#This Row],[Indicateur_Bléssées]]*20%) -> 0
A26: 2022 | B26: Conflit | C26: KANEM | D26: Nord Kanem | E26: 142481.34 | F26: 0 | G26: =Tableau2[[#This Row],[Nbr_Pers_deplacement_forcé]]/Tableau2[[#This Row],[Population]] -> 0 | J26: =IF(G26>=20%,1,0) -> 0 | K26: =IF(H26>0,1,0) -> 0 | L26: =IF(I26>50,1,0) -> 0 | M26: =(Tableau2[[#This Row],[Indicateur_poids des personne deplacés]]*40%)+(Tableau2[[#This Row],[Indicateur_Décés]]*40%)+(Tableau2[[#This Row],[Indicateur_Bléssées]]*20%) -> 0
A27: 2022 | B27: Conflit | C27: KANEM | D27: Wadi Bissam | E27: 139788.98 | F27: 0 | G27: =Tableau2[[#This Row],[Nbr_Pers_deplacement_forcé]]/Tableau2[[#This Row],[Population]] -> 0 | J27: =IF(G27>=20%,1,0) -> 0 | K27: =IF(H27>0,1,0) -> 0 | L27: =IF(I27>50,1,0) -> 0 | M27: =(Tableau2[[#This Row],[Indicateur_poids des personne deplacés]]*40%)+(Tableau2[[#This Row],[Indicateur_Décés]]*40%)+(Tableau2[[#This Row],[Indicateur_Bléssées]]*20%) -> 0
A28: 2022 | B28: Conflit | C28: LAC | D28: Fouli | E28: 98928.954 | F28: 0 | G28: =Tableau2[[#This Row],[Nbr_Pers_deplacement_forcé]]/Tableau2[[#This Row],[Population]] -> 0 | J28: =IF(G28>=20%,1,0) -> 0 | K28: =IF(H28>0,1,0) -> 0 | L28: =IF(I28>50,1,0) -> 0 | M28: =(Tableau2[[#This Row],[Indicateur_poids des personne deplacés]]*40%)+(Tableau2[[#This Row],[Indicateur_Décés]]*40%)+(Tableau2[[#This Row],[Indicateur_Bléssées]]*20%) -> 0
A29: 2022 | B29: Conflit | C29: LAC | D29: Kaya | E29: 325416.73 | F29: 24112 | G29: =Tableau2[[#This Row],[Nbr_Pers_deplacement_forcé]]/Tableau2[[#This Row],[Population]] -> 0.074095761 | J29: =IF(G29>=20%,1,0) -> 0 | K29: =IF(H29>0,1,0) -> 0 | L29: =IF(I29>50,1,0) -> 0 | M29: =(Tableau2[[#This Row],[Indicateur_poids des personne deplacés]]*40%)+(Tableau2[[#This Row],[Indicateur_Décés]]*40%)+(Tableau2[[#This Row],[Indicateur_Bléssées]]*20%) -> 0
A30: 2022 | B30: Conflit | C30: LAC | D30: Mamdi | E30: 60048.444 | F30: 78598 | G30: =Tableau2[[#This Row],[Nbr_Pers_deplacement_forcé]]/Tableau2[[#This Row],[Population]] -> 1.3089099 | H30: 30 | J30: =IF(G30>=20%,1,0) -> 1 | K30: =IF(H30>0,1,0) -> 1 | L30: =IF(I30>50,1,0) -> 0 | M30: =(Tableau2[[#This Row],[Indicateur_poids des personne deplacés]]*40%)+(Tableau2[[#This Row],[Indicateur_Décés]]*40%)+(Tableau2[[#This Row],[Indicateur_Bléssées]]*20%) -> 0.8
A31: 2022 | B31: Conflit | C31: LAC | D31: Wayi | E31: 110296.85 | F31: 0 | G31: =Tableau2[[#This Row],[Nbr_Pers_deplacement_forcé]]/Tableau2[[#This Row],[Population]] -> 0 | J31: =IF(G31>=20%,1,0) -> 0 | K31: =IF(H31>0,1,0) -> 0 | L31: =IF(I31>50,1,0) -> 0 | M31: =(Tableau2[[#This Row],[Indicateur_poids des personne deplacés]]*40%)+(Tableau2[[#This Row],[Indicateur_Décés]]*40%)+(Tableau2[[#This Row],[Indicateur_Bléssées]]*20%) -> 0
A32: 2022 | B32: Conflit | C32: LOGONE OCCIDENTAL | D32: Djode | E32: 520605.04 | F32: 0 | G32: =Tableau2[[#This Row],[Nbr_Pers_deplacement_forcé]]/Tableau2[[#This Row],[Population]] -> 0 | H32: 1 | J32: =IF(G32>=20%,1,0) -> 0 | K32: =IF(H32>0,1,0) -> 1 | L32: =IF(I32>50,1,0) -> 0 | M32: =(Tableau2[[#This Row],[Indicateur_poids des personne deplacés]]*40%)+(Tableau2[[#This Row],[Indicateur_Décés]]*40%)+(Tableau2[[#This Row],[Indicateur_Bléssées]]*20%) -> 0.4
A33: 2022 | B33: Conflit | C33: LOGONE OCCIDENTAL | D33: Gueni | E33: 167038.69 | F33: 0 | G33: =Tableau2[[#This Row],[Nbr_Pers_deplacement_forcé]]/Tableau2[[#This Row],[Population]] -> 0 | H33: 11 | I33: 10 | J33: =IF(G33>=20%,1,0) -> 0 | K33: =IF(H33>0,1,0) -> 1 | L33: =IF(I33>50,1,0) -> 0 | M33: =(Tableau2[[#This Row],[Indicateur_poids des personne deplacés]]*40%)+(Tableau2[[#This Row],[Indicateur_Décés]]*40%)+(Tableau2[[#This Row],[Indicateur_Bléssées]]*20%) -> 0.4
A34: 2022 | B34: Conflit | C34: LOGONE OCCIDENTAL | D34: Lac wey | E34: 144505.2 | F34: 0 | G34: =Tableau2[[#This Row],[Nbr_Pers_deplacement_forcé]]/Tableau2[[#This Row],[Population]] -> 0 | J34: =IF(G34>=20%,1,0) -> 0 | K34: =IF(H34>0,1,0) -> 0 | L34: =IF(I34>50,1,0) -> 0 | M34: =(Tableau2[[#This Row],[Indicateur_poids des personne deplacés]]*40%)+(Tableau2[[#This Row],[Indicateur_Décés]]*40%)+(Tableau2[[#This Row],[Indicateur_Bléssées]]*20%) -> 0
A35: 2022 | B35: Conflit | C35: LOGONE OCCIDENTAL | D35: Ngourkosso | E35: 249974.8 | F35: 0 | G35: =Tableau2[[#This Row],[Nbr_Pers_deplacement_forcé]]/Tableau2[[#This Row],[Population]] -> 0 | J35: =IF(G35>=20%,1,0) -> 0 | K35: =IF(H35>0,1,0) -> 0 | L35: =IF(I35>50,1,0) -> 0 | M35: =(Tableau2[[#This Row],[Indicateur_poids des personne deplacés]]*40%)+(Tableau2[[#This Row],[Indicateur_Décés]]*40%)+(Tableau2[[#This Row],[Indicateur_Bléssées]]*20%) -> 0
A36: 2022 | B36: Conflit | C36: LOGONE ORIENTAL | D36: Kouh Est | E36: 250547 | F36: 0 | G36: =Tableau2[[#This Row],[Nbr_Pers_deplacement_forcé]]/Tableau2[[#This Row],[Population]] -> 0 | J36: =IF(G36>=20%,1,0) -> 0 | K36: =IF(H36>0,1,0) -> 0 | L36: =IF(I36>50,1,0) -> 0 | M36: =(Tableau2[[#This Row],[Indicateur_poids des personne deplacés]]*40%)+(Tableau2[[#This Row],[Indicateur_Décés]]*40%)+(Tableau2[[#This Row],[Indicateur_Bléssées]]*20%) -> 0
A37: 2022 | B37: Conflit | C37: LOGONE ORIENTAL | D37: Kouh Ouest | E37: 158254.16 | F37: 0 | G37: =Tableau2[[#This Row],[Nbr_Pers_deplacement_forcé]]/Tableau2[[#This Row],[Population]] -> 0 | J37: =IF(G37>=20%,1,0) -> 0 | K37: =IF(H37>0,1,0) -> 0 | L37: =IF(I37>50,1,0) -> 0 | M37: =(Tableau2[[#This Row],[Indicateur_poids des personne deplacés]]*40%)+(Tableau2[[#This Row],[Indicateur_Décés]]*40%)+(Tableau2[[#This Row],[Indicateur_Bléssées]]*20%) -> 0
A38: 2022 | B38: Conflit | C38: LOGONE ORIENTAL | D38: La pendé | E38: 77315.579 | F38: 759 | G38: =Tableau2[[#This Row],[Nbr_Pers_deplacement_forcé]]/Tableau2[[#This Row],[Population]] -> 0.0098169089 | J38: =IF(G38>=20%,1,0) -> 0 | K38: =IF(H38>0,1,0) -> 0 | L38: =IF(I38>50,1,0) -> 0 | M38: =(Tableau2[[#This Row],[Indicateur_poids des personne deplacés]]*40%)+(Tableau2[[#This Row],[Indicateur_Décés]]*40%)+(Tableau2[[#This Row],[Indicateur_Bléssées]]*20%) -> 0
A39: 2022 | B39: Conflit | C39: LOGONE ORIENTAL | D39: Monts de lam | E39: 220072.67 | F39: 69198 | G39: =Tableau2[[#This Row],[Nbr_Pers_deplacement_forcé]]/Tableau2[[#This Row],[Population]] -> 0.3144325 | H39: 15 | I39: 35 | J39: =IF(G39>=20%,1,0) -> 1 | K39: =IF(H39>0,1,0) -> 1 | L39: =IF(I39>50,1,0) -> 0 | M39: =(Tableau2[[#This Row],[Indicateur_poids des personne deplacés]]*40%)+(Tableau2[[#This Row],[Indicateur_Décés]]*40%)+(Tableau2[[#This Row],[Indicateur_Bléssées]]*20%) -> 0.8
A40: 2022 | B40: Conflit | C40: LOGONE ORIENTAL | D40: Nya | E40: 168778.38 | F40: 690 | G40: =Tableau2[[#This Row],[Nbr_Pers_deplacement_forcé]]/Tableau2[[#This Row],[Population]] -> 0.0040882013 | H40: 100 | J40: =IF(G40>=20%,1,0) -> 0 | K40: =IF(H40>0,1,0) -> 1 | L40: =IF(I40>50,1,0) -> 0 | M40: =(Tableau2[[#This Row],[Indicateur_poids des personne deplacés]]*40%)+(Tableau2[[#This Row],[Indicateur_Décés]]*40%)+(Tableau2[[#This Row],[Indicateur_Bléssées]]*20%) -> 0.4
A41: 2022 | B41: Conflit | C41: LOGONE ORIENTAL | D41: Nya pendé | E41: 341942.72 | F41: 25914 | G41: =Tableau2[[#This Row],[Nbr_Pers_deplacement_forcé]]/Tableau2[[#This Row],[Population]] -> 0.075784622 | H41: 20 | J41: =IF(G41>=20%,1,0) -> 0 | K41: =IF(H41>0,1,0) -> 1 | L41: =IF(I41>50,1,0) -> 0 | M41: =(Tableau2[[#This Row],[Indicateur_poids des personne deplacés]]*40%)+(Tableau2[[#This Row],[Indicateur_Décés]]*40%)+(Tableau2[[#This Row],[Indicateur_Bléssées]]*20%) -> 0.4
A42: 2022 | B42: Conflit | C42: MANDOUL | D42: Barh Sara | E42: 396726.58 | F42: 20685 | G42: =Tableau2[[#This Row],[Nbr_Pers_deplacement_forcé]]/Tableau2[[#This Row],[Population]] -> 0.052139184 | H42: 1 | I42: 2 | J42: =IF(G42>=20%,1,0) -> 0 | K42: =IF(H42>0,1,0) -> 1 | L42: =IF(I42>50,1,0) -> 0 | M42: =(Tableau2[[#This Row],[Indicateur_poids des personne deplacés]]*40%)+(Tableau2[[#This Row],[Indicateur_Décés]]*40%)+(Tableau2[[#This Row],[Indicateur_Bléssées]]*20%) -> 0.4
A43: 2022 | B43: Conflit | C43: MANDOUL | D43: Mandoul Occidental | E43: 336524.17 | F43: 0 | G43: =Tableau2[[#This Row],[Nbr_Pers_deplacement_forcé]]/Tableau2[[#This Row],[Population]] -> 0 | H43: 4 | I43: 4 | J43: =IF(G43>=20%,1,0) -> 0 | K43: =IF(H43>0,1,0) -> 1 | L43: =IF(I43>50,1,0) -> 0 | M43: =(Tableau2[[#This Row],[Indicateur_poids des personne deplacés]]*40%)+(Tableau2[[#This Row],[Indicateur_Décés]]*40%)+(Tableau2[[#This Row],[Indicateur_Bléssées]]*20%) -> 0.4
A44: 2022 | B44: Conflit | C44: MANDOUL | D44: Mandoul Oriental | E44: 239629.57 | F44: 0 | G44: =Tableau2[[#This Row],[Nbr_Pers_deplacement_forcé]]/Tableau2[[#This Row],[Population]] -> 0 | H44: 5 | I44: 3 | J44: =IF(G44>=20%,1,0) -> 0 | K44: =IF(H44>0,1,0) -> 1 | L44: =IF(I44>50,1,0) -> 0 | M44: =(Tableau2[[#This Row],[Indicateur_poids des personne deplacés]]*40%)+(Tableau2[[#This Row],[Indicateur_Décés]]*40%)+(Tableau2[[#This Row],[Indicateur_Bléssées]]*20%) -> 0.4
A45: 2022 | B45: Conflit | C45: MAYO KEBBI EST | D45: Kabbia | E45: 366002.85 | F45: 0 | G45: =Tableau2[[#This Row],[Nbr_Pers_deplacement_forcé]]/Tableau2[[#This Row],[Population]] -> 0 | H45: 10 | J45: =IF(G45>=20%,1,0) -> 0 | K45: =IF(H45>0,1,0) -> 1 | L45: =IF(I45>50,1,0) -> 0 | M45: =(Tableau2[[#This Row],[Indicateur_poids des personne deplacés]]*40%)+(Tableau2[[#This Row],[Indicateur_Décés]]*40%)+(Tableau2[[#This Row],[Indicateur_Bléssées]]*20%) -> 0.4
A46: 2022 | B46: Conflit | C46: MAYO KEBBI EST | D46: Mayo Boneye | E46: 354937.87 | F46: 3286 | G46: =Tableau2[[#This Row],[Nbr_Pers_deplacement_forcé]]/Tableau2[[#This Row],[Population]] -> 0.0092579584 | H46: 50 | I46: 0 | J46: =IF(G46>=20%,1,0) -> 0 | K46: =IF(H46>0,1,0) -> 1 | L46: =IF(I46>50,1,0) -> 0 | M46: =(Tableau2[[#This Row],[Indicateur_poids des personne deplacés]]*40%)+(Tableau2[[#This Row],[Indicateur_Décés]]*40%)+(Tableau2[[#This Row],[Indicateur_Bléssées]]*20%) -> 0.4
A47: 2022 | B47: Conflit | C47: MAYO KEBBI EST | D47: Mayo Lemyé | E47: 127267.25 | F47: 124 | G47: =Tableau2[[#This Row],[Nbr_Pers_deplacement_forcé]]/Tableau2[[#This Row],[Population]] -> 0.00097432767 | J47: =IF(G47>=20%,1,0) -> 0 | K47: =IF(H47>0,1,0) -> 0 | L47: =IF(I47>50,1,0) -> 0 | M47: =(Tableau2[[#This Row],[Indicateur_poids des personne deplacés]]*40%)+(Tableau2[[#This Row],[Indicateur_Décés]]*40%)+(Tableau2[[#This Row],[Indicateur_Bléssées]]*20%) -> 0
A48: 2022 | B48: Conflit | C48: MAYO KEBBI EST | D48: Mont Illi | E48: 353533.52 | F48: 0 | G48: =Tableau2[[#This Row],[Nbr_Pers_deplacement_forcé]]/Tableau2[[#This Row],[Population]] -> 0 | J48: =IF(G48>=20%,1,0) -> 0 | K48: =IF(H48>0,1,0) -> 0 | L48: =IF(I48>50,1,0) -> 0 | M48: =(Tableau2[[#This Row],[Indicateur_poids des personne deplacés]]*40%)+(Tableau2[[#This Row],[Indicateur_Décés]]*40%)+(Tableau2[[#This Row],[Indicateur_Bléssées]]*20%) -> 0
A49: 2022 | B49: Conflit | C49: MAYO KEBBI OUEST | D49: Lac Léré | E49: 525410.13 | F49: 0 | G49: =Tableau2[[#This Row],[Nbr_Pers_deplacement_forcé]]/Tableau2[[#This Row],[Population]] -> 0 | J49: =IF(G49>=20%,1,0) -> 0 | K49: =IF(H49>0,1,0) -> 0 | L49: =IF(I49>50,1,0) -> 0 | M49: =(Tableau2[[#This Row],[Indicateur_poids des personne deplacés]]*40%)+(Tableau2[[#This Row],[Indicateur_Décés]]*40%)+(Tableau2[[#This Row],[Indicateur_Bléssées]]*20%) -> 0
A50: 2022 | B50: Conflit | C50: MAYO KEBBI OUEST | D50: Mayo Binder | E50: 274401.47 | F50: 0 | G50: =Tableau2[[#This Row],[Nbr_Pers_deplacement_forcé]]/Tableau2[[#This Row],[Population]] -> 0 | J50: =IF(G50>=20%,1,0) -> 0 | K50: =IF(H50>0,1,0) -> 0 | L50: =IF(I50>50,1,0) -> 0 | M50: =(Tableau2[[#This Row],[Indicateur_poids des personne deplacés]]*40%)+(Tableau2[[#This Row],[Indicateur_Décés]]*40%)+(Tableau2[[#This Row],[Indicateur_Bléssées]]*20%) -> 0
A51: 2022 | B51: Conflit | C51: MAYO KEBBI OUEST | D51: Mayo Dallah | E51: 86172.22 | F51: 0 | G51: =Tableau2[[#This Row],[Nbr_Pers_deplacement_forcé]]/Tableau2[[#This Row],[Population]] -> 0 | J51: =IF(G51>=20%,1,0) -> 0 | K51: =IF(H51>0,1,0) -> 0 | L51: =IF(I51>50,1,0) -> 0 | M51: =(Tableau2[[#This Row],[Indicateur_poids des personne deplacés]]*40%)+(Tableau2[[#This Row],[Indicateur_Décés]]*40%)+(Tableau2[[#This Row],[Indicateur_Bléssées]]*20%) -> 0
A52: 2022 | B52: Conflit | C52: MOYEN CHARI | D52: Bahr Koh | E52: 479944.54 | F52: 1500 | G52: =Tableau2[[#This Row],[Nbr_Pers_deplacement_forcé]]/Tableau2[[#This Row],[Population]] -> 0.0031253611 | H52: 19 | I52: 11 | J52: =IF(G52>=20%,1,0) -> 0 | K52: =IF(H52>0,1,0) -> 1 | L52: =IF(I52>50,1,0) -> 0 | M52: =(Tableau2[[#This Row],[Indicateur_poids des personne deplacés]]*40%)+(Tableau2[[#This Row],[Indicateur_Décés]]*40%)+(Tableau2[[#This Row],[Indicateur_Bléssées]]*20%) -> 0.4
A53: 2022 | B53: Conflit | C53: MOYEN CHARI | D53: Grande Sido | E53: 167458.78 | F53: 33415 | G53: =Tableau2[[#This Row],[Nbr_Pers_deplacement_forcé]]/Tableau2[[#This Row],[Population]] -> 0.19954164 | H53: 42 | I53: 7 | J53: =IF(G53>=20%,1,0) -> 0 | K53: =IF(H53>0,1,0) -> 1 | L53: =IF(I53>50,1,0) -> 0 | M53: =(Tableau2[[#This Row],[Indicateur_poids des personne deplacés]]*40%)+(Tableau2[[#This Row],[Indicateur_Décés]]*40%)+(Tableau2[[#This Row],[Indicateur_Bléssées]]*20%) -> 0.4
A54: 2022 | B54: Conflit | C54: MOYEN CHARI | D54: Lac Iro | E54: 272524.79 | F54: 7945 | G54: =Tableau2[[#This Row],[Nbr_Pers_deplacement_forcé]]/Tableau2[[#This Row],[Population]] -> 0.029153311 | H54: 19 | I54: 23 | J54: =IF(G54>=20%,1,0) -> 0 | K54: =IF(H54>0,1,0) -> 1 | L54: =IF(I54>50,1,0) -> 0 | M54: =(Tableau2[[#This Row],[Indicateur_poids des personne deplacés]]*40%)+(Tableau2[[#This Row],[Indicateur_Décés]]*40%)+(Tableau2[[#This Row],[Indicateur_Bléssées]]*20%) -> 0.4
A55: 2022 | B55: Conflit | C55: N'DJAMENA | D55: N'Djamena | E55: 1668716.8 | F55: 6555 | G55: =Tableau2[[#This Row],[Nbr_Pers_deplacement_forcé]]/Tableau2[[#This Row],[Population]] -> 0.0039281681 | J55: =IF(G55>=20%,1,0) -> 0 | K55: =IF(H55>0,1,0) -> 0 | L55: =IF(I55>50,1,0) -> 0 | M55: =(Tableau2[[#This Row],[Indicateur_poids des personne deplacés]]*40%)+(Tableau2[[#This Row],[Indicateur_Décés]]*40%)+(Tableau2[[#This Row],[Indicateur_Bléssées]]*20%) -> 0
A56: 2022 | B56: Conflit | C56: OUADDAÏ | D56: Assoungha | E56: 510527.35 | F56: 0 | G56: =Tableau2[[#This Row],[Nbr_Pers_deplacement_forcé]]/Tableau2[[#This Row],[Population]] -> 0 | H56: 8 | I56: 18 | J56: =IF(G56>=20%,1,0) -> 0 | K56: =IF(H56>0,1,0) -> 1 | L56: =IF(I56>50,1,0) -> 0 | M56: =(Tableau2[[#This Row],[Indicateur_poids des personne deplacés]]*40%)+(Tableau2[[#This Row],[Indicateur_Décés]]*40%)+(Tableau2[[#This Row],[Indicateur_Bléssées]]*20%) -> 0.4
A57: 2022 | B57: Conflit | C57: OUADDAÏ | D57: Djourf Al Ahmar | E57: 166031.22 | F57: 111125 | G57: =Tableau2[[#This Row],[Nbr_Pers_deplacement_forcé]]/Tableau2[[#This Row],[Population]] -> 0.66930183 | J57: =IF(G57>=20%,1,0) -> 1 | K57: =IF(H57>0,1,0) -> 0 | L57: =IF(I57>50,1,0) -> 0 | M57: =(Tableau2[[#This Row],[Indicateur_poids des personne deplacés]]*40%)+(Tableau2[[#This Row],[Indicateur_Décés]]*40%)+(Tableau2[[#This Row],[Indicateur_Bléssées]]*20%) -> 0.4
A58: 2022 | B58: Conflit | C58: OUADDAÏ | D58: Ouara | E58: 443716.2 | F58: 35669 | G58: =Tableau2[[#This Row],[Nbr_Pers_deplacement_forcé]]/Tableau2[[#This Row],[Population]] -> 0.080386969 | H58: 42 | I58: 7 | J58: =IF(G58>=20%,1,0) -> 0 | K58: =IF(H58>0,1,0) -> 1 | L58: =IF(I58>50,1,0) -> 0 | M58: =(Tableau2[[#This Row],[Indicateur_poids des personne deplacés]]*40%)+(Tableau2[[#This Row],[Indicateur_Décés]]*40%)+(Tableau2[[#This Row],[Indicateur_Bléssées]]*20%) -> 0.4
A59: 2022 | B59: Conflit | C59: SALAMAT | D59: Aboudeia | E59: 284573.86 | F59: 0 | G59: =Tableau2[[#This Row],[Nbr_Pers_deplacement_forcé]]/Tableau2[[#This Row],[Population]] -> 0 | J59: =IF(G59>=20%,1,0) -> 0 | K59: =IF(H59>0,1,0) -> 0 | L59: =IF(I59>50,1,0) -> 0 | M59: =(Tableau2[[#This Row],[Indicateur_poids des personne deplacés]]*40%)+(Tableau2[[#This Row],[Indicateur_Décés]]*40%)+(Tableau2[[#This Row],[Indicateur_Bléssées]]*20%) -> 0
A60: 2022 | B60: Conflit | C60: SALAMAT | D60: Bahr Azoum | E60: 101016.46 | F60: 0 | G60: =Tableau2[[#This Row],[Nbr_Pers_deplacement_forcé]]/Tableau2[[#This Row],[Population]] -> 0 | H60: 1 | J60: =IF(G60>=20%,1,0) -> 0 | K60: =IF(H60>0,1,0) -> 1 | L60: =IF(I60>50,1,0) -> 0 | M60: =(Tableau2[[#This Row],[Indicateur_poids des personne deplacés]]*40%)+(Tableau2[[#This Row],[Indicateur_Décés]]*40%)+(Tableau2[[#This Row],[Indicateur_Bléssées]]*20%) -> 0.4
A61: 2022 | B61: Conflit | C61: SALAMAT | D61: Haraze Mangueigne | E61: 86547.513 | F61: 8596 | G61: =Tableau2[[#This Row],[Nbr_Pers_deplacement_forcé]]/Tableau2[[#This Row],[Population]] -> 0.099321167 | H61: 1 | J61: =IF(G61>=20%,1,0) -> 0 | K61: =IF(H61>0,1,0) -> 1 | L61: =IF(I61>50,1,0) -> 0 | M61: =(Tableau2[[#This Row],[Indicateur_poids des personne deplacés]]*40%)+(Tableau2[[#This Row],[Indicateur_Décés]]*40%)+(Tableau2[[#This Row],[Indicateur_Bléssées]]*20%) -> 0.4
A62: 2022 | B62: Conflit | C62: SILA | D62: Abdi | E62: 466474.35 | F62: 0 | G62: =Tableau2[[#This Row],[Nbr_Pers_deplacement_forcé]]/Tableau2[[#This Row],[Population]] -> 0 | J62: =IF(G62>=20%,1,0) -> 0 | K62: =IF(H62>0,1,0) -> 0 | L62: =IF(I62>50,1,0) -> 0 | M62: =(Tableau2[[#This Row],[Indicateur_poids des personne deplacés]]*40%)+(Tableau2[[#This Row],[Indicateur_Décés]]*40%)+(Tableau2[[#This Row],[Indicateur_Bléssées]]*20%) -> 0
A63: 2022 | B63: Conflit | C63: SILA | D63: Kimiti | E63: 124310.78 | F63: 65170 | G63: =Tableau2[[#This Row],[Nbr_Pers_deplacement_forcé]]/Tableau2[[#This Row],[Population]] -> 0.52425057 | J63: =IF(G63>=20%,1,0) -> 1 | K63: =IF(H63>0,1,0) -> 0 | L63: =IF(I63>50,1,0) -> 0 | M63: =(Tableau2[[#This Row],[Indicateur_poids des personne deplacés]]*40%)+(Tableau2[[#This Row],[Indicateur_Décés]]*40%)+(Tableau2[[#This Row],[Indicateur_Bléssées]]*20%) -> 0.4
A64: 2022 | B64: Conflit | C64: TANDJILÉ | D64: Tandjilé Centre | E64: 401641.79 | F64: 0 | G64: =Tableau2[[#This Row],[Nbr_Pers_deplacement_forcé]]/Tableau2[[#This Row],[Population]] -> 0 | J64: =IF(G64>=20%,1,0) -> 0 | K64: =IF(H64>0,1,0) -> 0 | L64: =IF(I64>50,1,0) -> 0 | M64: =(Tableau2[[#This Row],[Indicateur_poids des personne deplacés]]*40%)+(Tableau2[[#This Row],[Indicateur_Décés]]*40%)+(Tableau2[[#This Row],[Indicateur_Bléssées]]*20%) -> 0
A65: 2022 | B65: Conflit | C65: TANDJILÉ | D65: Tandjilé Est | E65: 503582.61 | F65: 0 | G65: =Tableau2[[#This Row],[Nbr_Pers_deplacement_forcé]]/Tableau2[[#This Row],[Population]] -> 0 | J65: =IF(G65>=20%,1,0) -> 0 | K65: =IF(H65>0,1,0) -> 0 | L65: =IF(I65>50,1,0) -> 0 | M65: =(Tableau2[[#This Row],[Indicateur_poids des personne deplacés]]*40%)+(Tableau2[[#This Row],[Indicateur_Décés]]*40%)+(Tableau2[[#This Row],[Indicateur_Bléssées]]*20%) -> 0
A66: 2022 | B66: Conflit | C66: TANDJILÉ | D66: Tandjilé Ouest | E66: 138815.37 | F66: 0 | G66: =Tableau2[[#This Row],[Nbr_Pers_deplacement_forcé]]/Tableau2[[#This Row],[Population]] -> 0 | H66: 2 | I66: 11 | J66: =IF(G66>=20%,1,0) -> 0 | K66: =IF(H66>0,1,0) -> 1 | L66: =IF(I66>50,1,0) -> 0 | M66: =(Tableau2[[#This Row],[Indicateur_poids des personne deplacés]]*40%)+(Tableau2[[#This Row],[Indicateur_Décés]]*40%)+(Tableau2[[#This Row],[Indicateur_Bléssées]]*20%) -> 0.4
A67: 2022 | B67: Conflit | C67: TIBESTI | D67: Tibesti Est | E67: 22356.343 | F67: 0 | G67: =Tableau2[[#This Row],[Nbr_Pers_deplacement_forcé]]/Tableau2[[#This Row],[Population]] -> 0 | J67: =IF(G67>=20%,1,0) -> 0 | K67: =IF(H67>0,1,0) -> 0 | L67: =IF(I67>50,1,0) -> 0 | M67: =(Tableau2[[#This Row],[Indicateur_poids des personne deplacés]]*40%)+(Tableau2[[#This Row],[Indicateur_Décés]]*40%)+(Tableau2[[#This Row],[Indicateur_Bléssées]]*20%) -> 0
A68: 2022 | B68: Conflit | C68: TIBESTI | D68: Tibesti Ouest | E68: 17242.01 | F68: 0 | G68: =Tableau2[[#This Row],[Nbr_Pers_deplacement_forcé]]/Tableau2[[#This Row],[Population]] -> 0 | H68: 200 | I68: 30 | J68: =IF(G68>=20%,1,0) -> 0 | K68: =IF(H68>0,1,0) -> 1 | L68: =IF(I68>50,1,0) -> 0 | M68: =(Tableau2[[#This Row],[Indicateur_poids des personne deplacés]]*40%)+(Tableau2[[#This Row],[Indicateur_Décés]]*40%)+(Tableau2[[#This Row],[Indicateur_Bléssées]]*20%) -> 0.4
A69: 2022 | B69: Conflit | C69: WADI FIRA | D69: Biltine | E69: 263021 | F69: 0 | G69: =Tableau2[[#This Row],[Nbr_Pers_deplacement_forcé]]/Tableau2[[#This Row],[Population]] -> 0 | J69: =IF(G69>=20%,1,0) -> 0 | K69: =IF(H69>0,1,0) -> 0 | L69: =IF(I69>50,1,0) -> 0 | M69: =(Tableau2[[#This Row],[Indicateur_poids des personne deplacés]]*40%)+(Tableau2[[#This Row],[Indicateur_Décés]]*40%)+(Tableau2[[#This Row],[Indicateur_Bléssées]]*20%) -> 0
A70: 2022 | B70: Conflit | C70: WADI FIRA | D70: Dar Tama | E70: 279093.4 | F70: 46615 | G70: =Tableau2[[#This Row],[Nbr_Pers_deplacement_forcé]]/Tableau2[[#This Row],[Population]] -> 0.16702294 | H70: 27 | J70: =IF(G70>=20%,1,0) -> 0 | K70: =IF(H70>0,1,0) -> 1 | L70: =IF(I70>50,1,0) -> 0 | M70: =(Tableau2[[#This Row],[Indicateur_poids des personne deplacés]]*40%)+(Tableau2[[#This Row],[Indicateur_Décés]]*40%)+(Tableau2[[#This Row],[Indicateur_Bléssées]]*20%) -> 0.4
A71: 2022 | B71: Conflit | C71: WADI FIRA | D71: Kobé | E71: 217402.89 | F71: 82095 | G71: =Tableau2[[#This Row],[Nbr_Pers_deplacement_forcé]]/Tableau2[[#This Row],[Population]] -> 0.37761688 | J71: =IF(G71>=20%,1,0) -> 1 | K71: =IF(H71>0,1,0) -> 0 | L71: =IF(I71>50,1,0) -> 0 | M71: =(Tableau2[[#This Row],[Indicateur_poids des personne deplacés]]*40%)+(Tableau2[[#This Row],[Indicateur_Décés]]*40%)+(Tableau2[[#This Row],[Indicateur_Bléssées]]*20%) -> 0.4
A72: 2022 | B72: Conflit | C72: WADI FIRA | D72: Megri | E72: 31464.636 | F72: 0 | G72: =Tableau2[[#This Row],[Nbr_Pers_deplacement_forcé]]/Tableau2[[#This Row],[Population]] -> 0 | J72: =IF(G72>=20%,1,0) -> 0 | K72: =IF(H72>0,1,0) -> 0 | L72: =IF(I72>50,1,0) -> 0 | M72: =(Tableau2[[#This Row],[Indicateur_poids des personne deplacés]]*40%)+(Tableau2[[#This Row],[Indicateur_Décés]]*40%)+(Tableau2[[#This Row],[Indicateur_Bléssées]]*20%) -> 0
A73: 2023 | B73: Conflit | C73: BARH EL GAZEL | D73: Barh El Gazel Nord | E73: 226616.97 | F73: 0 | G73: =Tableau2[[#This Row],[Nbr_Pers_deplacement_forcé]]/Tableau2[[#This Row],[Population]] -> 0 | J73: =IF(G73>=20%,1,0) -> 0 | K73: =IF(H73>0,1,0) -> 0 | L73: =IF(I73>50,1,0) -> 0 | M73: =(Tableau2[[#This Row],[Indicateur_poids des personne deplacés]]*40%)+(Tableau2[[#This Row],[Indicateur_Décés]]*40%)+(Tableau2[[#This Row],[Indicateur_Bléssées]]*20%) -> 0
A74: 2023 | B74: Conflit | C74: BARH EL GAZEL | D74: Barh El Gazel Ouest | E74: 86526.297 | F74: 0 | G74: =Tableau2[[#This Row],[Nbr_Pers_deplacement_forcé]]/Tableau2[[#This Row],[Population]] -> 0 | J74: =IF(G74>=20%,1,0) -> 0 | K74: =IF(H74>0,1,0) -> 0 | L74: =IF(I74>50,1,0) -> 0 | M74: =(Tableau2[[#This Row],[Indicateur_poids des personne deplacés]]*40%)+(Tableau2[[#This Row],[Indicateur_Décés]]*40%)+(Tableau2[[#This Row],[Indicateur_Bléssées]]*20%) -> 0
A75: 2023 | B75: Conflit | C75: BARH EL GAZEL | D75: Barh El Gazel Sud | E75: 98886.882 | F75: 0 | G75: =Tableau2[[#This Row],[Nbr_Pers_deplacement_forcé]]/Tableau2[[#This Row],[Population]] -> 0 | J75: =IF(G75>=20%,1,0) -> 0 | K75: =IF(H75>0,1,0) -> 0 | L75: =IF(I75>50,1,0) -> 0 | M75: =(Tableau2[[#This Row],[Indicateur_poids des personne deplacés]]*40%)+(Tableau2[[#This Row],[Indicateur_Décés]]*40%)+(Tableau2[[#This Row],[Indicateur_Bléssées]]*20%) -> 0
A76: 2023 | B76: Conflit | C76: BATHA | D76: Batha Est | E76: 308074.57 | F76: 0 | G76: =Tableau2[[#This Row],[Nbr_Pers_deplacement_forcé]]/Tableau2[[#This Row],[Population]] -> 0 | J76: =IF(G76>=20%,1,0) -> 0 | K76: =IF(H76>0,1,0) -> 0 | L76: =IF(I76>50,1,0) -> 0 | M76: =(Tableau2[[#This Row],[Indicateur_poids des personne deplacés]]*40%)+(Tableau2[[#This Row],[Indicateur_Décés]]*40%)+(Tableau2[[#This Row],[Indicateur_Bléssées]]*20%) -> 0
A77: 2023 | B77: Conflit | C77: BATHA | D77: Batha Ouest | E77: 281009.94 | F77: 0 | G77: =Tableau2[[#This Row],[Nbr_Pers_deplacement_forcé]]/Tableau2[[#This Row],[Population]] -> 0 | H77: 2 | J77: =IF(G77>=20%,1,0) -> 0 | K77: =IF(H77>0,1,0) -> 1 | L77: =IF(I77>50,1,0) -> 0 | M77: =(Tableau2[[#This Row],[Indicateur_poids des personne deplacés]]*40%)+(Tableau2[[#This Row],[Indicateur_Décés]]*40%)+(Tableau2[[#This Row],[Indicateur_Bléssées]]*20%) -> 0.4
A78: 2023 | B78: Conflit | C78: BATHA | D78: Fitri | E78: 172029.81 | F78: 0 | G78: =Tableau2[[#This Row],[Nbr_Pers_deplacement_forcé]]/Tableau2[[#This Row],[Population]] -> 0 | J78: =IF(G78>=20%,1,0) -> 0 | K78: =IF(H78>0,1,0) -> 0 | L78: =IF(I78>50,1,0) -> 0 | M78: =(Tableau2[[#This Row],[Indicateur_poids des personne deplacés]]*40%)+(Tableau2[[#This Row],[Indicateur_Décés]]*40%)+(Tableau2[[#This Row],[Indicateur_Bléssées]]*20%) -> 0
A79: 2023 | B79: Conflit | C79: BORKOU | D79: Borkou | E79: 111319.18 | F79: 0 | G79: =Tableau2[[#This Row],[Nbr_Pers_deplacement_forcé]]/Tableau2[[#This Row],[Population]] -> 0 | J79: =IF(G79>=20%,1,0) -> 0 | K79: =IF(H79>0,1,0) -> 0 | L79: =IF(I79>50,1,0) -> 0 | M79: =(Tableau2[[#This Row],[Indicateur_poids des personne deplacés]]*40%)+(Tableau2[[#This Row],[Indicateur_Décés]]*40%)+(Tableau2[[#This Row],[Indicateur_Bléssées]]*20%) -> 0
A80: 2023 | B80: Conflit | C80: BORKOU | D80: Borkou Yala | E80: 41053.734 | F80: 0 | G80: =Tableau2[[#This Row],[Nbr_Pers_deplacement_forcé]]/Tableau2[[#This Row],[Population]] -> 0 | H80: 2 | J80: =IF(G80>=20%,1,0) -> 0 | K80: =IF(H80>0,1,0) -> 1 | L80: =IF(I80>50,1,0) -> 0 | M80: =(Tableau2[[#This Row],[Indicateur_poids des personne deplacés]]*40%)+(Tableau2[[#This Row],[Indicateur_Décés]]*40%)+(Tableau2[[#This Row],[Indicateur_Bléssées]]*20%) -> 0.4
A81: 2023 | B81: Conflit | C81: CHARI BAGUIRMI | D81: Baguirmi | E81: 338066.34 | F81: 26455 | G81: =Tableau2[[#This Row],[Nbr_Pers_deplacement_forcé]]/Tableau2[[#This Row],[Population]] -> 0.078253872 | H81: 0 | J81: =IF(G81>=20%,1,0) -> 0 | K81: =IF(H81>0,1,0) -> 0 | L81: =IF(I81>50,1,0) -> 0 | M81: =(Tableau2[[#This Row],[Indicateur_poids des personne deplacés]]*40%)+(Tableau2[[#This Row],[Indicateur_Décés]]*40%)+(Tableau2[[#This Row],[Indicateur_Bléssées]]*20%) -> 0
A82: 2023 | B82: Conflit | C82: CHARI BAGUIRMI | D82: Chari | E82: 294835.74 | F82: 0 | G82: =Tableau2[[#This Row],[Nbr_Pers_deplacement_forcé]]/Tableau2[[#This Row],[Population]] -> 0 | H82: 0 | J82: =IF(G82>=20%,1,0) -> 0 | K82: =IF(H82>0,1,0) -> 0 | L82: =IF(I82>50,1,0) -> 0 | M82: =(Tableau2[[#This Row],[Indicateur_poids des personne deplacés]]*40%)+(Tableau2[[#This Row],[Indicateur_Décés]]*40%)+(Tableau2[[#This Row],[Indicateur_Bléssées]]*20%) -> 0
A83: 2023 | B83: Conflit | C83: CHARI BAGUIRMI | D83: Loug Chari | E83: 299507.23 | F83: 0 | G83: =Tableau2[[#This Row],[Nbr_Pers_deplacement_forcé]]/Tableau2[[#This Row],[Population]] -> 0 | H83: 0 | J83: =IF(G83>=20%,1,0) -> 0 | K83: =IF(H83>0,1,0) -> 0 | L83: =IF(I83>50,1,0) -> 0 | M83: =(Tableau2[[#This Row],[Indicateur_poids des personne deplacés]]*40%)+(Tableau2[[#This Row],[Indicateur_Décés]]*40%)+(Tableau2[[#This Row],[Indicateur_Bléssées]]*20%) -> 0
A84: 2023 | B84: Conflit | C84: ENNEDI EST | D84: Amdjarass | E84: 129096 | F84: 36966 | G84: =Tableau2[[#This Row],[Nbr_Pers_deplacement_forcé]]/Tableau2[[#This Row],[Population]] -> 0.28634504 | H84: 5 | J84: =IF(G84>=20%,1,0) -> 1 | K84: =IF(H84>0,1,0) -> 1 | L84: =IF(I84>50,1,0) -> 0 | M84: =(Tableau2[[#This Row],[Indicateur_poids des personne deplacés]]*40%)+(Tableau2[[#This Row],[Indicateur_Décés]]*40%)+(Tableau2[[#This Row],[Indicateur_Bléssées]]*20%) -> 0.8
A85: 2023 | B85: Conflit | C85: ENNEDI EST | D85: Wadi Hawar | E85: 45339.06 | F85: 0 | G85: =Tableau2[[#This Row],[Nbr_Pers_deplacement_forcé]]/Tableau2[[#This Row],[Population]] -> 0 | J85: =IF(G85>=20%,1,0) -> 0 | K85: =IF(H85>0,1,0) -> 0 | L85: =IF(I85>50,1,0) -> 0 | M85: =(Tableau2[[#This Row],[Indicateur_poids des personne deplacés]]*40%)+(Tableau2[[#This Row],[Indicateur_Décés]]*40%)+(Tableau2[[#This Row],[Indicateur_Bléssées]]*20%) -> 0
A86: 2023 | B86: Conflit | C86: ENNEDI OUEST | D86: Fada | E86: 64051.504 | F86: 0 | G86: =Tableau2[[#This Row],[Nbr_Pers_deplacement_forcé]]/Tableau2[[#This Row],[Population]] -> 0 | J86: =IF(G86>=20%,1,0) -> 0 | K86: =IF(H86>0,1,0) -> 0 | L86: =IF(I86>50,1,0) -> 0 | M86: =(Tableau2[[#This Row],[Indicateur_poids des personne deplacés]]*40%)+(Tableau2[[#This Row],[Indicateur_Décés]]*40%)+(Tableau2[[#This Row],[Indicateur_Bléssées]]*20%) -> 0
A87: 2023 | B87: Conflit | C87: ENNEDI OUEST | D87: Mourtcha | E87: 34490.035 | F87: 0 | G87: =Tableau2[[#This Row],[Nbr_Pers_deplacement_forcé]]/Tableau2[[#This Row],[Population]] -> 0 | J87: =IF(G87>=20%,1,0) -> 0 | K87: =IF(H87>0,1,0) -> 0 | L87: =IF(I87>50,1,0) -> 0 | M87: =(Tableau2[[#This Row],[Indicateur_poids des personne deplacés]]*40%)+(Tableau2[[#This Row],[Indicateur_Décés]]*40%)+(Tableau2[[#This Row],[Indicateur_Bléssées]]*20%) -> 0
A88: 2023 | B88: Conflit | C88: GUÉRA | D88: Abtouyour | E88: 224710.41 | F88: 0 | G88: =Tableau2[[#This Row],[Nbr_Pers_deplacement_forcé]]/Tableau2[[#This Row],[Population]] -> 0 | J88: =IF(G88>=20%,1,0) -> 0 | K88: =IF(H88>0,1,0) -> 0 | L88: =IF(I88>50,1,0) -> 0 | M88: =(Tableau2[[#This Row],[Indicateur_poids des personne deplacés]]*40%)+(Tableau2[[#This Row],[Indicateur_Décés]]*40%)+(Tableau2[[#This Row],[Indicateur_Bléssées]]*20%) -> 0
A89: 2023 | B89: Conflit | C89: GUÉRA | D89: Bahar Signaka | E89: 218177.61 | F89: 0 | G89: =Tableau2[[#This Row],[Nbr_Pers_deplacement_forcé]]/Tableau2[[#This Row],[Population]] -> 0 | J89: =IF(G89>=20%,1,0) -> 0 | K89: =IF(H89>0,1,0) -> 0 | L89: =IF(I89>50,1,0) -> 0 | M89: =(Tableau2[[#This Row],[Indicateur_poids des personne deplacés]]*40%)+(Tableau2[[#This Row],[Indicateur_Décés]]*40%)+(Tableau2[[#This Row],[Indicateur_Bléssées]]*20%) -> 0
A90: 2023 | B90: Conflit | C90: GUÉRA | D90: Guéra | E90: 134961.3 | F90: 0 | G90: =Tableau2[[#This Row],[Nbr_Pers_deplacement_forcé]]/Tableau2[[#This Row],[Population]] -> 0 | H90: 3 | I90: 7 | J90: =IF(G90>=20%,1,0) -> 0 | K90: =IF(H90>0,1,0) -> 1 | L90: =IF(I90>50,1,0) -> 0 | M90: =(Tableau2[[#This Row],[Indicateur_poids des personne deplacés]]*40%)+(Tableau2[[#This Row],[Indicateur_Décés]]*40%)+(Tableau2[[#This Row],[Indicateur_Bléssées]]*20%) -> 0.4
A91: 2023 | B91: Conflit | C91: GUÉRA | D91: Mangalmé | E91: 123670.94 | F91: 0 | G91: =Tableau2[[#This Row],[Nbr_Pers_deplacement_forcé]]/Tableau2[[#This Row],[Population]] -> 0 | H91: 31 | I91: 12 | J91: =IF(G91>=20%,1,0) -> 0 | K91: =IF(H91>0,1,0) -> 1 | L91: =IF(I91>50,1,0) -> 0 | M91: =(Tableau2[[#This Row],[Indicateur_poids des personne deplacés]]*40%)+(Tableau2[[#This Row],[Indicateur_Décés]]*40%)+(Tableau2[[#This Row],[Indicateur_Bléssées]]*20%) -> 0.4
A92: 2023 | B92: Conflit | C92: HADJER LAMIS | D92: Dababa | E92: 301426.29 | F92: 0 | G92: =Tableau2[[#This Row],[Nbr_Pers_deplacement_forcé]]/Tableau2[[#This Row],[Population]] -> 0 | J92: =IF(G92>=20%,1,0) -> 0 | K92: =IF(H92>0,1,0) -> 0 | L92: =IF(I92>50,1,0) -> 0 | M92: =(Tableau2[[#This Row],[Indicateur_poids des personne deplacés]]*40%)+(Tableau2[[#This Row],[Indicateur_Décés]]*40%)+(Tableau2[[#This Row],[Indicateur_Bléssées]]*20%) -> 0
A93: 2023 | B93: Conflit | C93: HADJER LAMIS | D93: Dagana | E93: 365588.2 | F93: 0 | G93: =Tableau2[[#This Row],[Nbr_Pers_deplacement_forcé]]/Tableau2[[#This Row],[Population]] -> 0 | J93: =IF(G93>=20%,1,0) -> 0 | K93: =IF(H93>0,1,0) -> 0 | L93: =IF(I93>50,1,0) -> 0 | M93: =(Tableau2[[#This Row],[Indicateur_poids des personne deplacés]]*40%)+(Tableau2[[#This Row],[Indicateur_Décés]]*40%)+(Tableau2[[#This Row],[Indicateur_Bléssées]]*20%) -> 0
A94: 2023 | B94: Conflit | C94: HADJER LAMIS | D94: Haraze Al Biar | E94: 240167.23 | F94: 0 | G94: =Tableau2[[#This Row],[Nbr_Pers_deplacement_forcé]]/Tableau2[[#This Row],[Population]] -> 0 | J94: =IF(G94>=20%,1,0) -> 0 | K94: =IF(H94>0,1,0) -> 0 | L94: =IF(I94>50,1,0) -> 0 | M94: =(Tableau2[[#This Row],[Indicateur_poids des personne deplacés]]*40%)+(Tableau2[[#This Row],[Indicateur_Décés]]*40%)+(Tableau2[[#This Row],[Indicateur_Bléssées]]*20%) -> 0
A95: 2023 | B95: Conflit | C95: KANEM | D95: Kanem | E95: 252586 | F95: 0 | G95: =Tableau2[[#This Row],[Nbr_Pers_deplacement_forcé]]/Tableau2[[#This Row],[Population]] -> 0 | J95: =IF(G95>=20%,1,0) -> 0 | K95: =IF(H95>0,1,0) -> 0 | L95: =IF(I95>50,1,0) -> 0 | M95: =(Tableau2[[#This Row],[Indicateur_poids des personne deplacés]]*40%)+(Tableau2[[#This Row],[Indicateur_Décés]]*40%)+(Tableau2[[#This Row],[Indicateur_Bléssées]]*20%) -> 0
A96: 2023 | B96: Conflit | C96: KANEM | D96: Nord Kanem | E96: 150000.76 | F96: 0 | G96: =Tableau2[[#This Row],[Nbr_Pers_deplacement_forcé]]/Tableau2[[#This Row],[Population]] -> 0 | H96: 4 | J96: =IF(G96>=20%,1,0) -> 0 | K96: =IF(H96>0,1,0) -> 1 | L96: =IF(I96>50,1,0) -> 0 | M96: =(Tableau2[[#This Row],[Indicateur_poids des personne deplacés]]*40%)+(Tableau2[[#This Row],[Indicateur_Décés]]*40%)+(Tableau2[[#This Row],[Indicateur_Bléssées]]*20%) -> 0.4
A97: 2023 | B97: Conflit | C97: KANEM | D97: Wadi Bissam | E97: 147166.31 | F97: 0 | G97: =Tableau2[[#This Row],[Nbr_Pers_deplacement_forcé]]/Tableau2[[#This Row],[Population]] -> 0 | J97: =IF(G97>=20%,1,0) -> 0 | K97: =IF(H97>0,1,0) -> 0 | L97: =IF(I97>50,1,0) -> 0 | M97: =(Tableau2[[#This Row],[Indicateur_poids des personne deplacés]]*40%)+(Tableau2[[#This Row],[Indicateur_Décés]]*40%)+(Tableau2[[#This Row],[Indicateur_Bléssées]]*20%) -> 0
A98: 2023 | B98: Conflit | C98: LAC | D98: Fouli | E98: 182727.96 | F98: 111305 | G98: =Tableau2[[#This Row],[Nbr_Pers_deplacement_forcé]]/Tableau2[[#This Row],[Population]] -> 0.60912954 | H98: 0 | J98: =IF(G98>=20%,1,0) -> 1 | K98: =IF(H98>0,1,0) -> 0 | L98: =IF(I98>50,1,0) -> 0 | M98: =(Tableau2[[#This Row],[Indicateur_poids des personne deplacés]]*40%)+(Tableau2[[#This Row],[Indicateur_Décés]]*40%)+(Tableau2[[#This Row],[Indicateur_Bléssées]]*20%) -> 0.4
A99: 2023 | B99: Conflit | C99: LAC | D99: Kaya | E99: 342590.52 | F99: 86880 | G99: =Tableau2[[#This Row],[Nbr_Pers_deplacement_forcé]]/Tableau2[[#This Row],[Population]] -> 0.25359721 | H99: 26 | J99: =IF(G99>=20%,1,0) -> 1 | K99: =IF(H99>0,1,0) -> 1 | L99: =IF(I99>50,1,0) -> 0 | M99: =(Tableau2[[#This Row],[Indicateur_poids des personne deplacés]]*40%)+(Tableau2[[#This Row],[Indicateur_Décés]]*40%)+(Tableau2[[#This Row],[Indicateur_Bléssées]]*20%) -> 0.8
A100: 2023 | B100: Conflit | C100: LAC | D100: Mamdi | E100: 63217.487 | F100: 61218 | G100: =Tableau2[[#This Row],[Nbr_Pers_deplacement_forcé]]/Tableau2[[#This Row],[Population]] -> 0.96837129 | H100: 12 | I100: 36 | J100: =IF(G100>=20%,1,0) -> 1 | K100: =IF(H100>0,1,0) -> 1 | L100: =IF(I100>50,1,0) -> 0 | M100: =(Tableau2[[#This Row],[Indicateur_poids des personne deplacés]]*40%)+(Tableau2[[#This Row],[Indicateur_Décés]]*40%)+(Tableau2[[#This Row],[Indicateur_Bléssées]]*20%) -> 0.8
...

Sheet Choc Epidemie
A1: Données Historique , Choc Epidemie par année, par province et departement | E1: Les Impacts du choc Epidemie | G1: Les indicateurs mesurant les impacts | I1: la ponderation
A2: Années | B2: Choc | C2: Province | D2: Départements | E2: Cas | F2: Décès | G2: Indicateur_Cas | H2: Indicateur_Décés | I2: Priorisationzone
A3: 2022 | B3: Rougeole | C3: BARH EL GAZEL | D3: Barh El Gazel Nord | E3: 8 | G3: =IF(E3>0,1,0) -> 1 | H3: =IF(F3>0,1,0) -> 0 | I3: =(Tableau3[[#This Row],[Indicateur_Cas]]*50%)+(Tableau3[[#This Row],[Indicateur_Décés]]*50%) -> 0.5
A4: 2022 | B4: Hépatite E | C4: BARH EL GAZEL | D4: Barh El Gazel Nord | G4: =IF(E4>0,1,0) -> 0 | H4: =IF(F4>0,1,0) -> 0 | I4: =(Tableau3[[#This Row],[Indicateur_Cas]]*50%)+(Tableau3[[#This Row],[Indicateur_Décés]]*50%) -> 0
A5: 2022 | B5: Rougeole | C5: BARH EL GAZEL | D5: Barh El Gazel Ouest | E5: 3 | G5: =IF(E5>0,1,0) -> 1 | H5: =IF(F5>0,1,0) -> 0 | I5: =(Tableau3[[#This Row],[Indicateur_Cas]]*50%)+(Tableau3[[#This Row],[Indicateur_Décés]]*50%) -> 0.5
A6: 2022 | B6: Hépatite E | C6: BARH EL GAZEL | D6: Barh El Gazel Ouest | G6: =IF(E6>0,1,0) -> 0 | H6: =IF(F6>0,1,0) -> 0 | I6: =(Tableau3[[#This Row],[Indicateur_Cas]]*50%)+(Tableau3[[#This Row],[Indicateur_Décés]]*50%) -> 0
A7: 2022 | B7: Rougeole | C7: BARH EL GAZEL | D7: Barh El Gazel Sud | E7: 3 | G7: =IF(E7>0,1,0) -> 1 | H7: =IF(F7>0,1,0) -> 0 | I7: =(Tableau3[[#This Row],[Indicateur_Cas]]*50%)+(Tableau3[[#This Row],[Indicateur_Décés]]*50%) -> 0.5
A8: 2022 | B8: Hépatite E | C8: BARH EL GAZEL | D8: Barh El Gazel Sud | G8: =IF(E8>0,1,0) -> 0 | H8: =IF(F8>0,1,0) -> 0 | I8: =(Tableau3[[#This Row],[Indicateur_Cas]]*50%)+(Tableau3[[#This Row],[Indicateur_Décés]]*50%) -> 0
A9: 2022 | B9: Rougeole | C9: BATHA | D9: Batha Est | E9: 53 | G9: =IF(E9>0,1,0) -> 1 | H9: =IF(F9>0,1,0) -> 0 | I9: =(Tableau3[[#This Row],[Indicateur_Cas]]*50%)+(Tableau3[[#This Row],[Indicateur_Décés]]*50%) -> 0.5
A10: 2022 | B10: Hépatite E | C10: BATHA | D10: Batha Est | E10: 9 | G10: =IF(E10>0,1,0) -> 1 | H10: =IF(F10>0,1,0) -> 0 | I10: =(Tableau3[[#This Row],[Indicateur_Cas]]*50%)+(Tableau3[[#This Row],[Indicateur_Décés]]*50%) -> 0.5
A11: 2022 | B11: Rougeole | C11: BATHA | D11: Batha Ouest | E11: 11 | G11: =IF(E11>0,1,0) -> 1 | H11: =IF(F11>0,1,0) -> 0 | I11: =(Tableau3[[#This Row],[Indicateur_Cas]]*50%)+(Tableau3[[#This Row],[Indicateur_Décés]]*50%) -> 0.5
A12: 2022 | B12: Hépatite E | C12: BATHA | D12: Batha Ouest | E12: 9 | G12: =IF(E12>0,1,0) -> 1 | H12: =IF(F12>0,1,0) -> 0 | I12: =(Tableau3[[#This Row],[Indicateur_Cas]]*50%)+(Tableau3[[#This Row],[Indicateur_Décés]]*50%) -> 0.5
A13: 2022 | B13: Rougeole | C13: BATHA | D13: Fitri | E13: 9 | G13: =IF(E13>0,1,0) -> 1 | H13: =IF(F13>0,1,0) -> 0 | I13: =(Tableau3[[#This Row],[Indicateur_Cas]]*50%)+(Tableau3[[#This Row],[Indicateur_Décés]]*50%) -> 0.5
A14: 2022 | B14: Hépatite E | C14: BATHA | D14: Fitri | E14: 2 | G14: =IF(E14>0,1,0) -> 1 | H14: =IF(F14>0,1,0) -> 0 | I14: =(Tableau3[[#This Row],[Indicateur_Cas]]*50%)+(Tableau3[[#This Row],[Indicateur_Décés]]*50%) -> 0.5
A15: 2022 | B15: Rougeole | C15: BORKOU | D15: Borkou | E15: 4 | G15: =IF(E15>0,1,0) -> 1 | H15: =IF(F15>0,1,0) -> 0 | I15: =(Tableau3[[#This Row],[Indicateur_Cas]]*50%)+(Tableau3[[#This Row],[Indicateur_Décés]]*50%) -> 0.5
A16: 2022 | B16: Hépatite E | C16: BORKOU | D16: Borkou | G16: =IF(E16>0,1,0) -> 0 | H16: =IF(F16>0,1,0) -> 0 | I16: =(Tableau3[[#This Row],[Indicateur_Cas]]*50%)+(Tableau3[[#This Row],[Indicateur_Décés]]*50%) -> 0
A17: 2022 | B17: Rougeole | C17: BORKOU | D17: Borkou Yala | G17: =IF(E17>0,1,0) -> 0 | H17: =IF(F17>0,1,0) -> 0 | I17: =(Tableau3[[#This Row],[Indicateur_Cas]]*50%)+(Tableau3[[#This Row],[Indicateur_Décés]]*50%) -> 0
A18: 2022 | B18: Hépatite E | C18: BORKOU | D18: Borkou Yala | G18: =IF(E18>0,1,0) -> 0 | H18: =IF(F18>0,1,0) -> 0 | I18: =(Tableau3[[#This Row],[Indicateur_Cas]]*50%)+(Tableau3[[#This Row],[Indicateur_Décés]]*50%) -> 0
A19: 2022 | B19: Rougeole | C19: CHARI BAGUIRMI | D19: Baguirmi | E19: 28 | G19: =IF(E19>0,1,0) -> 1 | H19: =IF(F19>0,1,0) -> 0 | I19: =(Tableau3[[#This Row],[Indicateur_Cas]]*50%)+(Tableau3[[#This Row],[Indicateur_Décés]]*50%) -> 0.5
A20: 2022 | B20: Hépatite E | C20: CHARI BAGUIRMI | D20: Baguirmi | E20: 1 | G20: =IF(E20>0,1,0) -> 1 | H20: =IF(F20>0,1,0) -> 0 | I20: =(Tableau3[[#This Row],[Indicateur_Cas]]*50%)+(Tableau3[[#This Row],[Indicateur_Décés]]*50%) -> 0.5
A21: 2022 | B21: Rougeole | C21: CHARI BAGUIRMI | D21: Chari | E21: 10 | G21: =IF(E21>0,1,0) -> 1 | H21: =IF(F21>0,1,0) -> 0 | I21: =(Tableau3[[#This Row],[Indicateur_Cas]]*50%)+(Tableau3[[#This Row],[Indicateur_Décés]]*50%) -> 0.5
A22: 2022 | B22: Hépatite E | C22: CHARI BAGUIRMI | D22: Chari | E22: 1 | G22: =IF(E22>0,1,0) -> 1 | H22: =IF(F22>0,1,0) -> 0 | I22: =(Tableau3[[#This Row],[Indicateur_Cas]]*50%)+(Tableau3[[#This Row],[Indicateur_Décés]]*50%) -> 0.5
A23: 2022 | B23: Rougeole | C23: CHARI BAGUIRMI | D23: Loug Chari | E23: 26 | G23: =IF(E23>0,1,0) -> 1 | H23: =IF(F23>0,1,0) -> 0 | I23: =(Tableau3[[#This Row],[Indicateur_Cas]]*50%)+(Tableau3[[#This Row],[Indicateur_Décés]]*50%) -> 0.5
A24: 2022 | B24: Hépatite E | C24: CHARI BAGUIRMI | D24: Loug Chari | G24: =IF(E24>0,1,0) -> 0 | H24: =IF(F24>0,1,0) -> 0 | I24: =(Tableau3[[#This Row],[Indicateur_Cas]]*50%)+(Tableau3[[#This Row],[Indicateur_Décés]]*50%) -> 0
A25: 2022 | B25: Rougeole | C25: ENNEDI EST | D25: Amdjarass | E25: 3 | G25: =IF(E25>0,1,0) -> 1 | H25: =IF(F25>0,1,0) -> 0 | I25: =(Tableau3[[#This Row],[Indicateur_Cas]]*50%)+(Tableau3[[#This Row],[Indicateur_Décés]]*50%) -> 0.5
A26: 2022 | B26: Hépatite E | C26: ENNEDI EST | D26: Amdjarass | G26: =IF(E26>0,1,0) -> 0 | H26: =IF(F26>0,1,0) -> 0 | I26: =(Tableau3[[#This Row],[Indicateur_Cas]]*50%)+(Tableau3[[#This Row],[Indicateur_Décés]]*50%) -> 0
A27: 2022 | B27: Rougeole | C27: ENNEDI EST | D27: Wadi Hawar | E27: 4 | G27: =IF(E27>0,1,0) -> 1 | H27: =IF(F27>0,1,0) -> 0 | I27: =(Tableau3[[#This Row],[Indicateur_Cas]]*50%)+(Tableau3[[#This Row],[Indicateur_Décés]]*50%) -> 0.5
A28: 2022 | B28: Hépatite E | C28: ENNEDI EST | D28: Wadi Hawar | G28: =IF(E28>0,1,0) -> 0 | H28: =IF(F28>0,1,0) -> 0 | I28: =(Tableau3[[#This Row],[Indicateur_Cas]]*50%)+(Tableau3[[#This Row],[Indicateur_Décés]]*50%) -> 0
A29: 2022 | B29: Rougeole | C29: ENNEDI OUEST | D29: Fada | E29: 9 | G29: =IF(E29>0,1,0) -> 1 | H29: =IF(F29>0,1,0) -> 0 | I29: =(Tableau3[[#This Row],[Indicateur_Cas]]*50%)+(Tableau3[[#This Row],[Indicateur_Décés]]*50%) -> 0.5
A30: 2022 | B30: Hépatite E | C30: ENNEDI OUEST | D30: Fada | G30: =IF(E30>0,1,0) -> 0 | H30: =IF(F30>0,1,0) -> 0 | I30: =(Tableau3[[#This Row],[Indicateur_Cas]]*50%)+(Tableau3[[#This Row],[Indicateur_Décés]]*50%) -> 0
A31: 2022 | B31: Rougeole | C31: ENNEDI OUEST | D31: Mourtcha | G31: =IF(E31>0,1,0) -> 0 | H31: =IF(F31>0,1,0) -> 0 | I31: =(Tableau3[[#This Row],[Indicateur_Cas]]*50%)+(Tableau3[[#This Row],[Indicateur_Décés]]*50%) -> 0
A32: 2022 | B32: Hépatite E | C32: ENNEDI OUEST | D32: Mourtcha | G32: =IF(E32>0,1,0) -> 0 | H32: =IF(F32>0,1,0) -> 0 | I32: =(Tableau3[[#This Row],[Indicateur_Cas]]*50%)+(Tableau3[[#This Row],[Indicateur_Décés]]*50%) -> 0
A33: 2022 | B33: Rougeole | C33: GUÉRA | D33: Abtouyour | E33: 10 | G33: =IF(E33>0,1,0) -> 1 | H33: =IF(F33>0,1,0) -> 0 | I33: =(Tableau3[[#This Row],[Indicateur_Cas]]*50%)+(Tableau3[[#This Row],[Indicateur_Décés]]*50%) -> 0.5
A34: 2022 | B34: Hépatite E | C34: GUÉRA | D34: Abtouyour | G34: =IF(E34>0,1,0) -> 0 | H34: =IF(F34>0,1,0) -> 0 | I34: =(Tableau3[[#This Row],[Indicateur_Cas]]*50%)+(Tableau3[[#This Row],[Indicateur_Décés]]*50%) -> 0
A35: 2022 | B35: Rougeole | C35: GUÉRA | D35: Bahar Signaka | E35: 14 | G35: =IF(E35>0,1,0) -> 1 | H35: =IF(F35>0,1,0) -> 0 | I35: =(Tableau3[[#This Row],[Indicateur_Cas]]*50%)+(Tableau3[[#This Row],[Indicateur_Décés]]*50%) -> 0.5
A36: 2022 | B36: Hépatite E | C36: GUÉRA | D36: Bahar Signaka | E36: 3 | G36: =IF(E36>0,1,0) -> 1 | H36: =IF(F36>0,1,0) -> 0 | I36: =(Tableau3[[#This Row],[Indicateur_Cas]]*50%)+(Tableau3[[#This Row],[Indicateur_Décés]]*50%) -> 0.5
A37: 2022 | B37: Rougeole | C37: GUÉRA | D37: Guéra | E37: 14 | G37: =IF(E37>0,1,0) -> 1 | H37: =IF(F37>0,1,0) -> 0 | I37: =(Tableau3[[#This Row],[Indicateur_Cas]]*50%)+(Tableau3[[#This Row],[Indicateur_Décés]]*50%) -> 0.5
A38: 2022 | B38: Hépatite E | C38: GUÉRA | D38: Guéra | E38: 5 | G38: =IF(E38>0,1,0) -> 1 | H38: =IF(F38>0,1,0) -> 0 | I38: =(Tableau3[[#This Row],[Indicateur_Cas]]*50%)+(Tableau3[[#This Row],[Indicateur_Décés]]*50%) -> 0.5
A39: 2022 | B39: Rougeole | C39: GUÉRA | D39: Mangalmé | E39: 2 | G39: =IF(E39>0,1,0) -> 1 | H39: =IF(F39>0,1,0) -> 0 | I39: =(Tableau3[[#This Row],[Indicateur_Cas]]*50%)+(Tableau3[[#This Row],[Indicateur_Décés]]*50%) -> 0.5
A40: 2022 | B40: Hépatite E | C40: GUÉRA | D40: Mangalmé | G40: =IF(E40>0,1,0) -> 0 | H40: =IF(F40>0,1,0) -> 0 | I40: =(Tableau3[[#This Row],[Indicateur_Cas]]*50%)+(Tableau3[[#This Row],[Indicateur_Décés]]*50%) -> 0
A41: 2022 | B41: Rougeole | C41: HADJER LAMIS | D41: Dababa | E41: 64 | G41: =IF(E41>0,1,0) -> 1 | H41: =IF(F41>0,1,0) -> 0 | I41: =(Tableau3[[#This Row],[Indicateur_Cas]]*50%)+(Tableau3[[#This Row],[Indicateur_Décés]]*50%) -> 0.5
A42: 2022 | B42: Hépatite E | C42: HADJER LAMIS | D42: Dababa | G42: =IF(E42>0,1,0) -> 0 | H42: =IF(F42>0,1,0) -> 0 | I42: =(Tableau3[[#This Row],[Indicateur_Cas]]*50%)+(Tableau3[[#This Row],[Indicateur_Décés]]*50%) -> 0
A43: 2022 | B43: Rougeole | C43: HADJER LAMIS | D43: Dagana | E43: 21 | G43: =IF(E43>0,1,0) -> 1 | H43: =IF(F43>0,1,0) -> 0 | I43: =(Tableau3[[#This Row],[Indicateur_Cas]]*50%)+(Tableau3[[#This Row],[Indicateur_Décés]]*50%) -> 0.5
A44: 2022 | B44: Hépatite E | C44: HADJER LAMIS | D44: Dagana | E44: 2 | G44: =IF(E44>0,1,0) -> 1 | H44: =IF(F44>0,1,0) -> 0 | I44: =(Tableau3[[#This Row],[Indicateur_Cas]]*50%)+(Tableau3[[#This Row],[Indicateur_Décés]]*50%) -> 0.5
A45: 2022 | B45: Rougeole | C45: HADJER LAMIS | D45: Haraze Al Biar | E45: 21 | G45: =IF(E45>0,1,0) -> 1 | H45: =IF(F45>0,1,0) -> 0 | I45: =(Tableau3[[#This Row],[Indicateur_Cas]]*50%)+(Tableau3[[#This Row],[Indicateur_Décés]]*50%) -> 0.5
A46: 2022 | B46: Hépatite E | C46: HADJER LAMIS | D46: Haraze Al Biar | E46: 1 | G46: =IF(E46>0,1,0) -> 1 | H46: =IF(F46>0,1,0) -> 0 | I46: =(Tableau3[[#This Row],[Indicateur_Cas]]*50%)+(Tableau3[[#This Row],[Indicateur_Décés]]*50%) -> 0.5
A47: 2022 | B47: Rougeole | C47: KANEM | D47: Kanem | E47: 18 | G47: =IF(E47>0,1,0) -> 1 | H47: =IF(F47>0,1,0) -> 0 | I47: =(Tableau3[[#This Row],[Indicateur_Cas]]*50%)+(Tableau3[[#This Row],[Indicateur_Décés]]*50%) -> 0.5
A48: 2022 | B48: Hépatite E | C48: KANEM | D48: Kanem | G48: =IF(E48>0,1,0) -> 0 | H48: =IF(F48>0,1,0) -> 0 | I48: =(Tableau3[[#This Row],[Indicateur_Cas]]*50%)+(Tableau3[[#This Row],[Indicateur_Décés]]*50%) -> 0
A49: 2022 | B49: Rougeole | C49: KANEM | D49: Nord Kanem | E49: 4 | G49: =IF(E49>0,1,0) -> 1 | H49: =IF(F49>0,1,0) -> 0 | I49: =(Tableau3[[#This Row],[Indicateur_Cas]]*50%)+(Tableau3[[#This Row],[Indicateur_Décés]]*50%) -> 0.5
A50: 2022 | B50: Hépatite E | C50: KANEM | D50: Nord Kanem | G50: =IF(E50>0,1,0) -> 0 | H50: =IF(F50>0,1,0) -> 0 | I50: =(Tableau3[[#This Row],[Indicateur_Cas]]*50%)+(Tableau3[[#This Row],[Indicateur_Décés]]*50%) -> 0
A51: 2022 | B51: Rougeole | C51: KANEM | D51: Wadi Bissam | E51: 16 | G51: =IF(E51>0,1,0) -> 1 | H51: =IF(F51>0,1,0) -> 0 | I51: =(Tableau3[[#This Row],[Indicateur_Cas]]*50%)+(Tableau3[[#This Row],[Indicateur_Décés]]*50%) -> 0.5
A52: 2022 | B52: Hépatite E | C52: KANEM | D52: Wadi Bissam | G52: =IF(E52>0,1,0) -> 0 | H52: =IF(F52>0,1,0) -> 0 | I52: =(Tableau3[[#This Row],[Indicateur_Cas]]*50%)+(Tableau3[[#This Row],[Indicateur_Décés]]*50%) -> 0
A53: 2022 | B53: Rougeole | C53: LAC | D53: Fouli | E53: 25 | G53: =IF(E53>0,1,0) -> 1 | H53: =IF(F53>0,1,0) -> 0 | I53: =(Tableau3[[#This Row],[Indicateur_Cas]]*50%)+(Tableau3[[#This Row],[Indicateur_Décés]]*50%) -> 0.5
A54: 2022 | B54: Hépatite E | C54: LAC | D54: Fouli | G54: =IF(E54>0,1,0) -> 0 | H54: =IF(F54>0,1,0) -> 0 | I54: =(Tableau3[[#This Row],[Indicateur_Cas]]*50%)+(Tableau3[[#This Row],[Indicateur_Décés]]*50%) -> 0
A55: 2022 | B55: Rougeole | C55: LAC | D55: Kaya | E55: 7 | G55: =IF(E55>0,1,0) -> 1 | H55: =IF(F55>0,1,0) -> 0 | I55: =(Tableau3[[#This Row],[Indicateur_Cas]]*50%)+(Tableau3[[#This Row],[Indicateur_Décés]]*50%) -> 0.5
A56: 2022 | B56: Hépatite E | C56: LAC | D56: Kaya | G56: =IF(E56>0,1,0) -> 0 | H56: =IF(F56>0,1,0) -> 0 | I56: =(Tableau3[[#This Row],[Indicateur_Cas]]*50%)+(Tableau3[[#This Row],[Indicateur_Décés]]*50%) -> 0
A57: 2022 | B57: Rougeole | C57: LAC | D57: Mamdi | E57: 8 | G57: =IF(E57>0,1,0) -> 1 | H57: =IF(F57>0,1,0) -> 0 | I57: =(Tableau3[[#This Row],[Indicateur_Cas]]*50%)+(Tableau3[[#This Row],[Indicateur_Décés]]*50%) -> 0.5
A58: 2022 | B58: Hépatite E | C58: LAC | D58: Mamdi | G58: =IF(E58>0,1,0) -> 0 | H58: =IF(F58>0,1,0) -> 0 | I58: =(Tableau3[[#This Row],[Indicateur_Cas]]*50%)+(Tableau3[[#This Row],[Indicateur_Décés]]*50%) -> 0
A59: 2022 | B59: Rougeole | C59: LAC | D59: Wayi | E59: 5 | G59: =IF(E59>0,1,0) -> 1 | H59: =IF(F59>0,1,0) -> 0 | I59: =(Tableau3[[#This Row],[Indicateur_Cas]]*50%)+(Tableau3[[#This Row],[Indicateur_Décés]]*50%) -> 0.5
A60: 2022 | B60: Hépatite E | C60: LAC | D60: Wayi | G60: =IF(E60>0,1,0) -> 0 | H60: =IF(F60>0,1,0) -> 0 | I60: =(Tableau3[[#This Row],[Indicateur_Cas]]*50%)+(Tableau3[[#This Row],[Indicateur_Décés]]*50%) -> 0
A61: 2022 | B61: Rougeole | C61: LOGONE OCCIDENTAL | D61: Djode | E61: 6 | G61: =IF(E61>0,1,0) -> 1 | H61: =IF(F61>0,1,0) -> 0 | I61: =(Tableau3[[#This Row],[Indicateur_Cas]]*50%)+(Tableau3[[#This Row],[Indicateur_Décés]]*50%) -> 0.5
A62: 2022 | B62: Hépatite E | C62: LOGONE OCCIDENTAL | D62: Djode | E62: 1 | G62: =IF(E62>0,1,0) -> 1 | H62: =IF(F62>0,1,0) -> 0 | I62: =(Tableau3[[#This Row],[Indicateur_Cas]]*50%)+(Tableau3[[#This Row],[Indicateur_Décés]]*50%) -> 0.5
A63: 2022 | B63: Rougeole | C63: LOGONE OCCIDENTAL | D63: Gueni | E63: 11 | F63: 1 | G63: =IF(E63>0,1,0) -> 1 | H63: =IF(F63>0,1,0) -> 1 | I63: =(Tableau3[[#This Row],[Indicateur_Cas]]*50%)+(Tableau3[[#This Row],[Indicateur_Décés]]*50%) -> 1
A64: 2022 | B64: Hépatite E | C64: LOGONE OCCIDENTAL | D64: Gueni | G64: =IF(E64>0,1,0) -> 0 | H64: =IF(F64>0,1,0) -> 0 | I64: =(Tableau3[[#This Row],[Indicateur_Cas]]*50%)+(Tableau3[[#This Row],[Indicateur_Décés]]*50%) -> 0
A65: 2022 | B65: Rougeole | C65: LOGONE OCCIDENTAL | D65: Lac wey | E65: 11 | G65: =IF(E65>0,1,0) -> 1 | H65: =IF(F65>0,1,0) -> 0 | I65: =(Tableau3[[#This Row],[Indicateur_Cas]]*50%)+(Tableau3[[#This Row],[Indicateur_Décés]]*50%) -> 0.5
A66: 2022 | B66: Hépatite E | C66: LOGONE OCCIDENTAL | D66: Lac wey | G66: =IF(E66>0,1,0) -> 0 | H66: =IF(F66>0,1,0) -> 0 | I66: =(Tableau3[[#This Row],[Indicateur_Cas]]*50%)+(Tableau3[[#This Row],[Indicateur_Décés]]*50%) -> 0
A67: 2022 | B67: Rougeole | C67: LOGONE OCCIDENTAL | D67: Ngourkosso | E67: 7 | G67: =IF(E67>0,1,0) -> 1 | H67: =IF(F67>0,1,0) -> 0 | I67: =(Tableau3[[#This Row],[Indicateur_Cas]]*50%)+(Tableau3[[#This Row],[Indicateur_Décés]]*50%) -> 0.5
A68: 2022 | B68: Hépatite E | C68: LOGONE OCCIDENTAL | D68: Ngourkosso | G68: =IF(E68>0,1,0) -> 0 | H68: =IF(F68>0,1,0) -> 0 | I68: =(Tableau3[[#This Row],[Indicateur_Cas]]*50%)+(Tableau3[[#This Row],[Indicateur_Décés]]*50%) -> 0
A69: 2022 | B69: Rougeole | C69: LOGONE ORIENTAL | D69: Kouh Est | E69: 15 | G69: =IF(E69>0,1,0) -> 1 | H69: =IF(F69>0,1,0) -> 0 | I69: =(Tableau3[[#This Row],[Indicateur_Cas]]*50%)+(Tableau3[[#This Row],[Indicateur_Décés]]*50%) -> 0.5
A70: 2022 | B70: Hépatite E | C70: LOGONE ORIENTAL | D70: Kouh Est | G70: =IF(E70>0,1,0) -> 0 | H70: =IF(F70>0,1,0) -> 0 | I70: =(Tableau3[[#This Row],[Indicateur_Cas]]*50%)+(Tableau3[[#This Row],[Indicateur_Décés]]*50%) -> 0
A71: 2022 | B71: Rougeole | C71: LOGONE ORIENTAL | D71: Kouh Ouest | E71: 18 | G71: =IF(E71>0,1,0) -> 1 | H71: =IF(F71>0,1,0) -> 0 | I71: =(Tableau3[[#This Row],[Indicateur_Cas]]*50%)+(Tableau3[[#This Row],[Indicateur_Décés]]*50%) -> 0.5
A72: 2022 | B72: Hépatite E | C72: LOGONE ORIENTAL | D72: Kouh Ouest | E72: 2 | G72: =IF(E72>0,1,0) -> 1 | H72: =IF(F72>0,1,0) -> 0 | I72: =(Tableau3[[#This Row],[Indicateur_Cas]]*50%)+(Tableau3[[#This Row],[Indicateur_Décés]]*50%) -> 0.5
A73: 2022 | B73: Rougeole | C73: LOGONE ORIENTAL | D73: La nya | E73: 13 | G73: =IF(E73>0,1,0) -> 1 | H73: =IF(F73>0,1,0) -> 0 | I73: =(Tableau3[[#This Row],[Indicateur_Cas]]*50%)+(Tableau3[[#This Row],[Indicateur_Décés]]*50%) -> 0.5
A74: 2022 | B74: Hépatite E | C74: LOGONE ORIENTAL | D74: La nya | G74: =IF(E74>0,1,0) -> 0 | H74: =IF(F74>0,1,0) -> 0 | I74: =(Tableau3[[#This Row],[Indicateur_Cas]]*50%)+(Tableau3[[#This Row],[Indicateur_Décés]]*50%) -> 0
A75: 2022 | B75: Rougeole | C75: LOGONE ORIENTAL | D75: La Nya pendé | E75: 23 | G75: =IF(E75>0,1,0) -> 1 | H75: =IF(F75>0,1,0) -> 0 | I75: =(Tableau3[[#This Row],[Indicateur_Cas]]*50%)+(Tableau3[[#This Row],[Indicateur_Décés]]*50%) -> 0.5
A76: 2022 | B76: Hépatite E | C76: LOGONE ORIENTAL | D76: La Nya pendé | G76: =IF(E76>0,1,0) -> 0 | H76: =IF(F76>0,1,0) -> 0 | I76: =(Tableau3[[#This Row],[Indicateur_Cas]]*50%)+(Tableau3[[#This Row],[Indicateur_Décés]]*50%) -> 0
A77: 2022 | B77: Rougeole | C77: LOGONE ORIENTAL | D77: La pendé | E77: 13 | G77: =IF(E77>0,1,0) -> 1 | H77: =IF(F77>0,1,0) -> 0 | I77: =(Tableau3[[#This Row],[Indicateur_Cas]]*50%)+(Tableau3[[#This Row],[Indicateur_Décés]]*50%) -> 0.5
A78: 2022 | B78: Hépatite E | C78: LOGONE ORIENTAL | D78: La pendé | G78: =IF(E78>0,1,0) -> 0 | H78: =IF(F78>0,1,0) -> 0 | I78: =(Tableau3[[#This Row],[Indicateur_Cas]]*50%)+(Tableau3[[#This Row],[Indicateur_Décés]]*50%) -> 0
A79: 2022 | B79: Rougeole | C79: LOGONE ORIENTAL | D79: Monts de lam | E79: 6 | G79: =IF(E79>0,1,0) -> 1 | H79: =IF(F79>0,1,0) -> 0 | I79: =(Tableau3[[#This Row],[Indicateur_Cas]]*50%)+(Tableau3[[#This Row],[Indicateur_Décés]]*50%) -> 0.5
A80: 2022 | B80: Hépatite E | C80: LOGONE ORIENTAL | D80: Monts de lam | G80: =IF(E80>0,1,0) -> 0 | H80: =IF(F80>0,1,0) -> 0 | I80: =(Tableau3[[#This Row],[Indicateur_Cas]]*50%)+(Tableau3[[#This Row],[Indicateur_Décés]]*50%) -> 0
A81: 2022 | B81: Rougeole | C81: MANDOUL | D81: Barh Sara | E81: 75 | G81: =IF(E81>0,1,0) -> 1 | H81: =IF(F81>0,1,0) -> 0 | I81: =(Tableau3[[#This Row],[Indicateur_Cas]]*50%)+(Tableau3[[#This Row],[Indicateur_Décés]]*50%) -> 0.5
A82: 2022 | B82: Hépatite E | C82: MANDOUL | D82: Barh Sara | E82: 3 | G82: =IF(E82>0,1,0) -> 1 | H82: =IF(F82>0,1,0) -> 0 | I82: =(Tableau3[[#This Row],[Indicateur_Cas]]*50%)+(Tableau3[[#This Row],[Indicateur_Décés]]*50%) -> 0.5
A83: 2022 | B83: Rougeole | C83: MANDOUL | D83: Mandoul Occidental | E83: 124 | G83: =IF(E83>0,1,0) -> 1 | H83: =IF(F83>0,1,0) -> 0 | I83: =(Tableau3[[#This Row],[Indicateur_Cas]]*50%)+(Tableau3[[#This Row],[Indicateur_Décés]]*50%) -> 0.5
A84: 2022 | B84: Hépatite E | C84: MANDOUL | D84: Mandoul Occidental | E84: 1 | G84: =IF(E84>0,1,0) -> 1 | H84: =IF(F84>0,1,0) -> 0 | I84: =(Tableau3[[#This Row],[Indicateur_Cas]]*50%)+(Tableau3[[#This Row],[Indicateur_Décés]]*50%) -> 0.5
A85: 2022 | B85: Rougeole | C85: MANDOUL | D85: Mandoul Oriental | E85: 111 | F85: 1 | G85: =IF(E85>0,1,0) -> 1 | H85: =IF(F85>0,1,0) -> 1 | I85: =(Tableau3[[#This Row],[Indicateur_Cas]]*50%)+(Tableau3[[#This Row],[Indicateur_Décés]]*50%) -> 1
A86: 2022 | B86: Hépatite E | C86: MANDOUL | D86: Mandoul Oriental | G86: =IF(E86>0,1,0) -> 0 | H86: =IF(F86>0,1,0) -> 0 | I86: =(Tableau3[[#This Row],[Indicateur_Cas]]*50%)+(Tableau3[[#This Row],[Indicateur_Décés]]*50%) -> 0
A87: 2022 | B87: Rougeole | C87: MAYO KEBBI EST | D87: La kabbia | E87: 206 | G87: =IF(E87>0,1,0) -> 1 | H87: =IF(F87>0,1,0) -> 0 | I87: =(Tableau3[[#This Row],[Indicateur_Cas]]*50%)+(Tableau3[[#This Row],[Indicateur_Décés]]*50%) -> 0.5
A88: 2022 | B88: Hépatite E | C88: MAYO KEBBI EST | D88: La kabbia | G88: =IF(E88>0,1,0) -> 0 | H88: =IF(F88>0,1,0) -> 0 | I88: =(Tableau3[[#This Row],[Indicateur_Cas]]*50%)+(Tableau3[[#This Row],[Indicateur_Décés]]*50%) -> 0
A89: 2022 | B89: Rougeole | C89: MAYO KEBBI EST | D89: Mayo Boneye | E89: 48 | G89: =IF(E89>0,1,0) -> 1 | H89: =IF(F89>0,1,0) -> 0 | I89: =(Tableau3[[#This Row],[Indicateur_Cas]]*50%)+(Tableau3[[#This Row],[Indicateur_Décés]]*50%) -> 0.5
A90: 2022 | B90: Hépatite E | C90: MAYO KEBBI EST | D90: Mayo Boneye | E90: 1 | G90: =IF(E90>0,1,0) -> 1 | H90: =IF(F90>0,1,0) -> 0 | I90: =(Tableau3[[#This Row],[Indicateur_Cas]]*50%)+(Tableau3[[#This Row],[Indicateur_Décés]]*50%) -> 0.5
A91: 2022 | B91: Rougeole | C91: MAYO KEBBI EST | D91: Mayo Lemyé | E91: 15 | G91: =IF(E91>0,1,0) -> 1 | H91: =IF(F91>0,1,0) -> 0 | I91: =(Tableau3[[#This Row],[Indicateur_Cas]]*50%)+(Tableau3[[#This Row],[Indicateur_Décés]]*50%) -> 0.5
A92: 2022 | B92: Hépatite E | C92: MAYO KEBBI EST | D92: Mayo Lemyé | G92: =IF(E92>0,1,0) -> 0 | H92: =IF(F92>0,1,0) -> 0 | I92: =(Tableau3[[#This Row],[Indicateur_Cas]]*50%)+(Tableau3[[#This Row],[Indicateur_Décés]]*50%) -> 0
A93: 2022 | B93: Rougeole | C93: MAYO KEBBI EST | D93: Mont Illi | E93: 8 | G93: =IF(E93>0,1,0) -> 1 | H93: =IF(F93>0,1,0) -> 0 | I93: =(Tableau3[[#This Row],[Indicateur_Cas]]*50%)+(Tableau3[[#This Row],[Indicateur_Décés]]*50%) -> 0.5
A94: 2022 | B94: Hépatite E | C94: MAYO KEBBI EST | D94: Mont Illi | G94: =IF(E94>0,1,0) -> 0 | H94: =IF(F94>0,1,0) -> 0 | I94: =(Tableau3[[#This Row],[Indicateur_Cas]]*50%)+(Tableau3[[#This Row],[Indicateur_Décés]]*50%) -> 0
A95: 2022 | B95: Rougeole | C95: MAYO KEBBI OUEST | D95: Lac Léré | E95: 9 | G95: =IF(E95>0,1,0) -> 1 | H95: =IF(F95>0,1,0) -> 0 | I95: =(Tableau3[[#This Row],[Indicateur_Cas]]*50%)+(Tableau3[[#This Row],[Indicateur_Décés]]*50%) -> 0.5
A96: 2022 | B96: Hépatite E | C96: MAYO KEBBI OUEST | D96: Lac Léré | G96: =IF(E96>0,1,0) -> 0 | H96: =IF(F96>0,1,0) -> 0 | I96: =(Tableau3[[#This Row],[Indicateur_Cas]]*50%)+(Tableau3[[#This Row],[Indicateur_Décés]]*50%) -> 0
A97: 2022 | B97: Rougeole | C97: MAYO KEBBI OUEST | D97: Mayo Binder | E97: 14 | G97: =IF(E97>0,1,0) -> 1 | H97: =IF(F97>0,1,0) -> 0 | I97: =(Tableau3[[#This Row],[Indicateur_Cas]]*50%)+(Tableau3[[#This Row],[Indicateur_Décés]]*50%) -> 0.5
A98: 2022 | B98: Hépatite E | C98: MAYO KEBBI OUEST | D98: Mayo Binder | G98: =IF(E98>0,1,0) -> 0 | H98: =IF(F98>0,1,0) -> 0 | I98: =(Tableau3[[#This Row],[Indicateur_Cas]]*50%)+(Tableau3[[#This Row],[Indicateur_Décés]]*50%) -> 0
A99: 2022 | B99: Rougeole | C99: MAYO KEBBI OUEST | D99: Mayo Dallah | E99: 18 | G99: =IF(E99>0,1,0) -> 1 | H99: =IF(F99>0,1,0) -> 0 | I99: =(Tableau3[[#This Row],[Indicateur_Cas]]*50%)+(Tableau3[[#This Row],[Indicateur_Décés]]*50%) -> 0.5
A100: 2022 | B100: Hépatite E | C100: MAYO KEBBI OUEST | D100: Mayo Dallah | E100: 1 | G100: =IF(E100>0,1,0) -> 1 | H100: =IF(F100>0,1,0) -> 0 | I100: =(Tableau3[[#This Row],[Indicateur_Cas]]*50%)+(Tableau3[[#This Row],[Indicateur_Décés]]*50%) -> 0.5
...

Sheet Choc Catastrophe Naturel
A1: Données Historique , Choc Catastrophe naturelle par année, par province et departement | E1: Les Impacts du choc Catastrophe naturelle | I1: Les indicateurs mesurant les impacts | M1: la ponderation
A2: Années | B2: Choc | C2: Province | D2: Departement | E2: Personnes affectées | F2: Têtes de bétail perdus | G2: Hectares de champs détruits | H2: Décès | I2: Indicateur_Persaffecté | J2: Indicateur_TetBetail | K2: Indicateur_Champs | L2: Indicateur_Décés | M2: Priorisationzone
A3: 2022 | B3: Catastrophe naturelle | C3: BARH EL GAZEL | D3: Barh El Gazel Nord | E3: 187.94438 | I3: =IF(Tableau1[[#This Row],[Personnes affectées]]>=1000,1,0) -> 0 | J3: =IF(Tableau1[[#This Row],[Têtes de bétail perdus]]>500,1,0) -> 0 | K3: =IF(Tableau1[[#This Row],[Hectares de champs détruits]]>500,1,0) -> 0 | L3: =IF(Tableau1[[#This Row],[Décès]]>0,1,0) -> 0 | M3: =(Tableau1[[#This Row],[Indicateur_Persaffecté]]*20%)+(Tableau1[[#This Row],[Indicateur_TetBetail]]*25%)+(Tableau1[[#This Row],[Indicateur_Champs]]*25%)+(Tableau1[[#This Row],[Indicateur_Décés]]*30%) -> 0
A4: 2022 | B4: Catastrophe naturelle | C4: BARH EL GAZEL | D4: Barh El Gazel Ouest | E4: 578.40247 | I4: =IF(Tableau1[[#This Row],[Personnes affectées]]>=1000,1,0) -> 0 | J4: =IF(Tableau1[[#This Row],[Têtes de bétail perdus]]>500,1,0) -> 0 | K4: =IF(Tableau1[[#This Row],[Hectares de champs détruits]]>500,1,0) -> 0 | L4: =IF(Tableau1[[#This Row],[Décès]]>0,1,0) -> 0 | M4: =(Tableau1[[#This Row],[Indicateur_Persaffecté]]*20%)+(Tableau1[[#This Row],[Indicateur_TetBetail]]*25%)+(Tableau1[[#This Row],[Indicateur_Champs]]*25%)+(Tableau1[[#This Row],[Indicateur_Décés]]*30%) -> 0
A5: 2022 | B5: Catastrophe naturelle | C5: BARH EL GAZEL | D5: Barh El Gazel Sud | E5: 1119.6531 | I5: =IF(Tableau1[[#This Row],[Personnes affectées]]>=1000,1,0) -> 1 | J5: =IF(Tableau1[[#This Row],[Têtes de bétail perdus]]>500,1,0) -> 0 | K5: =IF(Tableau1[[#This Row],[Hectares de champs détruits]]>500,1,0) -> 0 | L5: =IF(Tableau1[[#This Row],[Décès]]>0,1,0) -> 0 | M5: =(Tableau1[[#This Row],[Indicateur_Persaffecté]]*20%)+(Tableau1[[#This Row],[Indicateur_TetBetail]]*25%)+(Tableau1[[#This Row],[Indicateur_Champs]]*25%)+(Tableau1[[#This Row],[Indicateur_Décés]]*30%) -> 0.2
A6: 2022 | B6: Catastrophe naturelle | C6: BATHA | D6: Batha Est | E6: 15897.682 | I6: =IF(Tableau1[[#This Row],[Personnes affectées]]>=1000,1,0) -> 1 | J6: =IF(Tableau1[[#This Row],[Têtes de bétail perdus]]>500,1,0) -> 0 | K6: =IF(Tableau1[[#This Row],[Hectares de champs détruits]]>500,1,0) -> 0 | L6: =IF(Tableau1[[#This Row],[Décès]]>0,1,0) -> 0 | M6: =(Tableau1[[#This Row],[Indicateur_Persaffecté]]*20%)+(Tableau1[[#This Row],[Indicateur_TetBetail]]*25%)+(Tableau1[[#This Row],[Indicateur_Champs]]*25%)+(Tableau1[[#This Row],[Indicateur_Décés]]*30%) -> 0.2
A7: 2022 | B7: Catastrophe naturelle | C7: BATHA | D7: Batha Ouest | E7: 10568.318 | I7: =IF(Tableau1[[#This Row],[Personnes affectées]]>=1000,1,0) -> 1 | J7: =IF(Tableau1[[#This Row],[Têtes de bétail perdus]]>500,1,0) -> 0 | K7: =IF(Tableau1[[#This Row],[Hectares de champs détruits]]>500,1,0) -> 0 | L7: =IF(Tableau1[[#This Row],[Décès]]>0,1,0) -> 0 | M7: =(Tableau1[[#This Row],[Indicateur_Persaffecté]]*20%)+(Tableau1[[#This Row],[Indicateur_TetBetail]]*25%)+(Tableau1[[#This Row],[Indicateur_Champs]]*25%)+(Tableau1[[#This Row],[Indicateur_Décés]]*30%) -> 0.2
A8: 2022 | B8: Catastrophe naturelle | C8: BATHA | D8: Fitri | I8: =IF(Tableau1[[#This Row],[Personnes affectées]]>=1000,1,0) -> 0 | J8: =IF(Tableau1[[#This Row],[Têtes de bétail perdus]]>500,1,0) -> 0 | K8: =IF(Tableau1[[#This Row],[Hectares de champs détruits]]>500,1,0) -> 0 | L8: =IF(Tableau1[[#This Row],[Décès]]>0,1,0) -> 0 | M8: =(Tableau1[[#This Row],[Indicateur_Persaffecté]]*20%)+(Tableau1[[#This Row],[Indicateur_TetBetail]]*25%)+(Tableau1[[#This Row],[Indicateur_Champs]]*25%)+(Tableau1[[#This Row],[Indicateur_Décés]]*30%) -> 0
A9: 2022 | B9: Catastrophe naturelle | C9: BORKOU | D9: Borkou | I9: =IF(Tableau1[[#This Row],[Personnes affectées]]>=1000,1,0) -> 0 | J9: =IF(Tableau1[[#This Row],[Têtes de bétail perdus]]>500,1,0) -> 0 | K9: =IF(Tableau1[[#This Row],[Hectares de champs détruits]]>500,1,0) -> 0 | L9: =IF(Tableau1[[#This Row],[Décès]]>0,1,0) -> 0 | M9: =(Tableau1[[#This Row],[Indicateur_Persaffecté]]*20%)+(Tableau1[[#This Row],[Indicateur_TetBetail]]*25%)+(Tableau1[[#This Row],[Indicateur_Champs]]*25%)+(Tableau1[[#This Row],[Indicateur_Décés]]*30%) -> 0
A10: 2022 | B10: Catastrophe naturelle | C10: BORKOU | D10: Borkou Yala | I10: =IF(Tableau1[[#This Row],[Personnes affectées]]>=1000,1,0) -> 0 | J10: =IF(Tableau1[[#This Row],[Têtes de bétail perdus]]>500,1,0) -> 0 | K10: =IF(Tableau1[[#This Row],[Hectares de champs détruits]]>500,1,0) -> 0 | L10: =IF(Tableau1[[#This Row],[Décès]]>0,1,0) -> 0 | M10: =(Tableau1[[#This Row],[Indicateur_Persaffecté]]*20%)+(Tableau1[[#This Row],[Indicateur_TetBetail]]*25%)+(Tableau1[[#This Row],[Indicateur_Champs]]*25%)+(Tableau1[[#This Row],[Indicateur_Décés]]*30%) -> 0
A11: 2022 | B11: Catastrophe naturelle | C11: CHARI BAGUIRMI | D11: Baguirmi | E11: 0 | I11: =IF(Tableau1[[#This Row],[Personnes affectées]]>=1000,1,0) -> 0 | J11: =IF(Tableau1[[#This Row],[Têtes de bétail perdus]]>500,1,0) -> 0 | K11: =IF(Tableau1[[#This Row],[Hectares de champs détruits]]>500,1,0) -> 0 | L11: =IF(Tableau1[[#This Row],[Décès]]>0,1,0) -> 0 | M11: =(Tableau1[[#This Row],[Indicateur_Persaffecté]]*20%)+(Tableau1[[#This Row],[Indicateur_TetBetail]]*25%)+(Tableau1[[#This Row],[Indicateur_Champs]]*25%)+(Tableau1[[#This Row],[Indicateur_Décés]]*30%) -> 0
A12: 2022 | B12: Catastrophe naturelle | C12: CHARI BAGUIRMI | D12: Chari | E12: 6864 | I12: =IF(Tableau1[[#This Row],[Personnes affectées]]>=1000,1,0) -> 1 | J12: =IF(Tableau1[[#This Row],[Têtes de bétail perdus]]>500,1,0) -> 0 | K12: =IF(Tableau1[[#This Row],[Hectares de champs détruits]]>500,1,0) -> 0 | L12: =IF(Tableau1[[#This Row],[Décès]]>0,1,0) -> 0 | M12: =(Tableau1[[#This Row],[Indicateur_Persaffecté]]*20%)+(Tableau1[[#This Row],[Indicateur_TetBetail]]*25%)+(Tableau1[[#This Row],[Indicateur_Champs]]*25%)+(Tableau1[[#This Row],[Indicateur_Décés]]*30%) -> 0.2
A13: 2022 | B13: Catastrophe naturelle | C13: CHARI BAGUIRMI | D13: Loug Chari | I13: =IF(Tableau1[[#This Row],[Personnes affectées]]>=1000,1,0) -> 0 | J13: =IF(Tableau1[[#This Row],[Têtes de bétail perdus]]>500,1,0) -> 0 | K13: =IF(Tableau1[[#This Row],[Hectares de champs détruits]]>500,1,0) -> 0 | L13: =IF(Tableau1[[#This Row],[Décès]]>0,1,0) -> 0 | M13: =(Tableau1[[#This Row],[Indicateur_Persaffecté]]*20%)+(Tableau1[[#This Row],[Indicateur_TetBetail]]*25%)+(Tableau1[[#This Row],[Indicateur_Champs]]*25%)+(Tableau1[[#This Row],[Indicateur_Décés]]*30%) -> 0
A14: 2022 | B14: Catastrophe naturelle | C14: ENNEDI EST | D14: Amdjarass | E14: 10649.3 | I14: =IF(Tableau1[[#This Row],[Personnes affectées]]>=1000,1,0) -> 1 | J14: =IF(Tableau1[[#This Row],[Têtes de bétail perdus]]>500,1,0) -> 0 | K14: =IF(Tableau1[[#This Row],[Hectares de champs détruits]]>500,1,0) -> 0 | L14: =IF(Tableau1[[#This Row],[Décès]]>0,1,0) -> 0 | M14: =(Tableau1[[#This Row],[Indicateur_Persaffecté]]*20%)+(Tableau1[[#This Row],[Indicateur_TetBetail]]*25%)+(Tableau1[[#This Row],[Indicateur_Champs]]*25%)+(Tableau1[[#This Row],[Indicateur_Décés]]*30%) -> 0.2
A15: 2022 | B15: Catastrophe naturelle | C15: ENNEDI EST | D15: Wadi Hawar | E15: 4350.6998 | I15: =IF(Tableau1[[#This Row],[Personnes affectées]]>=1000,1,0) -> 1 | J15: =IF(Tableau1[[#This Row],[Têtes de bétail perdus]]>500,1,0) -> 0 | K15: =IF(Tableau1[[#This Row],[Hectares de champs détruits]]>500,1,0) -> 0 | L15: =IF(Tableau1[[#This Row],[Décès]]>0,1,0) -> 0 | M15: =(Tableau1[[#This Row],[Indicateur_Persaffecté]]*20%)+(Tableau1[[#This Row],[Indicateur_TetBetail]]*25%)+(Tableau1[[#This Row],[Indicateur_Champs]]*25%)+(Tableau1[[#This Row],[Indicateur_Décés]]*30%) -> 0.2
A16: 2022 | B16: Catastrophe naturelle | C16: ENNEDI OUEST | D16: Fada | I16: =IF(Tableau1[[#This Row],[Personnes affectées]]>=1000,1,0) -> 0 | J16: =IF(Tableau1[[#This Row],[Têtes de bétail perdus]]>500,1,0) -> 0 | K16: =IF(Tableau1[[#This Row],[Hectares de champs détruits]]>500,1,0) -> 0 | L16: =IF(Tableau1[[#This Row],[Décès]]>0,1,0) -> 0 | M16: =(Tableau1[[#This Row],[Indicateur_Persaffecté]]*20%)+(Tableau1[[#This Row],[Indicateur_TetBetail]]*25%)+(Tableau1[[#This Row],[Indicateur_Champs]]*25%)+(Tableau1[[#This Row],[Indicateur_Décés]]*30%) -> 0
A17: 2022 | B17: Catastrophe naturelle | C17: ENNEDI OUEST | D17: Mourtcha | I17: =IF(Tableau1[[#This Row],[Personnes affectées]]>=1000,1,0) -> 0 | J17: =IF(Tableau1[[#This Row],[Têtes de bétail perdus]]>500,1,0) -> 0 | K17: =IF(Tableau1[[#This Row],[Hectares de champs détruits]]>500,1,0) -> 0 | L17: =IF(Tableau1[[#This Row],[Décès]]>0,1,0) -> 0 | M17: =(Tableau1[[#This Row],[Indicateur_Persaffecté]]*20%)+(Tableau1[[#This Row],[Indicateur_TetBetail]]*25%)+(Tableau1[[#This Row],[Indicateur_Champs]]*25%)+(Tableau1[[#This Row],[Indicateur_Décés]]*30%) -> 0
A18: 2022 | B18: Catastrophe naturelle | C18: GUÉRA | D18: Abtouyour | E18: 14664.798 | I18: =IF(Tableau1[[#This Row],[Personnes affectées]]>=1000,1,0) -> 1 | J18: =IF(Tableau1[[#This Row],[Têtes de bétail perdus]]>500,1,0) -> 0 | K18: =IF(Tableau1[[#This Row],[Hectares de champs détruits]]>500,1,0) -> 0 | L18: =IF(Tableau1[[#This Row],[Décès]]>0,1,0) -> 0 | M18: =(Tableau1[[#This Row],[Indicateur_Persaffecté]]*20%)+(Tableau1[[#This Row],[Indicateur_TetBetail]]*25%)+(Tableau1[[#This Row],[Indicateur_Champs]]*25%)+(Tableau1[[#This Row],[Indicateur_Décés]]*30%) -> 0.2
A19: 2022 | B19: Catastrophe naturelle | C19: GUÉRA | D19: Bahar Signaka | E19: 11819.213 | I19: =IF(Tableau1[[#This Row],[Personnes affectées]]>=1000,1,0) -> 1 | J19: =IF(Tableau1[[#This Row],[Têtes de bétail perdus]]>500,1,0) -> 0 | K19: =IF(Tableau1[[#This Row],[Hectares de champs détruits]]>500,1,0) -> 0 | L19: =IF(Tableau1[[#This Row],[Décès]]>0,1,0) -> 0 | M19: =(Tableau1[[#This Row],[Indicateur_Persaffecté]]*20%)+(Tableau1[[#This Row],[Indicateur_TetBetail]]*25%)+(Tableau1[[#This Row],[Indicateur_Champs]]*25%)+(Tableau1[[#This Row],[Indicateur_Décés]]*30%) -> 0.2
A20: 2022 | B20: Catastrophe naturelle | C20: GUÉRA | D20: Guéra | E20: 14641.184 | I20: =IF(Tableau1[[#This Row],[Personnes affectées]]>=1000,1,0) -> 1 | J20: =IF(Tableau1[[#This Row],[Têtes de bétail perdus]]>500,1,0) -> 0 | K20: =IF(Tableau1[[#This Row],[Hectares de champs détruits]]>500,1,0) -> 0 | L20: =IF(Tableau1[[#This Row],[Décès]]>0,1,0) -> 0 | M20: =(Tableau1[[#This Row],[Indicateur_Persaffecté]]*20%)+(Tableau1[[#This Row],[Indicateur_TetBetail]]*25%)+(Tableau1[[#This Row],[Indicateur_Champs]]*25%)+(Tableau1[[#This Row],[Indicateur_Décés]]*30%) -> 0.2
A21: 2022 | B21: Catastrophe naturelle | C21: GUÉRA | D21: Mangalmé | E21: 23921.805 | I21: =IF(Tableau1[[#This Row],[Personnes affectées]]>=1000,1,0) -> 1 | J21: =IF(Tableau1[[#This Row],[Têtes de bétail perdus]]>500,1,0) -> 0 | K21: =IF(Tableau1[[#This Row],[Hectares de champs détruits]]>500,1,0) -> 0 | L21: =IF(Tableau1[[#This Row],[Décès]]>0,1,0) -> 0 | M21: =(Tableau1[[#This Row],[Indicateur_Persaffecté]]*20%)+(Tableau1[[#This Row],[Indicateur_TetBetail]]*25%)+(Tableau1[[#This Row],[Indicateur_Champs]]*25%)+(Tableau1[[#This Row],[Indicateur_Décés]]*30%) -> 0.2
A22: 2022 | B22: Catastrophe naturelle | C22: HADJER LAMIS | D22: Dababa | E22: 7761.3315 | I22: =IF(Tableau1[[#This Row],[Personnes affectées]]>=1000,1,0) -> 1 | J22: =IF(Tableau1[[#This Row],[Têtes de bétail perdus]]>500,1,0) -> 0 | K22: =IF(Tableau1[[#This Row],[Hectares de champs détruits]]>500,1,0) -> 0 | L22: =IF(Tableau1[[#This Row],[Décès]]>0,1,0) -> 0 | M22: =(Tableau1[[#This Row],[Indicateur_Persaffecté]]*20%)+(Tableau1[[#This Row],[Indicateur_TetBetail]]*25%)+(Tableau1[[#This Row],[Indicateur_Champs]]*25%)+(Tableau1[[#This Row],[Indicateur_Décés]]*30%) -> 0.2
A23: 2022 | B23: Catastrophe naturelle | C23: HADJER LAMIS | D23: Dagana | E23: 13048.459 | I23: =IF(Tableau1[[#This Row],[Personnes affectées]]>=1000,1,0) -> 1 | J23: =IF(Tableau1[[#This Row],[Têtes de bétail perdus]]>500,1,0) -> 0 | K23: =IF(Tableau1[[#This Row],[Hectares de champs détruits]]>500,1,0) -> 0 | L23: =IF(Tableau1[[#This Row],[Décès]]>0,1,0) -> 0 | M23: =(Tableau1[[#This Row],[Indicateur_Persaffecté]]*20%)+(Tableau1[[#This Row],[Indicateur_TetBetail]]*25%)+(Tableau1[[#This Row],[Indicateur_Champs]]*25%)+(Tableau1[[#This Row],[Indicateur_Décés]]*30%) -> 0.2
A24: 2022 | B24: Catastrophe naturelle | C24: HADJER LAMIS | D24: Haraze Al Biar | E24: 8240.2097 | I24: =IF(Tableau1[[#This Row],[Personnes affectées]]>=1000,1,0) -> 1 | J24: =IF(Tableau1[[#This Row],[Têtes de bétail perdus]]>500,1,0) -> 0 | K24: =IF(Tableau1[[#This Row],[Hectares de champs détruits]]>500,1,0) -> 0 | L24: =IF(Tableau1[[#This Row],[Décès]]>0,1,0) -> 0 | M24: =(Tableau1[[#This Row],[Indicateur_Persaffecté]]*20%)+(Tableau1[[#This Row],[Indicateur_TetBetail]]*25%)+(Tableau1[[#This Row],[Indicateur_Champs]]*25%)+(Tableau1[[#This Row],[Indicateur_Décés]]*30%) -> 0.2
A25: 2022 | B25: Catastrophe naturelle | C25: KANEM | D25: Kanem | E25: 402.91397 | I25: =IF(Tableau1[[#This Row],[Personnes affectées]]>=1000,1,0) -> 0 | J25: =IF(Tableau1[[#This Row],[Têtes de bétail perdus]]>500,1,0) -> 0 | K25: =IF(Tableau1[[#This Row],[Hectares de champs détruits]]>500,1,0) -> 0 | L25: =IF(Tableau1[[#This Row],[Décès]]>0,1,0) -> 0 | M25: =(Tableau1[[#This Row],[Indicateur_Persaffecté]]*20%)+(Tableau1[[#This Row],[Indicateur_TetBetail]]*25%)+(Tableau1[[#This Row],[Indicateur_Champs]]*25%)+(Tableau1[[#This Row],[Indicateur_Décés]]*30%) -> 0
A26: 2022 | B26: Catastrophe naturelle | C26: KANEM | D26: Nord Kanem | E26: 282.50369 | I26: =IF(Tableau1[[#This Row],[Personnes affectées]]>=1000,1,0) -> 0 | J26: =IF(Tableau1[[#This Row],[Têtes de bétail perdus]]>500,1,0) -> 0 | K26: =IF(Tableau1[[#This Row],[Hectares de champs détruits]]>500,1,0) -> 0 | L26: =IF(Tableau1[[#This Row],[Décès]]>0,1,0) -> 0 | M26: =(Tableau1[[#This Row],[Indicateur_Persaffecté]]*20%)+(Tableau1[[#This Row],[Indicateur_TetBetail]]*25%)+(Tableau1[[#This Row],[Indicateur_Champs]]*25%)+(Tableau1[[#This Row],[Indicateur_Décés]]*30%) -> 0
A27: 2022 | B27: Catastrophe naturelle | C27: KANEM | D27: Wadi Bissam | E27: 345.58234 | I27: =IF(Tableau1[[#This Row],[Personnes affectées]]>=1000,1,0) -> 0 | J27: =IF(Tableau1[[#This Row],[Têtes de bétail perdus]]>500,1,0) -> 0 | K27: =IF(Tableau1[[#This Row],[Hectares de champs détruits]]>500,1,0) -> 0 | L27: =IF(Tableau1[[#This Row],[Décès]]>0,1,0) -> 0 | M27: =(Tableau1[[#This Row],[Indicateur_Persaffecté]]*20%)+(Tableau1[[#This Row],[Indicateur_TetBetail]]*25%)+(Tableau1[[#This Row],[Indicateur_Champs]]*25%)+(Tableau1[[#This Row],[Indicateur_Décés]]*30%) -> 0
A28: 2022 | B28: Catastrophe naturelle | C28: LAC | D28: Fouli | E28: 58873.387 | I28: =IF(Tableau1[[#This Row],[Personnes affectées]]>=1000,1,0) -> 1 | J28: =IF(Tableau1[[#This Row],[Têtes de bétail perdus]]>500,1,0) -> 0 | K28: =IF(Tableau1[[#This Row],[Hectares de champs détruits]]>500,1,0) -> 0 | L28: =IF(Tableau1[[#This Row],[Décès]]>0,1,0) -> 0 | M28: =(Tableau1[[#This Row],[Indicateur_Persaffecté]]*20%)+(Tableau1[[#This Row],[Indicateur_TetBetail]]*25%)+(Tableau1[[#This Row],[Indicateur_Champs]]*25%)+(Tableau1[[#This Row],[Indicateur_Décés]]*30%) -> 0.2
A29: 2022 | B29: Catastrophe naturelle | C29: LAC | D29: Kaya | E29: 21590.395 | I29: =IF(Tableau1[[#This Row],[Personnes affectées]]>=1000,1,0) -> 1 | J29: =IF(Tableau1[[#This Row],[Têtes de bétail perdus]]>500,1,0) -> 0 | K29: =IF(Tableau1[[#This Row],[Hectares de champs détruits]]>500,1,0) -> 0 | L29: =IF(Tableau1[[#This Row],[Décès]]>0,1,0) -> 0 | M29: =(Tableau1[[#This Row],[Indicateur_Persaffecté]]*20%)+(Tableau1[[#This Row],[Indicateur_TetBetail]]*25%)+(Tableau1[[#This Row],[Indicateur_Champs]]*25%)+(Tableau1[[#This Row],[Indicateur_Décés]]*30%) -> 0.2
... A65: 2022 | B65: Catastrophe naturelle | C65: TANDJILÉ | D65: Tandjilé Est | E65: 59483.117 | I65: =IF(Tableau1[[#This Row],[Personnes affectées]]>=1000,1,0) -> 1 | J65: =IF(Tableau1[[#This Row],[Têtes de bétail perdus]]>500,1,0) -> 0 | K65: =IF(Tableau1[[#This Row],[Hectares de champs détruits]]>500,1,0) -> 0 | L65: =IF(Tableau1[[#This Row],[Décès]]>0,1,0) -> 0 | M65: =(Tableau1[[#This Row],[Indicateur_Persaffecté]]*20%)+(Tableau1[[#This Row],[Indicateur_TetBetail]]*25%)+(Tableau1[[#This Row],[Indicateur_Champs]]*25%)+(Tableau1[[#This Row],[Indicateur_Décés]]*30%) -> 0.2
A66: 2022 | B66: Catastrophe naturelle | C66: TANDJILÉ | D66: Tandjilé Ouest | I66: =IF(Tableau1[[#This Row],[Personnes affectées]]>=1000,1,0) -> 0 | J66: =IF(Tableau1[[#This Row],[Têtes de bétail perdus]]>500,1,0) -> 0 | K66: =IF(Tableau1[[#This Row],[Hectares de champs détruits]]>500,1,0) -> 0 | L66: =IF(Tableau1[[#This Row],[Décès]]>0,1,0) -> 0 | M66: =(Tableau1[[#This Row],[Indicateur_Persaffecté]]*20%)+(Tableau1[[#This Row],[Indicateur_TetBetail]]*25%)+(Tableau1[[#This Row],[Indicateur_Champs]]*25%)+(Tableau1[[#This Row],[Indicateur_Décés]]*30%) -> 0
A67: 2022 | B67: Catastrophe naturelle | C67: TIBESTI | D67: Tibesti Est | I67: =IF(Tableau1[[#This Row],[Personnes affectées]]>=1000,1,0) -> 0 | J67: =IF(Tableau1[[#This Row],[Têtes de bétail perdus]]>500,1,0) -> 0 | K67: =IF(Tableau1[[#This Row],[Hectares de champs détruits]]>500,1,0) -> 0 | L67: =IF(Tableau1[[#This Row],[Décès]]>0,1,0) -> 0 | M67: =(Tableau1[[#This Row],[Indicateur_Persaffecté]]*20%)+(Tableau1[[#This Row],[Indicateur_TetBetail]]*25%)+(Tableau1[[#This Row],[Indicateur_Champs]]*25%)+(Tableau1[[#This Row],[Indicateur_Décés]]*30%) -> 0
A68: 2022 | B68: Catastrophe naturelle | C68: TIBESTI | D68: Tibesti Ouest | I68: =IF(Tableau1[[#This Row],[Personnes affectées]]>=1000,1,0) -> 0 | J68: =IF(Tableau1[[#This Row],[Têtes de bétail perdus]]>500,1,0) -> 0 | K68: =IF(Tableau1[[#This Row],[Hectares de champs détruits]]>500,1,0) -> 0 | L68: =IF(Tableau1[[#This Row],[Décès]]>0,1,0) -> 0 | M68: =(Tableau1[[#This Row],[Indicateur_Persaffecté]]*20%)+(Tableau1[[#This Row],[Indicateur_TetBetail]]*25%)+(Tableau1[[#This Row],[Indicateur_Champs]]*25%)+(Tableau1[[#This Row],[Indicateur_Décés]]*30%) -> 0
A69: 2022 | B69: Catastrophe naturelle | C69: WADI FIRA | D69: Biltine | I69: =IF(Tableau1[[#This Row],[Personnes affectées]]>=1000,1,0) -> 0 | J69: =IF(Tableau1[[#This Row],[Têtes de bétail perdus]]>500,1,0) -> 0 | K69: =IF(Tableau1[[#This Row],[Hectares de champs détruits]]>500,1,0) -> 0 | L69: =IF(Tableau1[[#This Row],[Décès]]>0,1,0) -> 0 | M69: =(Tableau1[[#This Row],[Indicateur_Persaffecté]]*20%)+(Tableau1[[#This Row],[Indicateur_TetBetail]]*25%)+(Tableau1[[#This Row],[Indicateur_Champs]]*25%)+(Tableau1[[#This Row],[Indicateur_Décés]]*30%) -> 0
A70: 2022 | B70: Catastrophe naturelle | C70: WADI FIRA | D70: Dar Tama | I70: =IF(Tableau1[[#This Row],[Personnes affectées]]>=1000,1,0) -> 0 | J70: =IF(Tableau1[[#This Row],[Têtes de bétail perdus]]>500,1,0) -> 0 | K70: =IF(Tableau1[[#This Row],[Hectares de champs détruits]]>500,1,0) -> 0 | L70: =IF(Tableau1[[#This Row],[Décès]]>0,1,0) -> 0 | M70: =(Tableau1[[#This Row],[Indicateur_Persaffecté]]*20%)+(Tableau1[[#This Row],[Indicateur_TetBetail]]*25%)+(Tableau1[[#This Row],[Indicateur_Champs]]*25%)+(Tableau1[[#This Row],[Indicateur_Décés]]*30%) -> 0
A71: 2022 | B71: Catastrophe naturelle | C71: WADI FIRA | D71: Kobé | I71: =IF(Tableau1[[#This Row],[Personnes affectées]]>=1000,1,0) -> 0 | J71: =IF(Tableau1[[#This Row],[Têtes de bétail perdus]]>500,1,0) -> 0 | K71: =IF(Tableau1[[#This Row],[Hectares de champs détruits]]>500,1,0) -> 0 | L71: =IF(Tableau1[[#This Row],[Décès]]>0,1,0) -> 0 | M71: =(Tableau1[[#This Row],[Indicateur_Persaffecté]]*20%)+(Tableau1[[#This Row],[Indicateur_TetBetail]]*25%)+(Tableau1[[#This Row],[Indicateur_Champs]]*25%)+(Tableau1[[#This Row],[Indicateur_Décés]]*30%) -> 0
A72: 2022 | B72: Catastrophe naturelle | C72: WADI FIRA | D72: Megri | I72: =IF(Tableau1[[#This Row],[Personnes affectées]]>=1000,1,0) -> 0 | J72: =IF(Tableau1[[#This Row],[Têtes de bétail perdus]]>500,1,0) -> 0 | K72: =IF(Tableau1[[#This Row],[Hectares de champs détruits]]>500,1,0) -> 0 | L72: =IF(Tableau1[[#This Row],[Décès]]>0,1,0) -> 0 | M72: =(Tableau1[[#This Row],[Indicateur_Persaffecté]]*20%)+(Tableau1[[#This Row],[Indicateur_TetBetail]]*25%)+(Tableau1[[#This Row],[Indicateur_Champs]]*25%)+(Tableau1[[#This Row],[Indicateur_Décés]]*30%) -> 0
A73: 2024 | B73: Catastrophe naturelle | C73: BARH EL GAZEL | D73: Barh El Gazel Nord | E73: 1032 | F73: 88 | I73: =IF(Tableau1[[#This Row],[Personnes affectées]]>=1000,1,0) -> 1 | J73: =IF(Tableau1[[#This Row],[Têtes de bétail perdus]]>500,1,0) -> 0 | K73: =IF(Tableau1[[#This Row],[Hectares de champs détruits]]>500,1,0) -> 0 | L73: =IF(Tableau1[[#This Row],[Décès]]>0,1,0) -> 0 | M73: =(Tableau1[[#This Row],[Indicateur_Persaffecté]]*20%)+(Tableau1[[#This Row],[Indicateur_TetBetail]]*25%)+(Tableau1[[#This Row],[Indicateur_Champs]]*25%)+(Tableau1[[#This Row],[Indicateur_Décés]]*30%) -> 0.2
A74: 2024 | B74: Catastrophe naturelle | C74: BARH EL GAZEL | D74: Barh El Gazel Ouest | E74: 3176 | G74: 17 | H74: 2 | I74: =IF(Tableau1[[#This Row],[Personnes affectées]]>=1000,1,0) -> 1 | J74: =IF(Tableau1[[#This Row],[Têtes de bétail perdus]]>500,1,0) -> 0 | K74: =IF(Tableau1[[#This Row],[Hectares de champs détruits]]>500,1,0) -> 0 | L74: =IF(Tableau1[[#This Row],[Décès]]>0,1,0) -> 1 | M74: =(Tableau1[[#This Row],[Indicateur_Persaffecté]]*20%)+(Tableau1[[#This Row],[Indicateur_TetBetail]]*25%)+(Tableau1[[#This Row],[Indicateur_Champs]]*25%)+(Tableau1[[#This Row],[Indicateur_Décés]]*30%) -> 0.5
A75: 2024 | B75: Catastrophe naturelle | C75: BARH EL GAZEL | D75: Barh El Gazel Sud | E75: 6148 | F75: 52 | G75: 170 | H75: 1 | I75: =IF(Tableau1[[#This Row],[Personnes affectées]]>=1000,1,0) -> 1 | J75: =IF(Tableau1[[#This Row],[Têtes de bétail perdus]]>500,1,0) -> 0 | K75: =IF(Tableau1[[#This Row],[Hectares de champs détruits]]>500,1,0) -> 0 | L75: =IF(Tableau1[[#This Row],[Décès]]>0,1,0) -> 1 | M75: =(Tableau1[[#This Row],[Indicateur_Persaffecté]]*20%)+(Tableau1[[#This Row],[Indicateur_TetBetail]]*25%)+(Tableau1[[#This Row],[Indicateur_Champs]]*25%)+(Tableau1[[#This Row],[Indicateur_Décés]]*30%) -> 0.5
A76: 2024 | B76: Catastrophe naturelle | C76: BATHA | D76: Batha Est | E76: 19518 | F76: 85 | G76: 1706 | H76: 10 | I76: =IF(Tableau1[[#This Row],[Personnes affectées]]>=1000,1,0) -> 1 | J76: =IF(Tableau1[[#This Row],[Têtes de bétail perdus]]>500,1,0) -> 0 | K76: =IF(Tableau1[[#This Row],[Hectares de champs détruits]]>500,1,0) -> 1 | L76: =IF(Tableau1[[#This Row],[Décès]]>0,1,0) -> 1 | M76: =(Tableau1[[#This Row],[Indicateur_Persaffecté]]*20%)+(Tableau1[[#This Row],[Indicateur_TetBetail]]*25%)+(Tableau1[[#This Row],[Indicateur_Champs]]*25%)+(Tableau1[[#This Row],[Indicateur_Décés]]*30%) -> 0.75
A77: 2024 | B77: Catastrophe naturelle | C77: BATHA | D77: Batha Ouest | E77: 12975 | G77: 559 | H77: 3 | I77: =IF(Tableau1[[#This Row],[Personnes affectées]]>=1000,1,0) -> 1 | J77: =IF(Tableau1[[#This Row],[Têtes de bétail perdus]]>500,1,0) -> 0 | K77: =IF(Tableau1[[#This Row],[Hectares de champs détruits]]>500,1,0) -> 1 | L77: =IF(Tableau1[[#This Row],[Décès]]>0,1,0) -> 1 | M77: =(Tableau1[[#This Row],[Indicateur_Persaffecté]]*20%)+(Tableau1[[#This Row],[Indicateur_TetBetail]]*25%)+(Tableau1[[#This Row],[Indicateur_Champs]]*25%)+(Tableau1[[#This Row],[Indicateur_Décés]]*30%) -> 0.75
A78: 2024 | B78: Catastrophe naturelle | C78: BATHA | D78: Fitri | I78: =IF(Tableau1[[#This Row],[Personnes affectées]]>=1000,1,0) -> 0 | J78: =IF(Tableau1[[#This Row],[Têtes de bétail perdus]]>500,1,0) -> 0 | K78: =IF(Tableau1[[#This Row],[Hectares de champs détruits]]>500,1,0) -> 0 | L78: =IF(Tableau1[[#This Row],[Décès]]>0,1,0) -> 0 | M78: =(Tableau1[[#This Row],[Indicateur_Persaffecté]]*20%)+(Tableau1[[#This Row],[Indicateur_TetBetail]]*25%)+(Tableau1[[#This Row],[Indicateur_Champs]]*25%)+(Tableau1[[#This Row],[Indicateur_Décés]]*30%) -> 0
A79: 2024 | B79: Catastrophe naturelle | C79: BORKOU | D79: Borkou | E79: 27514 | F79: 324 | H79: 4 | I79: =IF(Tableau1[[#This Row],[Personnes affectées]]>=1000,1,0) -> 1 | J79: =IF(Tableau1[[#This Row],[Têtes de bétail perdus]]>500,1,0) -> 0 | K79: =IF(Tableau1[[#This Row],[Hectares de champs détruits]]>500,1,0) -> 0 | L79: =IF(Tableau1[[#This Row],[Décès]]>0,1,0) -> 1 | M79: =(Tableau1[[#This Row],[Indicateur_Persaffecté]]*20%)+(Tableau1[[#This Row],[Indicateur_TetBetail]]*25%)+(Tableau1[[#This Row],[Indicateur_Champs]]*25%)+(Tableau1[[#This Row],[Indicateur_Décés]]*30%) -> 0.5
A80: 2024 | B80: Catastrophe naturelle | C80: BORKOU | D80: Borkou Yala | E80: 9781 | F80: 41 | I80: =IF(Tableau1[[#This Row],[Personnes affectées]]>=1000,1,0) -> 1 | J80: =IF(Tableau1[[#This Row],[Têtes de bétail perdus]]>500,1,0) -> 0 | K80: =IF(Tableau1[[#This Row],[Hectares de champs détruits]]>500,1,0) -> 0 | L80: =IF(Tableau1[[#This Row],[Décès]]>0,1,0) -> 0 | M80: =(Tableau1[[#This Row],[Indicateur_Persaffecté]]*20%)+(Tableau1[[#This Row],[Indicateur_TetBetail]]*25%)+(Tableau1[[#This Row],[Indicateur_Champs]]*25%)+(Tableau1[[#This Row],[Indicateur_Décés]]*30%) -> 0.2
A81: 2024 | B81: Catastrophe naturelle | C81: CHARI BAGUIRMI | D81: Baguirmi | I81: =IF(Tableau1[[#This Row],[Personnes affectées]]>=1000,1,0) -> 0 | J81: =IF(Tableau1[[#This Row],[Têtes de bétail perdus]]>500,1,0) -> 0 | K81: =IF(Tableau1[[#This Row],[Hectares de champs détruits]]>500,1,0) -> 0 | L81: =IF(Tableau1[[#This Row],[Décès]]>0,1,0) -> 0 | M81: =(Tableau1[[#This Row],[Indicateur_Persaffecté]]*20%)+(Tableau1[[#This Row],[Indicateur_TetBetail]]*25%)+(Tableau1[[#This Row],[Indicateur_Champs]]*25%)+(Tableau1[[#This Row],[Indicateur_Décés]]*30%) -> 0
A82: 2024 | B82: Catastrophe naturelle | C82: CHARI BAGUIRMI | D82: Chari | E82: 2691 | F82: 148 | H82: 1 | I82: =IF(Tableau1[[#This Row],[Personnes affectées]]>=1000,1,0) -> 1 | J82: =IF(Tableau1[[#This Row],[Têtes de bétail perdus]]>500,1,0) -> 0 | K82: =IF(Tableau1[[#This Row],[Hectares de champs détruits]]>500,1,0) -> 0 | L82: =IF(Tableau1[[#This Row],[Décès]]>0,1,0) -> 1 | M82: =(Tableau1[[#This Row],[Indicateur_Persaffecté]]*20%)+(Tableau1[[#This Row],[Indicateur_TetBetail]]*25%)+(Tableau1[[#This Row],[Indicateur_Champs]]*25%)+(Tableau1[[#This Row],[Indicateur_Décés]]*30%) -> 0.5
A83: 2024 | B83: Catastrophe naturelle | C83: CHARI BAGUIRMI | D83: Loug Chari | I83: =IF(Tableau1[[#This Row],[Personnes affectées]]>=1000,1,0) -> 0 | J83: =IF(Tableau1[[#This Row],[Têtes de bétail perdus]]>500,1,0) -> 0 | K83: =IF(Tableau1[[#This Row],[Hectares de champs détruits]]>500,1,0) -> 0 | L83: =IF(Tableau1[[#This Row],[Décès]]>0,1,0) -> 0 | M83: =(Tableau1[[#This Row],[Indicateur_Persaffecté]]*20%)+(Tableau1[[#This Row],[Indicateur_TetBetail]]*25%)+(Tableau1[[#This Row],[Indicateur_Champs]]*25%)+(Tableau1[[#This Row],[Indicateur_Décés]]*30%) -> 0
